Workbook

Sheet TOC
B11: North Dakota Farm Income Outlook
B13: Fall 2025
B15: Crop production & prices
B16: Livestock and dairy production & prices
B17: Land use, prices, & rental rates
B18: Receipts from farming
B19: Government payments and programs
B20: Crop insurance
B21: Production expenses
B22: Farm income statistics
B23: ="Value added to US economy by the "&A90&" ag sector" -> Value added to US economy by the North Dakota ag sector
A90: =LEFT($B$11,FIND("*",SUBSTITUTE($B$11," ","*",2))-1) -> North Dakota

Sheet Crops
A1: TOC
B2: =+TOC!A90&" Crops" -> North Dakota Crops | D2: 1990 | E2: 1991 | F2: 1992 | G2: 1993 | H2: 1994 | I2: 1995 | J2: 1996 | K2: 1997 | L2: 1998 | M2: 1999 | N2: 2000 | O2: 2001 | P2: 2002 | Q2: 2003 | R2: 2004 | S2: 2005 | T2: 2006 | U2: 2007 | V2: 2008 | W2: 2009 | X2: 2010 | Y2: 2011 | Z2: 2012 | AA2: 2013 | AB2: 2014 | AC2: 2015 | AD2: 2016 | AE2: 2017 | AF2: 2018 | AG2: 2019 | AH2: 2020 | AI2: 2021 | AJ2: 2022 | AK2: 2023 | AL2: 2024 | AM2: 2025 | AN2: 2026 | AO2: 2027 | AP2: 2028 | AQ2: 2029 | AR2: 2030 | AS2: 2031 | AT2: 2032 | AU2: 2033 | AV2: 2034
B5: =+TOC!A90&" Field Crop Production and Prices" -> North Dakota Field Crop Production and Prices | D5: 1990 | E5: 1991 | F5: 1992 | G5: 1993 | H5: 1994 | I5: 1995 | J5: 1996 | K5: 1997 | L5: 1998 | M5: 1999 | N5: 2000 | O5: 2001 | P5: 2002 | Q5: 2003 | R5: 2004 | S5: 2005 | T5: 2006 | U5: 2007 | V5: 2008 | W5: 2009 | X5: 2010 | Y5: 2011 | Z5: 2012 | AA5: 2013 | AB5: 2014 | AC5: 2015 | AD5: 2016 | AE5: 2017 | AF5: 2018 | AG5: 2019 | AH5: 2020 | AI5: 2021 | AJ5: 2022 | AK5: 2023 | AL5: 2024 | AM5: 2025 | AN5: 2026 | AO5: 2027 | AP5: 2028 | AQ5: 2029 | AR5: 2030 | AS5: 2031 | AT5: 2032 | AU5: 2033 | AV5: 2034
C6: Units
B8: Barley
B9: Area planted | C9: 1000 acres | D9: 2600 | E9: 2900 | F9: 2700 | G9: 2900 | H9: 2500 | I9: 2300 | J9: 2650 | K9: 2400 | L9: 2000 | M9: 1350 | N9: 1900 | O9: 1500 | P9: 1600 | Q9: 2050 | R9: 1600 | S9: 1200 | T9: 1100 | U9: 1470 | V9: 1650 | W9: 1210 | X9: 720 | Y9: 400 | Z9: 1060 | AA9: 760 | AB9: 620 | AC9: 1080 | AD9: 740 | AE9: 520 | AF9: 470 | AG9: 580 | AH9: 530 | AI9: 580 | AJ9: 730 | AK9: 690 | AL9: 370 | AM9: 470 | AN9: 393.3848 | AO9: 416.77795 | AP9: 425.63191 | AQ9: 422.78889 | AR9: 421.12966 | AS9: 420.7671 | AT9: 422.55761 | AU9: 423.93907 | AV9: 426.32836
B10: Area harvested | C10: 1000 acres | D10: 2450 | E10: 2830 | F10: 2650 | G10: 2400 | H10: 2400 | I10: 2250 | J10: 2600 | K10: 2250 | L10: 1930 | M10: 1240 | N10: 1770 | O10: 1450 | P10: 1300 | Q10: 1980 | R10: 1480 | S10: 1060 | T10: 995 | U10: 1390 | V10: 1540 | W10: 1130 | X10: 670 | Y10: 350 | Z10: 1010 | AA10: 720 | AB10: 535 | AC10: 1050 | AD10: 640 | AE10: 400 | AF10: 385 | AG10: 445 | AH10: 460 | AI10: 430 | AJ10: 650 | AK10: 570 | AL10: 285 | AM10: 360 | AN10: 317.20215 | AO10: 336.065 | AP10: 343.20431 | AQ10: 340.91187 | AR10: 339.57396 | AS10: 339.28161 | AT10: 340.72538 | AU10: 341.83931 | AV10: 343.76589
B11: Yield | C11: bu/acre | D11: 53 | E11: 49 | F11: 65 | G11: 49 | H11: 55 | I11: 45 | J11: 55 | K11: 45 | L11: 55 | M11: 48 | N11: 55 | O11: 55 | P11: 45 | Q11: 60 | R11: 62 | S11: 54 | T11: 49 | U11: 56 | V11: 56 | W11: 70 | X11: 65 | Y11: 47 | Z11: 60 | AA11: 64 | AB11: 67 | AC11: 64 | AD11: 67 | AE11: 65 | AF11: 74 | AG11: 72 | AH11: 63 | AI11: 51 | AJ11: 73 | AK11: 71 | AL11: 74 | AM11: 74 | AN11: 73.980269 | AO11: 74.742321 | AP11: 75.521426 | AQ11: 76.235557 | AR11: 76.960904 | AS11: 77.670017 | AT11: 78.455395 | AU11: 79.105346 | AV11: 79.757608
B12: Production | C12: 1000 bushels | D12: 129850 | E12: 138670 | F12: 172250 | G12: 117600 | H12: 132000 | I12: 101250 | J12: 143000 | K12: 101250 | L12: 106150 | M12: 59520 | N12: 97350 | O12: 79750 | P12: 58500 | Q12: 118800 | R12: 91760 | S12: 57240 | T12: 48755 | U12: 77840 | V12: 86240 | W12: 79100 | X12: 43550 | Y12: 16450 | Z12: 60600 | AA12: 46080 | AB12: 35845 | AC12: 67200 | AD12: 42880 | AE12: 26000 | AF12: 28490 | AG12: 32040 | AH12: 28980 | AI12: 21930 | AJ12: 47450 | AK12: 40470 | AL12: 21090 | AM12: 26640 | AN12: 23466.7 | AO12: 25118.278 | AP12: 25919.279 | AQ12: 25989.606 | AR12: 26133.919 | AS12: 26352.009 | AT12: 26731.744 | AU12: 27041.316 | AV12: 27417.945
B13: Price | C13: $/bu | D13: 1.88 | E13: 1.77 | F13: 1.74 | G13: 1.69 | H13: 1.87 | I13: 2.92 | J13: 2.42 | K13: 1.96 | L13: 1.67 | M13: 1.91 | N13: 1.63 | O13: 1.71 | P13: 2.56 | Q13: 2.59 | R13: 2.12 | S13: 1.99 | T13: 2.65 | U13: 3.91 | V13: 5.18 | W13: 3.85 | X13: 3.74 | Y13: 5.42 | Z13: 6.56 | AA13: 6.09 | AB13: 5.3 | AC13: 4.88 | AD13: 4.47 | AE13: 4.31 | AF13: 4.24 | AG13: 4.16 | AH13: 4.56 | AI13: 5.38 | AJ13: 7.41 | AK13: 6.67 | AL13: 5.8 | AM13: 5.0668197 | AN13: 5.2512478 | AO13: 5.4436702 | AP13: 5.4304946 | AQ13: 5.3716627 | AR13: 5.3204045 | AS13: 5.297929 | AT13: 5.3002705 | AU13: 5.2927053 | AV13: 5.27023
B15: Canola
B16: Area planted | C16: 1000 acres | D16: 0 | E16: 18 | F16: 23 | G16: 48 | H16: 130 | I16: 215 | J16: 220 | K16: 460 | L16: 800 | M16: 855 | N16: 1270 | O16: 1300 | P16: 1300 | Q16: 970 | R16: 780 | S16: 1040 | T16: 940 | U16: 1080 | V16: 910 | W16: 730 | X16: 1280 | Y16: 860 | Z16: 1460 | AA16: 920 | AB16: 1200 | AC16: 1410 | AD16: 1460 | AE16: 1590 | AF16: 1590 | AG16: 1700 | AH16: 1520 | AI16: 1750 | AJ16: 1800 | AK16: 1930 | AL16: 2140 | AM16: 1850 | AN16: 1935.0655 | AO16: 1956.5292 | AP16: 1986.4652 | AQ16: 2012.0307 | AR16: 2035.1871 | AS16: 2059.9628 | AT16: 2079.0573 | AU16: 2096.6811 | AV16: 2114.8405
B17: Area harvested | C17: 1000 acres | D17: 0 | E17: 17.5 | F17: 21.4 | G17: 46.5 | H17: 126 | I17: 211 | J17: 217 | K17: 430 | L17: 775 | M17: 835 | N17: 1250 | O17: 1285 | P17: 1160 | Q17: 960 | R17: 750 | S17: 1015 | T17: 935 | U17: 1070 | V17: 895 | W17: 725 | X17: 1270 | Y17: 850 | Z17: 1455 | AA17: 915 | AB17: 1190 | AC17: 1400 | AD17: 1450 | AE17: 1560 | AF17: 1580 | AG17: 1610 | AH17: 1505 | AI17: 1720 | AJ17: 1785 | AK17: 1915 | AL17: 2120 | AM17: 1830 | AN17: 1913.5402 | AO17: 1934.7652 | AP17: 1964.3681 | AQ17: 1989.6493 | AR17: 2012.5481 | AS17: 2037.0482 | AT17: 2055.9302 | AU17: 2073.358 | AV17: 2091.3154
B18: Yield | C18: lb/acre | D18: 0 | E18: 1400 | F18: 1530 | G18: 1230 | H18: 1400 | I18: 1220 | J18: 1380 | K18: 1180 | L18: 1480 | M18: 1300 | N18: 1320 | O18: 1400 | P18: 1210 | Q18: 1410 | R18: 1630 | S18: 1440 | T18: 1370 | U18: 1230 | V18: 1460 | W18: 1840 | X18: 1720 | Y18: 1500 | Z18: 1380 | AA18: 1820 | AB18: 1800 | AC18: 1780 | AD18: 1840 | AE18: 1600 | AF18: 1960 | AG18: 1800 | AH18: 1970 | AI18: 1340 | AJ18: 1820 | AK18: 1810 | AL18: 1850 | AM18: 1935.2726 | AN18: 1958.1916 | AO18: 1977.2249 | AP18: 1997.8406 | AQ18: 2015.0421 | AR18: 2033.9738 | AS18: 2049.6035 | AT18: 2062.2928 | AU18: 2077.237 | AV18: 2094.2571
B19: Production | C19: 1000 pounds | D19: 0 | E19: 24500 | F19: 32742 | G19: 57195 | H19: 176400 | I19: 257420 | J19: 299460 | K19: 507400 | L19: 1147000 | M19: 1085500 | N19: 1650000 | O19: 1799000 | P19: 1403600 | Q19: 1353600 | R19: 1222500 | S19: 1461600 | T19: 1280950 | U19: 1316100 | V19: 1306700 | W19: 1334000 | X19: 2184400 | Y19: 1275000 | Z19: 2007900 | AA19: 1665300 | AB19: 2142000 | AC19: 2492000 | AD19: 2668000 | AE19: 2496000 | AF19: 3096800 | AG19: 2898000 | AH19: 2964850 | AI19: 2304800 | AJ19: 3248700 | AK19: 3466150 | AL19: 3922000 | AM19: 3541548.9 | AN19: 3747078.3 | AO19: 3825465.9 | AP19: 3924494.3 | AQ19: 4009227 | AR19: 4093470.2 | AS19: 4175141 | AT19: 4239930.1 | AU19: 4306856 | AV19: 4379752.1
B20: Price | C20: $/cwt | D20: 0 | E20: 9 | F20: 9.05 | G20: 9.05 | H20: 10.5 | I20: 11 | J20: 12.9 | K20: 11.1 | L20: 10.2 | M20: 7.5 | N20: 6.55 | O20: 8.8 | P20: 10.6 | Q20: 10.6 | R20: 10.7 | S20: 9.64 | T20: 11.9 | U20: 18.3 | V20: 18.7 | W20: 16.1 | X20: 19.3 | Y20: 24 | Z20: 26.5 | AA20: 20.6 | AB20: 16.9 | AC20: 15.6 | AD20: 16.8 | AE20: 17.6 | AF20: 15.8 | AG20: 14.8 | AH20: 18.5 | AI20: 33.4 | AJ20: 29.9 | AK20: 24.4 | AL20: 20.3 | AM20: 21.039307 | AN20: 21.79031 | AO20: 21.976654 | AP20: 22.037477 | AQ20: 21.753155 | AR20: 21.546885 | AS20: 21.45067 | AT20: 21.267763 | AU20: 21.093521 | AV20: 20.818895
B22: Corn
B23: Area planted (includes silage) | C23: 1000 acres | D23: 850 | E23: 930 | F23: 1000 | G23: 780 | H23: 770 | I23: 700 | J23: 750 | K23: 780 | L23: 970 | M23: 800 | N23: 1080 | O23: 880 | P23: 1230 | Q23: 1450 | R23: 1800 | S23: 1410 | T23: 1690 | U23: 2560 | V23: 2550 | W23: 1950 | X23: 2050 | Y23: 2230 | Z23: 3640 | AA23: 3850 | AB23: 2800 | AC23: 2750 | AD23: 3450 | AE23: 3420 | AF23: 3150 | AG23: 3500 | AH23: 1950 | AI23: 4100 | AJ23: 2950 | AK23: 4050 | AL23: 3950 | AM23: 4700 | AN23: 4316.8399 | AO23: 4352.9446 | AP23: 4369.3641 | AQ23: 4369.7338 | AR23: 4378.958 | AS23: 4389.252 | AT23: 4406.2854 | AU23: 4418.8267 | AV23: 4424.1851
B24: Area harvested (grain) | C24: 1000 acres | D24: 460 | E24: 570 | F24: 580 | G24: 365 | H24: 520 | I24: 510 | J24: 600 | K24: 590 | L24: 825 | M24: 655 | N24: 930 | O24: 705 | P24: 995 | Q24: 1170 | R24: 1150 | S24: 1200 | T24: 1400 | U24: 2350 | V24: 2300 | W24: 1740 | X24: 1880 | Y24: 2060 | Z24: 3460 | AA24: 3600 | AB24: 2530 | AC24: 2560 | AD24: 3270 | AE24: 3230 | AF24: 2930 | AG24: 3130 | AH24: 1780 | AI24: 3630 | AJ24: 2650 | AK24: 3800 | AL24: 3640 | AM24: 4362.8261 | AN24: 3938.417 | AO24: 3969.9523 | AP24: 3984.2938 | AQ24: 3984.6167 | AR24: 3992.6734 | AS24: 4001.6647 | AT24: 4016.5423 | AU24: 4027.4965 | AV24: 4032.1767
B25: Yield (grain) | C25: bu/acre | D25: 80 | E25: 90 | F25: 63 | G25: 45 | H25: 100 | I25: 79 | J25: 91 | K25: 99 | L25: 107 | M25: 117 | N25: 112 | O25: 115 | P25: 114 | Q25: 112 | R25: 105 | S25: 129 | T25: 111 | U25: 116 | V25: 124 | W25: 115 | X25: 132 | Y25: 105 | Z25: 122 | AA25: 110 | AB25: 124 | AC25: 128 | AD25: 158 | AE25: 139 | AF25: 153 | AG25: 131 | AH25: 139 | AI25: 105 | AJ25: 130 | AK25: 143 | AL25: 149 | AM25: 148 | AN25: 145.75373 | AO25: 147.27157 | AP25: 148.87164 | AQ25: 150.3694 | AR25: 152.01852 | AS25: 153.34385 | AT25: 154.78929 | AU25: 156.33501 | AV25: 158.01831
B26: Production (grain) | C26: 1000 bushels | D26: 36800 | E26: 51300 | F26: 36540 | G26: 16425 | H26: 52000 | I26: 40290 | J26: 54600 | K26: 58410 | L26: 88275 | M26: 76635 | N26: 104160 | O26: 81075 | P26: 113430 | Q26: 131040 | R26: 120750 | S26: 154800 | T26: 155400 | U26: 272600 | V26: 285200 | W26: 200100 | X26: 248160 | Y26: 216300 | Z26: 422120 | AA26: 396000 | AB26: 313720 | AC26: 327680 | AD26: 516660 | AE26: 448970 | AF26: 448290 | AG26: 410030 | AH26: 247420 | AI26: 381150 | AJ26: 344500 | AK26: 543400 | AL26: 542360 | AM26: 645698.26 | AN26: 574038.99 | AO26: 584661.11 | AP26: 593148.37 | AQ26: 599164.43 | AR26: 606960.33 | AS26: 613630.68 | AT26: 621717.75 | AU26: 629638.68 | AV26: 637157.76
B27: Price | C27: $/bu | D27: 2.15 | E27: 2.19 | F27: 1.85 | G27: 2.27 | H27: 2.06 | I27: 3.16 | J27: 2.43 | K27: 2.12 | L27: 1.71 | M27: 1.59 | N27: 1.65 | O27: 1.87 | P27: 2.16 | Q27: 2.37 | R27: 1.88 | S27: 1.8 | T27: 2.77 | U27: 4.06 | V27: 3.74 | W27: 3.18 | X27: 5.01 | Y27: 5.81 | Z27: 6.46 | AA27: 3.91 | AB27: 3.34 | AC27: 3.28 | AD27: 3.01 | AE27: 3.04 | AF27: 3.32 | AG27: 3.07 | AH27: 4.44 | AI27: 5.86 | AJ27: 6.16 | AK27: 4.14 | AL27: 4.0154994 | AM27: 3.6301609 | AN27: 4.0064598 | AO27: 4.1657298 | AP27: 4.1170096 | AQ27: 4.0724925 | AR27: 4.034691 | AS27: 4.0320925 | AT27: 4.0551291 | AU27: 4.0583224 | AV27: 4.0458787
B29: Hay
B30: Area harvested | C30: 1000 acres | D30: 3500 | E30: 3300 | F30: 2900 | G30: 2950 | H30: 2800 | I30: 2700 | J30: 2900 | K30: 3150 | L30: 2600 | M30: 2900 | N30: 2400 | O30: 2750 | P30: 3300 | Q30: 2950 | R30: 2730 | S30: 3030 | T30: 2720 | U30: 2680 | V30: 3220 | W30: 2960 | X30: 2550 | Y30: 2480 | Z30: 2190 | AA30: 2620 | AB30: 2700 | AC30: 2750 | AD30: 2530 | AE30: 2580 | AF30: 2670 | AG30: 2400 | AH30: 2190 | AI30: 1990 | AJ30: 2140 | AK30: 2790 | AL30: 1930 | AM30: 2150 | AN30: 2262.8528 | AO30: 2302.0026 | AP30: 2329.3099 | AQ30: 2355.6324 | AR30: 2374.8287 | AS30: 2388.586 | AT30: 2394.9066 | AU30: 2396.3878 | AV30: 2393.7146
B31: Yield | C31: short tons/acre | D31: 1.07 | E31: 1.45 | F31: 1.21 | G31: 1.71 | H31: 1.61 | I31: 1.89 | J31: 1.66 | K31: 1.39 | L31: 1.61 | M31: 1.9 | N31: 2.09 | O31: 1.87 | P31: 1.19 | Q31: 1.56 | R31: 1.34 | S31: 1.86 | T31: 1.15 | U31: 1.89 | V31: 1.28 | W31: 1.77 | X31: 2.09 | Y31: 2.11 | Z31: 1.44 | AA31: 1.94 | AB31: 2.02 | AC31: 1.8090909 | AD31: 1.6936759 | AE31: 1.3267442 | AF31: 1.6550562 | AG31: 1.7041667 | AH31: 1.626484 | AI31: 1.0321608 | AJ31: 1.7864486 | AK31: 1.5870968 | AL31: 1.77 | AM31: 1.8218605 | AN31: 1.7802089 | AO31: 1.7937301 | AP31: 1.8051574 | AQ31: 1.8156367 | AR31: 1.8272139 | AS31: 1.8390685 | AT31: 1.849781 | AU31: 1.8602008 | AV31: 1.87306
B32: Production | C32: 1000 short tons | D32: 3745 | E32: 4780 | F32: 3515 | G32: 5043 | H32: 4510 | I32: 5095 | J32: 4825 | K32: 4375 | L32: 4190 | M32: 5511 | N32: 5025 | O32: 5143 | P32: 3920 | Q32: 4598 | R32: 3666 | S32: 5646 | T32: 3137 | U32: 5063 | V32: 4118 | W32: 5240 | X32: 5321 | Y32: 5224 | Z32: 3156 | AA32: 5090 | AB32: 5460 | AC32: 4975 | AD32: 4285 | AE32: 3423 | AF32: 4419 | AG32: 4090 | AH32: 3562 | AI32: 2054 | AJ32: 3823 | AK32: 4428 | AL32: 3417 | AM32: 3917 | AN32: 4028.3507 | AO32: 4129.1713 | AP32: 4204.7711 | AQ32: 4276.9725 | AR32: 4339.3199 | AS32: 4392.7733 | AT32: 4430.0529 | AU32: 4457.7625 | AV32: 4483.5712
B33: Price | C33: $/short ton | D33: 62.5 | E33: 43.5 | F33: 46.5 | G33: 51 | H33: 48 | I33: 43 | J33: 52 | K33: 60 | L33: 51 | M33: 39 | N33: 42.5 | O33: 45.5 | P33: 64.5 | Q33: 52.5 | R33: 58.5 | S33: 52 | T33: 64 | U33: 57 | V33: 79.5 | W33: 64.5 | X33: 58 | Y33: 71 | Z33: 121 | AA33: 103 | AB33: 81.5 | AC33: 72.175879 | AD33: 72.913652 | AE33: 92.239264 | AF33: 81.006789 | AG33: 78.102689 | AH33: 82.279057 | AI33: 137.30088 | AJ33: 112.42218 | AK33: 106.79675 | AL33: 93.095798 | AM33: 94.149467 | AN33: 88.206383 | AO33: 87.656044 | AP33: 92.219592 | AQ33: 95.097613 | AR33: 97.047874 | AS33: 97.933312 | AT33: 98.400189 | AU33: 98.132432 | AV33: 96.60333
B35: Oats
B36: Area planted | C36: 1000 acres | D36: 1000 | E36: 950 | F36: 780 | G36: 800 | H36: 860 | I36: 650 | J36: 530 | K36: 700 | L36: 730 | M36: 650 | N36: 600 | O36: 575 | P36: 670 | Q36: 620 | R36: 490 | S36: 490 | T36: 420 | U36: 460 | V36: 320 | W36: 350 | X36: 280 | Y36: 170 | Z36: 200 | AA36: 225 | AB36: 235 | AC36: 275 | AD36: 290 | AE36: 295 | AF36: 300 | AG36: 355 | AH36: 365 | AI36: 355 | AJ36: 345 | AK36: 280 | AL36: 280 | AM36: 330 | AN36: 297.68243 | AO36: 280.37751 | AP36: 275.80405 | AQ36: 272.0452 | AR36: 268.54279 | AS36: 264.56827 | AT36: 259.68127 | AU36: 254.7152 | AV36: 250.48077
B37: Area harvested | C37: 1000 acres | D37: 600 | E37: 650 | F37: 550 | G37: 530 | H37: 550 | I37: 450 | J37: 380 | K37: 425 | L37: 420 | M37: 330 | N37: 315 | O37: 240 | P37: 300 | Q37: 360 | R37: 220 | S37: 240 | T37: 120 | U37: 260 | V37: 125 | W37: 160 | X37: 105 | Y37: 80 | Z37: 105 | AA37: 135 | AB37: 105 | AC37: 140 | AD37: 110 | AE37: 80 | AF37: 105 | AG37: 115 | AH37: 105 | AI37: 83 | AJ37: 190 | AK37: 105 | AL37: 135 | AM37: 140 | AN37: 107.6679 | AO37: 101.40893 | AP37: 99.754773 | AQ37: 98.395246 | AR37: 97.128468 | AS37: 95.690936 | AT37: 93.923369 | AU37: 92.127206 | AV37: 90.595668
B38: Yield | C38: bu/acre | D38: 51 | E38: 50 | F38: 68 | G38: 70 | H38: 61 | I38: 48 | J38: 50 | K38: 44 | L38: 60 | M38: 51 | N38: 63 | O38: 62 | P38: 42 | Q38: 59 | R38: 64 | S38: 59 | T38: 41 | U38: 59 | V38: 51 | W38: 68 | X38: 61 | Y38: 52 | Z38: 62 | AA38: 62 | AB38: 73 | AC38: 74 | AD38: 66 | AE38: 58 | AF38: 82 | AG38: 86 | AH38: 78 | AI38: 48 | AJ38: 72 | AK38: 76 | AL38: 98 | AM38: 97 | AN38: 69.4486 | AO38: 70.125159 | AP38: 70.807103 | AQ38: 71.455313 | AR38: 72.085991 | AS38: 72.692924 | AT38: 73.318785 | AU38: 73.931754 | AV38: 74.554304
B39: Production | C39: 1000 bushels | D39: 30600 | E39: 32500 | F39: 37400 | G39: 37100 | H39: 33550 | I39: 21600 | J39: 19000 | K39: 18700 | L39: 25200 | M39: 16830 | N39: 19845 | O39: 14880 | P39: 12600 | Q39: 21240 | R39: 14080 | S39: 14160 | T39: 4920 | U39: 15340 | V39: 6375 | W39: 10880 | X39: 6405 | Y39: 4160 | Z39: 6510 | AA39: 8370 | AB39: 7665 | AC39: 10360 | AD39: 7260 | AE39: 4640 | AF39: 8610 | AG39: 9890 | AH39: 8190 | AI39: 3984 | AJ39: 13680 | AK39: 7980 | AL39: 13230 | AM39: 13580 | AN39: 7477.3849 | AO39: 7111.3177 | AP39: 7063.3464 | AQ39: 7030.8631 | AR39: 7001.6019 | AS39: 6956.0539 | AT39: 6886.3473 | AU39: 6811.126 | AV39: 6754.297
B40: Price | C40: $/bu | D40: 0.94 | E40: 1.05 | F40: 1.16 | G40: 1.19 | H40: 1.05 | I40: 1.52 | J40: 1.68 | K40: 1.32 | L40: 0.93 | M40: 0.9 | N40: 0.86 | O40: 1.63 | P40: 1.68 | Q40: 1.33 | R40: 1.18 | S40: 1.55 | T40: 1.84 | U40: 2.53 | V40: 2.7 | W40: 1.97 | X40: 2.6 | Y40: 3.03 | Z40: 3.36 | AA40: 3.14 | AB40: 2.42 | AC40: 2 | AD40: 2.25 | AE40: 2.55 | AF40: 2.41 | AG40: 2.47 | AH40: 2.54 | AI40: 4.8 | AJ40: 4.38 | AK40: 3.99 | AL40: 3.0956463 | AM40: 3.1 | AN40: 3.1213078 | AO40: 3.2107123 | AP40: 3.2313134 | AQ40: 3.2272879 | AR40: 3.2181542 | AS40: 3.2134337 | AT40: 3.2132693 | AU40: 3.2143238 | AV40: 3.215204
B42: Soybeans
B43: Area planted | C43: 1000 acres | D43: 500 | E43: 635 | F43: 700 | G43: 600 | H43: 640 | I43: 660 | J43: 850 | K43: 1150 | L43: 1500 | M43: 1350 | N43: 1900 | O43: 2150 | P43: 2670 | Q43: 3150 | R43: 3750 | S43: 2950 | T43: 3900 | U43: 3100 | V43: 3800 | W43: 3900 | X43: 4100 | Y43: 4000 | Z43: 4750 | AA43: 4650 | AB43: 5900 | AC43: 5750 | AD43: 6050 | AE43: 7100 | AF43: 6900 | AG43: 5600 | AH43: 5750 | AI43: 7250 | AJ43: 5700 | AK43: 6200 | AL43: 6600 | AM43: 6550 | AN43: 6578.0531 | AO43: 6606.4242 | AP43: 6618.1558 | AQ43: 6625.3197 | AR43: 6623.2803 | AS43: 6630.9965 | AT43: 6653.0787 | AU43: 6681.1324 | AV43: 6706.6212
B44: Area harvested | C44: 1000 acres | D44: 495 | E44: 630 | F44: 690 | G44: 540 | H44: 610 | I44: 640 | J44: 845 | K44: 1140 | L44: 1475 | M44: 1340 | N44: 1850 | O44: 2110 | P44: 2630 | Q44: 3050 | R44: 3570 | S44: 2900 | T44: 3870 | U44: 3060 | V44: 3760 | W44: 3870 | X44: 4070 | Y44: 3960 | Z44: 4730 | AA44: 4630 | AB44: 5870 | AC44: 5720 | AD44: 5990 | AE44: 7050 | AF44: 6840 | AG44: 5400 | AH44: 5700 | AI44: 7120 | AJ44: 5670 | AK44: 6160 | AL44: 6550 | AM44: 6500 | AN44: 6517.3006 | AO44: 6545.4097 | AP44: 6557.033 | AQ44: 6564.1307 | AR44: 6562.1101 | AS44: 6569.7551 | AT44: 6591.6333 | AU44: 6619.4279 | AV44: 6644.6813
B45: Yield | C45: bu/acre | D45: 26 | E45: 30.5 | F45: 25 | G45: 17 | H45: 31 | I45: 29 | J45: 29 | K45: 29.5 | L45: 32 | M45: 35 | N45: 32 | O45: 33.5 | P45: 33 | Q45: 29 | R45: 23 | S45: 36.5 | T45: 31.5 | U45: 35.5 | V45: 28 | W45: 30 | X45: 34 | Y45: 29 | Z45: 34.5 | AA45: 30.5 | AB45: 34.5 | AC45: 32.5 | AD45: 41.5 | AE45: 34.5 | AF45: 35 | AG45: 31.5 | AH45: 34 | AI45: 25.5 | AJ45: 35 | AK45: 35.5 | AL45: 37.5 | AM45: 37 | AN45: 36.75674 | AO45: 36.987404 | AP45: 37.254844 | AQ45: 37.550422 | AR45: 37.857425 | AS45: 38.108128 | AT45: 38.386892 | AU45: 38.644497 | AV45: 38.919093
B46: Production | C46: 1000 bushels | D46: 12870 | E46: 19215 | F46: 17250 | G46: 9180 | H46: 18910 | I46: 18560 | J46: 24505 | K46: 33630 | L46: 47200 | M46: 46900 | N46: 59200 | O46: 70685 | P46: 86790 | Q46: 88450 | R46: 82110 | S46: 105850 | T46: 121905 | U46: 108630 | V46: 105280 | W46: 116100 | X46: 138380 | Y46: 114840 | Z46: 163185 | AA46: 141215 | AB46: 202515 | AC46: 185900 | AD46: 248585 | AE46: 243225 | AF46: 239400 | AG46: 170100 | AH46: 193800 | AI46: 181560 | AJ46: 198450 | AK46: 218680 | AL46: 245625 | AM46: 240500 | AN46: 239554.73 | AO46: 242097.72 | AP46: 244281.24 | AQ46: 246485.88 | AR46: 248424.59 | AS46: 250361.06 | AT46: 253032.31 | AU46: 255804.46 | AV46: 258604.97
B47: Price | C47: $/bu | D47: 5.53 | E47: 5.4 | F47: 5.32 | G47: 6.12 | H47: 5.19 | I47: 6.49 | J47: 7.05 | K47: 6.1 | L47: 4.64 | M47: 4.19 | N47: 4.23 | O47: 4.05 | P47: 5.32 | Q47: 6.62 | R47: 5.75 | S47: 5.37 | T47: 5.98 | U47: 9.63 | V47: 9.71 | W47: 9.26 | X47: 10.9 | Y47: 11.9 | Z47: 14 | AA47: 12.4 | AB47: 9.49 | AC47: 8.49 | AD47: 8.97 | AE47: 8.88 | AF47: 7.98 | AG47: 7.93 | AH47: 10.2 | AI47: 12.6 | AJ47: 13.7 | AK47: 12 | AL47: 9.5431574 | AM47: 9.5431574 | AN47: 9.9371722 | AO47: 10.157728 | AP47: 10.2225 | AQ47: 10.101589 | AR47: 9.9983193 | AS47: 10.022397 | AT47: 10.11974 | AU47: 10.199314 | AV47: 10.181199
B49: Sugarbeets
B50: Area planted | C50: 1000 acres | D50: 193.9 | E50: 195 | F50: 195.5 | G50: 193.8 | H50: 205.8 | I50: 207 | J50: 226.6 | K50: 231.4 | L50: 250 | M50: 251.6 | N50: 258 | O50: 261 | P50: 265 | Q50: 259 | R50: 256 | S50: 255 | T50: 261 | U50: 252 | V50: 208 | W50: 225 | X50: 217 | Y50: 231 | Z50: 222 | AA50: 227 | AB50: 215 | AC50: 208 | AD50: 213 | AE50: 214 | AF50: 202 | AG50: 212 | AH50: 221 | AI50: 226 | AJ50: 251 | AK50: 228.8 | AL50: 215.8 | AM50: 213 | AN50: 209.58429 | AO50: 207.61247 | AP50: 204.98626 | AQ50: 203.3778 | AR50: 201.65435 | AS50: 199.89062 | AT50: 198.16395 | AU50: 196.74696 | AV50: 195.65444
B51: Area harvested | C51: 1000 acres | D51: 193.2 | E51: 193.9 | F51: 194.7 | G51: 190.9 | H51: 201.5 | I51: 204.2 | J51: 225.3 | K51: 227.5 | L51: 242.6 | M51: 247 | N51: 232 | O51: 237 | P51: 258 | Q51: 255 | R51: 246 | S51: 243 | T51: 243 | U51: 247 | V51: 197 | W51: 218 | X51: 214 | Y51: 225 | Z51: 215 | AA51: 225 | AB51: 214 | AC51: 206 | AD51: 203 | AE51: 212 | AF51: 199 | AG51: 170 | AH51: 218 | AI51: 222 | AJ51: 249 | AK51: 227 | AL51: 211.9 | AM51: 212 | AN51: 206.01279 | AO51: 204.07457 | AP51: 201.49312 | AQ51: 199.91206 | AR51: 198.21799 | AS51: 196.48431 | AT51: 194.78707 | AU51: 193.39422 | AV51: 192.32032
B52: Yield | C52: short tons/acre | D52: 14.4 | E52: 18.4 | F52: 17.4 | G52: 16.3 | H52: 21.2 | I52: 19.2 | J52: 18.7 | K52: 18.5 | L52: 22.2 | M52: 20.8 | N52: 22.1 | O52: 18.1 | P52: 18.6 | Q52: 20.4 | R52: 19.7 | S52: 18.8 | T52: 26 | U52: 23.1 | V52: 25.9 | W52: 22 | X52: 26.5 | Y52: 20.5 | Z52: 28 | AA52: 25.3 | AB52: 23.8 | AC52: 27.898058 | AD52: 30.79803 | AE52: 30.400943 | AF52: 28.798995 | AG52: 26 | AH52: 24.899083 | AI52: 29.198198 | AJ52: 26.100402 | AK52: 28.898678 | AL52: 31.5 | AM52: 31.3 | AN52: 29.814679 | AO52: 30.10992 | AP52: 30.376762 | AQ52: 30.690306 | AR52: 31.016924 | AS52: 31.307488 | AT52: 31.560038 | AU52: 31.815032 | AV52: 32.028421
B53: Production | C53: 1000 short tons | D53: 2782 | E53: 3568 | F53: 3388 | G53: 3112 | H53: 4272 | I53: 3929 | J53: 4213 | K53: 4205 | L53: 5386 | M53: 5138 | N53: 5127 | O53: 4290 | P53: 4799 | Q53: 5202 | R53: 4846 | S53: 4568 | T53: 6318 | U53: 5706 | V53: 5102 | W53: 4796 | X53: 5671 | Y53: 4613 | Z53: 6020 | AA53: 5693 | AB53: 5093 | AC53: 5747 | AD53: 6252 | AE53: 6445 | AF53: 5731 | AG53: 4420 | AH53: 5428 | AI53: 6482 | AJ53: 6499 | AK53: 6560 | AL53: 6675 | AM53: 6636 | AN53: 6142.2051 | AO53: 6144.669 | AP53: 6120.7086 | AQ53: 6135.3623 | AR53: 6148.1123 | AS53: 6151.4301 | AT53: 6147.4872 | AU53: 6152.8432 | AV53: 6159.7162
B54: Price | C54: $/short ton | D54: 48.3 | E54: 39.6 | F54: 46 | G54: 41.1 | H54: 40.4 | I54: 39.1 | J54: 46.1 | K54: 37.9 | L54: 35.4 | M54: 38 | N54: 37.8 | O54: 46.1 | P54: 41 | Q54: 46.3 | R54: 39.5 | S54: 49.2 | T54: 48.9 | U54: 46.3 | V54: 51 | W54: 51.9 | X54: 69.9 | Y54: 60.8 | Z54: 69.1 | AA54: 44.9 | AB54: 44.2 | AC54: 48.3 | AD54: 36.6 | AE54: 44.2 | AF54: 35.6 | AG54: 38 | AH54: 49.3 | AI54: 58.4 | AJ54: 76.9 | AK54: 89.6 | AL54: 80.105065 | AM54: 82.381749 | AN54: 83.90884 | AO54: 84.984785 | AP54: 85.157389 | AQ54: 84.951312 | AR54: 84.669552 | AS54: 84.838862 | AT54: 85.41127 | AU54: 85.896714 | AV54: 86.207002
B56: Sunflowers
B57: Area planted | C57: 1000 acres | D57: 1370 | E57: 1710 | F57: 1225 | G57: 1320 | H57: 1590 | I57: 1450 | J57: 1180 | K57: 1470 | L57: 1990 | M57: 1700 | N57: 1330 | O57: 1070 | P57: 1370 | Q57: 1210 | R57: 880 | S57: 1140 | T57: 900 | U57: 1075 | V57: 1115 | W57: 885 | X57: 885 | Y57: 580 | Z57: 860 | AA57: 499 | AB57: 665 | AC57: 720 | AD57: 688 | AE57: 438 | AF57: 436 | AG57: 535 | AH57: 733 | AI57: 494 | AJ57: 717 | AK57: 575 | AL57: 305 | AM57: 478 | AN57: 393.73258 | AO57: 392.13735 | AP57: 411.21124 | AQ57: 407.99418 | AR57: 413.29689 | AS57: 417.87161 | AT57: 418.73771 | AU57: 419.64821 | AV57: 419.15847
B58: Area harvested | C58: 1000 acres | D58: 1325 | E58: 1665 | F58: 1120 | G58: 1165 | H58: 1535 | I58: 1400 | J58: 1165 | K58: 1410 | L58: 1960 | M58: 1645 | N58: 1265 | O58: 1050 | P58: 1315 | Q58: 1165 | R58: 790 | S58: 1105 | T58: 860 | U58: 1055 | V58: 1080 | W58: 868 | X58: 862 | Y58: 561 | Z58: 843 | AA58: 471 | AB58: 644 | AC58: 702 | AD58: 663 | AE58: 423 | AF58: 420 | AG58: 494 | AH58: 715 | AI58: 482 | AJ58: 698 | AK58: 561 | AL58: 296 | AM58: 465 | AN58: 381.95064 | AO58: 380.40315 | AP58: 398.90628 | AQ58: 395.78549 | AR58: 400.92952 | AS58: 405.36735 | AT58: 406.20753 | AU58: 407.09078 | AV58: 406.6157
B59: Yield | C59: lb/acre | D59: 1163 | E59: 1342 | F59: 1134 | G59: 830 | H59: 1435 | I59: 1247 | J59: 1488 | K59: 1321 | L59: 1517 | M59: 1134 | N59: 1374 | O59: 1403 | P59: 1292 | Q59: 1304 | R59: 1002 | S59: 1586 | T59: 1296 | U59: 1423 | V59: 1399 | W59: 1518 | X59: 1456 | Y59: 1366 | Z59: 1697 | AA59: 1275 | AB59: 1305 | AC59: 1522.5071 | AD59: 1715.6109 | AE59: 1664.8936 | AF59: 1760.4762 | AG59: 1516.3968 | AH59: 1871.6783 | AI59: 1580.7054 | AJ59: 1920.5014 | AK59: 1997.8431 | AL59: 1752 | AM59: 1906.6819 | AN59: 1942.5415 | AO59: 1977.2304 | AP59: 2013.2797 | AQ59: 2048.5529 | AR59: 2084.7206 | AS59: 2117.6216 | AT59: 2147.5379 | AU59: 2181.5732 | AV59: 2217.1903
B60: Production | C60: 1000 pounds | D60: 1541300 | E60: 2235000 | F60: 1269800 | G60: 966900 | H60: 2203250 | I60: 1746200 | J60: 1733750 | K60: 1862900 | L60: 2972800 | M60: 1866250 | N60: 1738650 | O60: 1473300 | P60: 1699550 | Q60: 1518850 | R60: 791700 | S60: 1752650 | T60: 1114800 | U60: 1500950 | V60: 1511400 | W60: 1317200 | X60: 1254980 | Y60: 766250 | Z60: 1430460 | AA60: 600560 | AB60: 840720 | AC60: 1068800 | AD60: 1137450 | AE60: 704250 | AF60: 739400 | AG60: 749100 | AH60: 1338250 | AI60: 761900 | AJ60: 1340510 | AK60: 1120790 | AL60: 518600 | AM60: 886607.07 | AN60: 741954.97 | AO60: 752144.68 | AP60: 803109.91 | AQ60: 810787.52 | AR60: 835826.02 | AS60: 858414.64 | AT60: 872346.06 | AU60: 888098.34 | AV60: 901544.38
B61: Price | C61: $/cwt | D61: 10.9 | E61: 8.88 | F61: 9.97 | G61: 13 | H61: 10.7 | I61: 11.9 | J61: 12.1 | K61: 11.8 | L61: 10.9 | M61: 8.18 | N61: 7.46 | O61: 10 | P61: 12.1 | Q61: 12.2 | R61: 14.1 | S61: 12.1 | T61: 14.4 | U61: 21.8 | V61: 22 | W61: 15.7 | X61: 24.2 | Y61: 29.3 | Z61: 25.6 | AA61: 23.2 | AB61: 22.6 | AC61: 20.7 | AD61: 17.7 | AE61: 17.7 | AF61: 18.1 | AG61: 19.7 | AH61: 21.6 | AI61: 32.6 | AJ61: 28.7 | AK61: 22.2 | AL61: 20.6 | AM61: 23.035598 | AN61: 21.584144 | AO61: 22.920252 | AP61: 22.562388 | AQ61: 22.432693 | AR61: 22.352531 | AS61: 22.333163 | AT61: 22.333655 | AU61: 22.235157 | AV61: 22.037536
B63: All Wheat
B64: Area planted | C64: 1000 acres | D64: 11350 | E64: 10000 | F64: 11650 | G64: 11750 | H64: 11590 | I64: 11290 | J64: 12680 | K64: 11625 | L64: 9770 | M64: 9410 | N64: 10170 | O64: 9450 | P64: 9080 | Q64: 8630 | R64: 8195 | S64: 9090 | T64: 8800 | U64: 8595 | V64: 9170 | W64: 8680 | X64: 8420 | Y64: 6800 | Z64: 7840 | AA64: 6105 | AB64: 7960 | AC64: 7990 | AD64: 7590 | AE64: 6680 | AF64: 7735 | AG64: 7505 | AH64: 6650 | AI64: 6470 | AJ64: 6195 | AK64: 6610 | AL64: 6575 | AM64: 6430 | AN64: 6407.6055 | AO64: 6303.3395 | AP64: 6212.8266 | AQ64: 6169.9923 | AR64: 6123.6777 | AS64: 6070.5465 | AT64: 6000.7037 | AU64: 5932.6246 | AV64: 5873.3803
B65: Area harvested | C65: 1000 acres | D65: 10910 | E65: 9790 | F65: 11500 | G65: 10850 | H65: 11238 | I65: 11118 | J65: 12515 | K65: 11095 | L65: 9610 | M65: 8657 | N65: 9413 | O65: 9080 | P65: 7915 | Q65: 8500 | R65: 7775 | S65: 8835 | T65: 8290 | U65: 8405 | V65: 8590 | W65: 8415 | X65: 8290 | Y65: 6590 | Z65: 7765 | AA65: 6025 | AB65: 7490 | AC65: 7915 | AD65: 7405 | AE65: 6260 | AF65: 7635 | AG65: 6630 | AH65: 6563 | AI65: 6090 | AJ65: 6135 | AK65: 6500 | AL65: 6465 | AM65: 6300 | AN65: 6233.009 | AO65: 6131.2744 | AP65: 6039.5666 | AQ65: 5995.3785 | AR65: 5948.8043 | AS65: 5896.3933 | AT65: 5828.2309 | AU65: 5762.3241 | AV65: 5705.2874
B66: Yield | C66: bu/acre | D66: 35.3 | E66: 31 | F66: 41.1 | G66: 31 | H66: 31.7 | I66: 27 | J66: 31.6 | K66: 24.3 | L66: 32 | M66: 28 | N66: 33.7 | O66: 32.2 | P66: 27.3 | Q66: 37.3 | R66: 39.4 | S66: 34.3 | T66: 30.3 | U66: 35.6 | V66: 35.8 | W66: 44.8 | X66: 43 | Y66: 30.3 | Z66: 43.8 | AA66: 45.4 | AB66: 46.3 | AC66: 46.749589 | AD66: 44.966644 | AE66: 37.880671 | AF66: 47.607466 | AG66: 48.444193 | AH66: 47.628676 | AI66: 32.215928 | AJ66: 48.883456 | AK66: 47.136923 | AL66: 56.9 | AM66: 52.715079 | AN66: 48.779035 | AO66: 49.17082 | AP66: 49.583547 | AQ66: 49.990242 | AR66: 50.414854 | AS66: 50.807822 | AT66: 51.189048 | AU66: 51.54281 | AV66: 51.929938
B67: Production | C67: 1000 bushels | D67: 385220 | E67: 303670 | F67: 472890 | G67: 336610 | H67: 356404 | I67: 300300 | J67: 395130 | K67: 269290 | L67: 307700 | M67: 242280 | N67: 316985 | O67: 292400 | P67: 216095 | Q67: 316970 | R67: 306425 | S67: 303480 | T67: 251590 | U67: 298875 | V67: 307415 | W67: 377190 | X67: 356600 | Y67: 199858 | Z67: 340100 | AA67: 273343 | AB67: 347068 | AC67: 370023 | AD67: 332978 | AE67: 237133 | AF67: 363483 | AG67: 321185 | AH67: 312587 | AI67: 196195 | AJ67: 299900 | AK67: 306390 | AL67: 367695 | AM67: 332105 | AN67: 304040.17 | AO67: 301479.79 | AP67: 299463.13 | AQ67: 299710.43 | AR67: 299908.1 | AS67: 299582.9 | AT67: 298341.59 | AU67: 297006.38 | AV67: 296275.22
B68: Price | C68: $/bu | D68: 2.46 | E68: 3.04 | F68: 3.14 | G68: 4.04 | H68: 3.7 | I68: 5.05 | J68: 4.19 | K68: 3.82 | L68: 3.03 | M68: 2.77 | N68: 2.71 | O68: 2.79 | P68: 3.8 | Q68: 3.63 | R68: 3.4 | S68: 3.55 | T68: 4.5 | U68: 7.74 | V68: 7.31 | W68: 4.82 | X68: 6.61 | Y68: 8.24 | Z68: 8.07 | AA68: 6.62 | AB68: 5.74 | AC68: 4.8 | AD68: 4.68 | AE68: 5.74 | AF68: 5.09 | AG68: 4.47 | AH68: 5.22 | AI68: 9.35 | AJ68: 8.83 | AK68: 7.27 | AL68: 5.71 | AM68: 5.4332391 | AN68: 6.1232752 | AO68: 6.1522081 | AP68: 6.2031964 | AQ68: 6.1751283 | AR68: 6.1505858 | AS68: 6.1314644 | AT68: 6.1362058 | AU68: 6.1520281 | AV68: 6.129151
B72: =+TOC!A90&" Vegetable Production and Prices" -> North Dakota Vegetable Production and Prices | D72: 1990 | E72: 1991 | F72: 1992 | G72: 1993 | H72: 1994 | I72: 1995 | J72: 1996 | K72: 1997 | L72: 1998 | M72: 1999 | N72: 2000 | O72: 2001 | P72: 2002 | Q72: 2003 | R72: 2004 | S72: 2005 | T72: 2006 | U72: 2007 | V72: 2008 | W72: 2009 | X72: 2010 | Y72: 2011 | Z72: 2012 | AA72: 2013 | AB72: 2014 | AC72: 2015 | AD72: 2016 | AE72: 2017 | AF72: 2018 | AG72: 2019 | AH72: 2020 | AI72: 2021 | AJ72: 2022 | AK72: 2023 | AL72: 2024 | AM72: 2025 | AN72: 2026 | AO72: 2027 | AP72: 2028 | AQ72: 2029 | AR72: 2030 | AS72: 2031 | AT72: 2032 | AU72: 2033 | AV72: 2034
C73: Units
B75: Beans, Dry (excluding chickpeas)
B76: Area planted | C76: 1000 acres | D76: 570 | E76: 520 | F76: 440 | G76: 510 | H76: 570 | I76: 600 | J76: 580 | K76: 620 | L76: 750 | M76: 630 | N76: 610 | O76: 440 | P76: 790 | Q76: 540 | R76: 560 | S76: 620 | T76: 670 | U76: 690 | V76: 660 | W76: 610 | X76: 800 | Y76: 410 | Z76: 700 | AA76: 440 | AB76: 630 | AC76: 655 | AD76: 625 | AE76: 705 | AF76: 624 | AG76: 661 | AH76: 834.2 | AI76: 676.3 | AJ76: 584 | AK76: 551 | AL76: 730 | AM76: 600 | AN76: 745.3811 | AO76: 734.57614 | AP76: 734.70524 | AQ76: 741.75809 | AR76: 746.79421 | AS76: 751.45576 | AT76: 755.88829 | AU76: 760.08136 | AV76: 764.50745
B77: Area harvested | C77: 1000 acres | D77: 550 | E77: 510 | F77: 390 | G77: 380 | H77: 470 | I77: 540 | J77: 570 | K77: 565 | L77: 710 | M77: 570 | N77: 525 | O77: 400 | P77: 690 | Q77: 520 | R77: 475 | S77: 565 | T77: 640 | U77: 665 | V77: 640 | W77: 580 | X77: 770 | Y77: 380 | Z77: 685 | AA77: 430 | AB77: 615 | AC77: 635 | AD77: 565 | AE77: 685 | AF77: 604.2 | AG77: 577 | AH77: 803.7 | AI77: 630.7 | AJ77: 578.7 | AK77: 545.9 | AL77: 720 | AM77: 590 | AN77: 717.42541 | AO77: 707.02568 | AP77: 707.14995 | AQ77: 713.93827 | AR77: 718.78551 | AS77: 723.27223 | AT77: 727.53852 | AU77: 731.57432 | AV77: 735.83442
B78: Yield | C78: lbs/acre | D78: 910 | E78: 1480 | F78: 1200 | G78: 780 | H78: 1300 | I78: 1330 | J78: 1320 | K78: 1260 | L78: 1380 | M78: 1450 | N78: 1450.0952 | O78: 1550 | P78: 1540 | Q78: 1500 | R78: 1000 | S78: 1520 | T78: 1200 | U78: 1620 | V78: 1570 | W78: 1470 | X78: 1490 | Y78: 1300 | Z78: 1702.1898 | AA78: 1653.9535 | AB78: 1430.0813 | AC78: 1401.7323 | AD78: 1576.6372 | AE78: 1809.0511 | AF78: 1757.0341 | AG78: 1409.8787 | AH78: 1635.3117 | AI78: 1036.7845 | AJ78: 1831.1733 | AK78: 1693.7168 | AL78: 1830 | AM78: 2000 | AN78: 1690.7634 | AO78: 1702.7728 | AP78: 1714.7902 | AQ78: 1728.2572 | AR78: 1741.4846 | AS78: 1753.6813 | AT78: 1766.9775 | AU78: 1779.1105 | AV78: 1791.2744
B79: Production | C79: 1000 cwt | D79: 5005 | E79: 7548 | F79: 4680 | G79: 2964 | H79: 6110 | I79: 7182 | J79: 7524 | K79: 7119 | L79: 9798 | M79: 8265 | N79: 7613 | O79: 6200 | P79: 10626 | Q79: 7800 | R79: 4750 | S79: 8588 | T79: 7680 | U79: 10773 | V79: 10048 | W79: 8526 | X79: 11473 | Y79: 4940 | Z79: 11660 | AA79: 7112 | AB79: 8795 | AC79: 8901 | AD79: 8908 | AE79: 12392 | AF79: 10616 | AG79: 8135 | AH79: 13143 | AI79: 6539 | AJ79: 10597 | AK79: 9246 | AL79: 13208 | AM79: 11800 | AN79: 12129.966 | AO79: 12039.041 | AP79: 12126.138 | AQ79: 12338.689 | AR79: 12517.539 | AS79: 12683.89 | AT79: 12855.442 | AU79: 13015.516 | AV79: 13180.814
B80: Price | C80: $/cwt | D80: 15.5 | E80: 12.2 | F80: 16.8 | G80: 23 | H80: 17.9 | I80: 16.9 | J80: 20.3 | K80: 16.8 | L80: 15.5 | M80: 13.9 | N80: 12.6 | O80: 20.4 | P80: 14.3 | Q80: 16.1 | R80: 24.8 | S80: 15.5 | T80: 20.2 | U80: 25.7 | V80: 29.7 | W80: 26.7 | X80: 24.7 | Y80: 39.9 | Z80: 35.1 | AA80: 35.3 | AB80: 28.2 | AC80: 24 | AD80: 27.9 | AE80: 24.1 | AF80: 22.9 | AG80: 29.6 | AH80: 28.290908 | AI80: 41.021731 | AJ80: 37.903699 | AK80: 38.483788 | AL80: 33.7 | AM80: 38.455985 | AN80: 37.645373 | AO80: 36.785449 | AP80: 37.209116 | AQ80: 37.117785 | AR80: 36.931401 | AS80: 36.85655 | AT80: 36.857494 | AU80: 36.818847 | AV80: 36.690477
B82: Potatoes
B83: Area planted | C83: acres | D83: 150000 | E83: 158000 | F83: 146000 | G83: 143000 | H83: 133000 | I83: 125000 | J83: 134000 | K83: 125000 | L83: 126000 | M83: 121000 | N83: 124000 | O83: 118000 | P83: 118000 | Q83: 117000 | R83: 105000 | S83: 92000 | T83: 100000 | U83: 97000 | V83: 82000 | W83: 83000 | X83: 84000 | Y83: 84000 | Z83: 88000 | AA83: 82000 | AB83: 79000 | AC83: 82000 | AD83: 80000 | AE83: 75000 | AF83: 74500 | AG83: 73000 | AH83: 72000 | AI83: 76000 | AJ83: 74000 | AK83: 76000 | AL83: 73000 | AM83: 74545.634 | AN83: 74684.081 | AO83: 74747.084 | AP83: 74773.619 | AQ83: 74789.031 | AR83: 74801.733 | AS83: 74813.847 | AT83: 74825.81 | AU83: 74837.617 | AV83: 74849.407
B84: Area harvested | C84: acres | D84: 145000 | E84: 154000 | F84: 142000 | G84: 111000 | H84: 120000 | I84: 121000 | J84: 131000 | K84: 110000 | L84: 122000 | M84: 110000 | N84: 110000 | O84: 110000 | P84: 102000 | Q84: 112000 | R84: 101000 | S84: 82000 | T84: 98000 | U84: 91000 | V84: 81000 | W84: 75000 | X84: 80000 | Y84: 77000 | Z84: 84000 | AA84: 79000 | AB84: 77000 | AC84: 80000 | AD84: 72000 | AE84: 74000 | AF84: 73000 | AG84: 58000 | AH84: 70000 | AI84: 75000 | AJ84: 72500 | AK84: 75500 | AL84: 72500 | AM84: 73034.573 | AN84: 73170.214 | AO84: 73231.941 | AP84: 73257.938 | AQ84: 73273.037 | AR84: 73285.481 | AS84: 73297.35 | AT84: 73309.07 | AU84: 73320.639 | AV84: 73332.189
B85: Yield | C85: cwt/acre | D85: 115 | E85: 195 | F85: 195 | G85: 190 | H85: 235 | I85: 210 | J85: 220 | K85: 200 | L85: 235 | M85: 240 | N85: 245 | O85: 240 | P85: 230 | Q85: 245 | R85: 265 | S85: 250 | T85: 260 | U85: 260 | V85: 280 | W85: 255 | X85: 275 | Y85: 245 | Z85: 300 | AA85: 290 | AB85: 310 | AC85: 345 | AD85: 300 | AE85: 330 | AF85: 325 | AG85: 335 | AH85: 340 | AI85: 300 | AJ85: 300 | AK85: 350 | AL85: 335.0069 | AM85: 335.88109 | AN85: 339.65381 | AO85: 343.42654 | AP85: 347.19927 | AQ85: 350.972 | AR85: 354.74472 | AS85: 358.51745 | AT85: 362.29018 | AU85: 366.0629 | AV85: 369.83563
B86: Production | C86: 1000 cwt | D86: 16675 | E86: 30030 | F86: 27690 | G86: 21090 | H86: 28200 | I86: 25410 | J86: 28820 | K86: 22000 | L86: 28670 | M86: 26400 | N86: 26950 | O86: 26400 | P86: 23460 | Q86: 27440 | R86: 26765 | S86: 20500 | T86: 25480 | U86: 23660 | V86: 22680 | W86: 19125 | X86: 22000 | Y86: 18865 | Z86: 25200 | AA86: 22910 | AB86: 23870 | AC86: 27600 | AD86: 21600 | AE86: 24420 | AF86: 23725 | AG86: 19430 | AH86: 23800 | AI86: 22500 | AJ86: 21750 | AK86: 26425 | AL86: 24288 | AM86: 24530.932 | AN86: 24852.542 | AO86: 25149.792 | AP86: 25435.102 | AQ86: 25716.784 | AR86: 25997.638 | AS86: 26278.379 | AT86: 26559.156 | AU86: 26839.966 | AV86: 27120.856
B87: Price | C87: $/cwt | D87: 5.7 | E87: 3.95 | F87: 4.55 | G87: 6.25 | H87: 4.6 | I87: 5.4 | J87: 4.7 | K87: 5.65 | L87: 5.3 | M87: 5.6 | N87: 5.45 | O87: 6 | P87: 6.25 | Q87: 5.45 | R87: 5.8 | S87: 6.85 | T87: 6.45 | U87: 6.9 | V87: 8.3 | W87: 9.45 | X87: 8.75 | Y87: 9.2 | Z87: 8.95 | AA87: 10.3 | AB87: 9.4 | AC87: 9.25 | AD87: 10.3 | AE87: 9.13 | AF87: 9.53 | AG87: 11.5 | AH87: 11.7 | AI87: 11.5 | AJ87: 12.9 | AK87: 15.3 | AL87: 13.8 | AM87: 14.648856 | AN87: 14.949388 | AO87: 15.237524 | AP87: 15.561394 | AQ87: 15.900377 | AR87: 16.247346 | AS87: 16.59709 | AT87: 16.955861 | AU87: 17.323153 | AV87: 17.698198

Sheet Livestock
A1: TOC
B2: =+TOC!A90&" Livestock and Dairy" -> North Dakota Livestock and Dairy | D2: 1990 | E2: 1991 | F2: 1992 | G2: 1993 | H2: 1994 | I2: 1995 | J2: 1996 | K2: 1997 | L2: 1998 | M2: 1999 | N2: 2000 | O2: 2001 | P2: 2002 | Q2: 2003 | R2: 2004 | S2: 2005 | T2: 2006 | U2: 2007 | V2: 2008 | W2: 2009 | X2: 2010 | Y2: 2011 | Z2: 2012 | AA2: 2013 | AB2: 2014 | AC2: 2015 | AD2: 2016 | AE2: 2017 | AF2: 2018 | AG2: 2019 | AH2: 2020 | AI2: 2021 | AJ2: 2022 | AK2: 2023 | AL2: 2024 | AM2: 2025 | AN2: 2026 | AO2: 2027 | AP2: 2028 | AQ2: 2029 | AR2: 2030 | AS2: 2031 | AT2: 2032 | AU2: 2033 | AV2: 2034
B5: =+TOC!A90&" Cattle and Calves" -> North Dakota Cattle and Calves | D5: 1990 | E5: 1991 | F5: 1992 | G5: 1993 | H5: 1994 | I5: 1995 | J5: 1996 | K5: 1997 | L5: 1998 | M5: 1999 | N5: 2000 | O5: 2001 | P5: 2002 | Q5: 2003 | R5: 2004 | S5: 2005 | T5: 2006 | U5: 2007 | V5: 2008 | W5: 2009 | X5: 2010 | Y5: 2011 | Z5: 2012 | AA5: 2013 | AB5: 2014 | AC5: 2015 | AD5: 2016 | AE5: 2017 | AF5: 2018 | AG5: 2019 | AH5: 2020 | AI5: 2021 | AJ5: 2022 | AK5: 2023 | AL5: 2024 | AM5: 2025 | AN5: 2026 | AO5: 2027 | AP5: 2028 | AQ5: 2029 | AR5: 2030 | AS5: 2031 | AT5: 2032 | AU5: 2033 | AV5: 2034
C6: Units
B8: Inventory, Jan 1
B9: All cattle and calves | C9: 1000 head | D9: 1650 | E9: 1700 | F9: 1750 | G9: 1750 | H9: 1920 | I9: 1960 | J9: 1960 | K9: 1940 | L9: 1820 | M9: 1920 | N9: 1880 | O9: 1980 | P9: 1970 | Q9: 1880 | R9: 1750 | S9: 1710 | T9: 1720 | U9: 1850 | V9: 1810 | W9: 1760 | X9: 1720 | Y9: 1700 | Z9: 1690 | AA9: 1790 | AB9: 1750 | AC9: 1640 | AD9: 1710 | AE9: 1820 | AF9: 1860 | AG9: 1830 | AH9: 1880 | AI9: 1950 | AJ9: 1860 | AK9: 1740 | AL9: 1660 | AM9: 1680 | AN9: 1593.5745 | AO9: 1579.8923 | AP9: 1578.5415 | AQ9: 1593.8245 | AR9: 1617.3301 | AS9: 1637.4828 | AT9: 1652.2587 | AU9: 1650.1135 | AV9: 1649.4698
B10: Beef cows | C10: 1000 head | D10: 855 | E10: 875 | F10: 870 | G10: 875 | H10: 941 | I10: 975 | J10: 947 | K10: 950 | L10: 906 | M10: 980 | N10: 970 | O10: 1004 | P10: 1008 | Q10: 973 | R10: 937 | S10: 947 | T10: 937 | U10: 940 | V10: 924 | W10: 895 | X10: 869 | Y10: 880 | Z10: 862 | AA10: 922 | AB10: 923 | AC10: 894 | AD10: 904 | AE10: 954 | AF10: 964 | AG10: 975 | AH10: 995 | AI10: 965 | AJ10: 935 | AK10: 876 | AL10: 860 | AM10: 870 | AN10: 894.88118 | AO10: 918.69574 | AP10: 940.07242 | AQ10: 970.86114 | AR10: 1002.8584 | AS10: 1024.3578 | AT10: 1032.44 | AU10: 1026.6769 | AV10: 1008.8205
B11: Milk cows | C11: 1000 head | D11: 85 | E11: 85 | F11: 80 | G11: 75 | H11: 69 | I11: 65 | J11: 63 | K11: 60 | L11: 54 | M11: 50 | N11: 50 | O11: 46 | P11: 42 | Q11: 37 | R11: 33 | S11: 33 | T11: 33 | U11: 30 | V11: 26 | W11: 25 | X11: 21 | Y11: 20 | Z11: 18 | AA11: 18 | AB11: 17 | AC11: 16 | AD11: 16 | AE11: 16 | AF11: 16 | AG11: 15 | AH11: 15 | AI11: 15 | AJ11: 15 | AK11: 14 | AL11: 10 | AM11: 10 | AN11: 11.945564 | AO11: 12.210171 | AP11: 12.300783 | AQ11: 12.324639 | AR11: 12.362887 | AS11: 12.417085 | AT11: 12.473707 | AU11: 12.530659 | AV11: 12.589711
B13: Calves Per Cow | C13: ratio | D13: 1 | E13: 0.97916667 | F13: 0.96842105 | G13: 1.0210526 | H13: 0.97029703 | I13: 0.93269231 | J13: 0.96039604 | K13: 0.93069307 | L13: 1 | M13: 0.94174757 | N13: 0.98039216 | O13: 0.95238095 | P13: 0.95238095 | Q13: 0.95049505 | R13: 0.98969072 | S13: 0.94897959 | T13: 0.97938144 | U13: 0.95876289 | V13: 0.96842105 | W13: 0.9673913 | X13: 0.98876404 | Y13: 0.95555556 | Z13: 0.98863636 | AA13: 0.94680851 | AB13: 0.89361702 | AC13: 0.91208791 | AD13: 0.98913043 | AE13: 0.98969072 | AF13: 0.95918367 | AG13: 0.95959596 | AH13: 0.91089109 | AI13: 0.93877551 | AJ13: 0.89473684 | AK13: 0.94382022 | AL13: 0.97701149 | AM13: 0.95852285 | AN13: 0.95852285 | AO13: 0.95852285 | AP13: 0.95852285 | AQ13: 0.95852285 | AR13: 0.95852285 | AS13: 0.95852285 | AT13: 0.95852285 | AU13: 0.95852285 | AV13: 0.95852285
B15: Calf crop | C15: 1000 head | D15: 940 | E15: 940 | F15: 920 | G15: 970 | H15: 980 | I15: 970 | J15: 970 | K15: 940 | L15: 960 | M15: 970 | N15: 1000 | O15: 1000 | P15: 1000 | Q15: 960 | R15: 960 | S15: 930 | T15: 950 | U15: 930 | V15: 920 | W15: 890 | X15: 880 | Y15: 860 | Z15: 870 | AA15: 890 | AB15: 840 | AC15: 830 | AD15: 910 | AE15: 960 | AF15: 940 | AG15: 950 | AH15: 920 | AI15: 920 | AJ15: 850 | AK15: 840 | AL15: 850 | AM15: 843.50011 | AN15: 869.21416 | AO15: 892.29459 | AP15: 912.87148 | AQ15: 942.40603 | AR15: 973.11276 | AS15: 993.7724 | AT15: 1001.5736 | AU15: 996.10424 | AV15: 979.04506
B16: Inshipments | C16: 1000 head | D16: 80 | E16: 70 | F16: 100 | G16: 100 | H16: 90 | I16: 90 | J16: 90 | K16: 80 | L16: 80 | M16: 80 | N16: 95 | O16: 113 | P16: 112 | Q16: 85 | R16: 85 | S16: 115 | T16: 150 | U16: 140 | V16: 100 | W16: 88 | X16: 102 | Y16: 115 | Z16: 130 | AA16: 110 | AB16: 124 | AC16: 120 | AD16: 115 | AE16: 115 | AF16: 115 | AG16: 140 | AH16: 150 | AI16: 120 | AJ16: 117 | AK16: 100 | AL16: 120 | AM16: 120 | AN16: 120 | AO16: 120 | AP16: 120 | AQ16: 120 | AR16: 120 | AS16: 120 | AT16: 120 | AU16: 120 | AV16: 120
B17: Marketings | C17: 1000 head | D17: 903 | E17: 884 | F17: 957 | G17: 824 | H17: 953 | I17: 980 | J17: 1002 | K17: 1002 | L17: 878 | M17: 1022 | N17: 926 | O17: 1057 | P17: 1131 | Q17: 1113 | R17: 1031 | S17: 981 | T17: 913.5 | U17: 1053.5 | V17: 1014.5 | W17: 921.5 | X17: 945.5 | Y17: 912.5 | Z17: 836.7 | AA17: 971.3 | AB17: 1013.2 | AC17: 826.6 | AD17: 854.7 | AE17: 974.9 | AF17: 1025 | AG17: 974 | AH17: 941 | AI17: 1077 | AJ17: 1019 | AK17: 964 | AL17: 894.1 | AM17: 989.51989 | AN17: 943.32404 | AO17: 953.60617 | AP17: 956.92664 | AQ17: 977.01765 | AR17: 1009.6629 | AS17: 1034.6653 | AT17: 1058.8608 | AU17: 1052.1031 | AV17: 1035.9507
B18: Cattle | C18: 1000 head | D18: 413 | E18: 434 | F18: 477 | G18: 376 | H18: 487 | I18: 559 | J18: 561 | K18: 541 | L18: 657 | M18: 791 | N18: 740 | O18: 866 | P18: 955 | Q18: 947 | R18: 870 | S18: 830 | T18: 805 | U18: 928 | V18: 904 | W18: 814 | X18: 844 | Y18: 814 | Z18: 744 | AA18: 872.5 | AB18: 912.2 | AC18: 728 | AD18: 749.5 | AE18: 864.6 | AF18: 915 | AG18: 870.3 | AH18: 839.2 | AI18: 974.3 | AJ18: 917.2 | AK18: 863.5 | AL18: 792.5 | AM18: 884.22115 | AN18: 836.34933 | AO18: 846.48115 | AP18: 850.76636 | AQ18: 871.09188 | AR18: 903.70855 | AS18: 928.68139 | AT18: 953.02947 | AU18: 946.62843 | AV18: 930.93076
B19: Calves | C19: 1000 head | D19: 490 | E19: 450 | F19: 480 | G19: 448 | H19: 466 | I19: 421 | J19: 441 | K19: 461 | L19: 221 | M19: 231 | N19: 186 | O19: 191 | P19: 176 | Q19: 166 | R19: 161 | S19: 151 | T19: 108.5 | U19: 125.5 | V19: 110.5 | W19: 107.5 | X19: 101.5 | Y19: 98.5 | Z19: 92.7 | AA19: 98.8 | AB19: 101 | AC19: 98.6 | AD19: 105.2 | AE19: 110.3 | AF19: 110 | AG19: 103.7 | AH19: 101.8 | AI19: 102.7 | AJ19: 101.8 | AK19: 100.5 | AL19: 101.6 | AM19: 105.29874 | AN19: 106.97471 | AO19: 107.12501 | AP19: 106.16028 | AQ19: 105.92577 | AR19: 105.95434 | AS19: 105.98389 | AT19: 105.83137 | AU19: 105.47471 | AV19: 105.01997
B20: Farm Slaughter | C20: 1000 head | D20: 4 | E20: 4 | F20: 3 | G20: 3 | H20: 3 | I20: 3 | J20: 3 | K20: 3 | L20: 3 | M20: 3 | N20: 3 | O20: 3 | P20: 3 | Q20: 2 | R20: 2 | S20: 2 | T20: 1.5 | U20: 1.5 | V20: 1.5 | W20: 1.5 | X20: 1.5 | Y20: 1.5 | Z20: 1.3 | AA20: 0.7 | AB20: 0.8 | AC20: 1.4 | AD20: 1.3 | AE20: 1.1 | AF20: 1 | AG20: 1 | AH20: 1 | AI20: 1 | AJ20: 1 | AK20: 1 | AL20: 0.9 | AM20: 0.9 | AN20: 0.9 | AO20: 0.9 | AP20: 0.9 | AQ20: 0.9 | AR20: 0.9 | AS20: 0.9 | AT20: 0.9 | AU20: 0.9 | AV20: 0.9
B21: Death loss | C21: 1000 head | D21: 63 | E21: 72 | F21: 60 | G21: 73 | H21: 74 | I21: 77 | J21: 75 | K21: 135 | L21: 59 | M21: 65 | N21: 66 | O21: 63 | P21: 68 | Q21: 60 | R21: 52 | S21: 52 | T21: 55 | U21: 55 | V21: 54 | W21: 95 | X21: 55 | Y21: 71 | Z21: 62 | AA21: 68 | AB21: 60 | AC21: 52 | AD21: 59 | AE21: 59 | AF21: 59 | AG21: 65 | AH21: 58 | AI21: 52 | AJ21: 67 | AK21: 55 | AL21: 55 | AM21: 59.505732 | AN21: 58.672322 | AO21: 59.13924 | AP21: 59.761783 | AQ21: 60.982829 | AR21: 62.397161 | AS21: 63.431224 | AT21: 63.957965 | AU21: 63.744871 | AV21: 63.195216
B22: Cattle | C22: 1000 head | D22: 18 | E22: 19 | F22: 17 | G22: 19 | H22: 21 | I22: 19 | J22: 20 | K22: 45 | L22: 19 | M22: 20 | N22: 21 | O22: 19 | P22: 17 | Q22: 15 | R22: 12 | S22: 12 | T22: 15 | U22: 15 | V22: 15 | W22: 25 | X22: 15 | Y22: 21 | Z22: 17 | AA22: 18 | AB22: 15 | AC22: 14 | AD22: 17 | AE22: 17 | AF22: 16 | AG22: 18 | AH22: 17 | AI22: 16 | AJ22: 17 | AK22: 15 | AL22: 15 | AM22: 16.332369 | AN22: 14.199914 | AO22: 13.500833 | AP22: 13.083854 | AQ22: 12.812846 | AR22: 12.675908 | AS22: 12.666268 | AT22: 12.798899 | AU22: 12.862113 | AV22: 13.17427
B23: Calves | C23: 1000 head | D23: 45 | E23: 53 | F23: 43 | G23: 54 | H23: 53 | I23: 58 | J23: 55 | K23: 90 | L23: 40 | M23: 45 | N23: 45 | O23: 44 | P23: 51 | Q23: 45 | R23: 40 | S23: 40 | T23: 40 | U23: 40 | V23: 39 | W23: 70 | X23: 40 | Y23: 50 | Z23: 45 | AA23: 50 | AB23: 45 | AC23: 38 | AD23: 42 | AE23: 42 | AF23: 43 | AG23: 47 | AH23: 41 | AI23: 36 | AJ23: 50 | AK23: 40 | AL23: 40 | AM23: 43.173362 | AN23: 44.472408 | AO23: 45.638407 | AP23: 46.677929 | AQ23: 48.169982 | AR23: 49.721253 | AS23: 50.764956 | AT23: 51.159065 | AU23: 50.882758 | AV23: 50.020946
B25: Average Slaughter Weight (liveweight basis)
B26: Cattle | C26: lbs per head | D26: 1274 | E26: 1310.755 | F26: 1334.4896 | G26: 1324.5852 | H26: 1381.5114 | I26: 1431.088 | J26: 1392.6305 | K26: 1374.9946 | L26: 1544.5064 | M26: 1563.4413 | N26: 1131 | O26: 1122 | P26: 1136 | Q26: 1199.9924 | R26: 1190.0861 | S26: 1176 | T26: 1195 | U26: 1182 | V26: 1227 | W26: 1230 | X26: 1246 | Y26: 1320 | Z26: 1299 | AA26: 1223 | AB26: 1229 | AC26: 1267 | AD26: 1306 | AE26: 1279 | AF26: 1303 | AG26: 1290 | AH26: 1302 | AI26: 1300 | AJ26: 1289 | AK26: 1278 | AL26: 1297 | AM26: 1291.3497 | AN26: 1293.0245 | AO26: 1294.6993 | AP26: 1296.3741 | AQ26: 1298.049 | AR26: 1299.7238 | AS26: 1301.3986 | AT26: 1303.0734 | AU26: 1304.7483 | AV26: 1306.4231
B27: Calves | C27: lbs per head | D27: 450 | E27: 450 | F27: 450 | G27: 450 | H27: 450 | I27: 450 | J27: 450 | K27: 450 | L27: 450 | M27: 450 | N27: 450 | O27: 450 | P27: 450 | Q27: 450 | R27: 450 | S27: 450 | T27: 450 | U27: 0 | V27: 450 | W27: 450 | X27: 450 | Y27: 450 | Z27: 450 | AA27: 450 | AB27: 450 | AC27: 450 | AD27: 450 | AE27: 450 | AF27: 450 | AG27: 450 | AH27: 450 | AI27: 450 | AJ27: 450 | AK27: 450 | AL27: 450 | AM27: 450 | AN27: 450 | AO27: 450 | AP27: 450 | AQ27: 450 | AR27: 450 | AS27: 450 | AT27: 450 | AU27: 450 | AV27: 450
B29: Marketings (liveweight basis) | C29: mil pounds | D29: 512.35 | E29: 516.04 | F29: 568.77 | G29: 486.09 | H29: 586.35 | I29: 624.6 | J29: 621.46 | K29: 613.59 | L29: 603.94 | M29: 711.61 | N29: 614.98 | O29: 736.82 | P29: 836.925 | Q29: 870 | R29: 799.25 | S29: 782.25 | T29: 746.44 | U29: 848.39 | V29: 830.3 | W29: 744.383 | X29: 774.23 | Y29: 772.12 | Z29: 702.4 | AA29: 815.46 | AB29: 861.5 | AC29: 694.15 | AD29: 715.575 | AE29: 822.1 | AF29: 866.48 | AG29: 822.488 | AH29: 794.425 | AI29: 915.773 | AJ29: 864.625 | AK29: 816.05 | AL29: 752.485 | AM29: 838.83747 | AN29: 796.41084 | AO29: 806.7828 | AP29: 811.43248 | AQ29: 831.13168 | AR29: 862.32319 | AS29: 886.51903 | AT29: 910.13719 | AU29: 905.21924 | AV29: 891.61825
B31: Prices
B32: Fed Steer Price, Nebraska Direct | C32: $/CWT | D32: 78.547185 | E32: 74.37634 | F32: 75.589829 | G32: 76.807719 | H32: 69.431279 | I32: 66.690458 | J32: 65.024151 | K32: 66.036172 | L32: 61.68801 | M32: 65.756907 | N32: 69.14387 | O32: 72.402628 | P32: 67.270833 | Q32: 83.884167 | R32: 84.736667 | S32: 87.700833 | T32: 85.941667 | U32: 92.609167 | V32: 92.7775 | W32: 83.250833 | X32: 95.38 | Y32: 114.725 | Z32: 122.85833 | AA32: 125.88583 | AB32: 154.55917 | AC32: 148.12 | AD32: 120.86 | AE32: 121.52 | AF32: 117.12 | AG32: 116.78 | AH32: 108.51 | AI32: 122.4 | AJ32: 144.4 | AK32: 175.54 | AL32: 187.12 | AM32: 226.77461 | AN32: 236.28979 | AO32: 233.84109 | AP32: 219.03861 | AQ32: 209.07509 | AR32: 200.76607 | AS32: 193.49309 | AT32: 187.08167 | AU32: 181.19323 | AV32: 175.93305
B33: Feeder Steer Price, Oklahoma City | C33: $/CWT | D33: 92.14583 | E33: 92.74083 | F33: 86.46667 | G33: 91.72167 | H33: 83.24167 | I33: 70.4925 | J33: 61.305 | K33: 81.3425 | L33: 78.13167 | M33: 82.64 | N33: 94.3075 | O33: 95.343333 | P33: 86.340833 | Q33: 95.21 | R33: 111.78667 | S33: 120.09583 | T33: 117.67917 | U33: 115.47417 | V33: 107.62 | W33: 101.89183 | X33: 115.39667 | Y33: 141.24667 | Z33: 158.185 | AA33: 158.83833 | AB33: 225.06917 | AC33: 226.52 | AD33: 153.44 | AE33: 155.815 | AF33: 159.2 | AG33: 153.65 | AH33: 145.82 | AI33: 157.65 | AJ33: 181.51 | AK33: 242.98784 | AL33: 282.75151 | AM33: 357.62682 | AN33: 371.86123 | AO33: 358.88335 | AP33: 330.44245 | AQ33: 311.08457 | AR33: 295.67041 | AS33: 283.94179 | AT33: 273.9205 | AU33: 264.45813 | AV33: 256.85434
B37: =+TOC!A90&" Hogs and Pigs" -> North Dakota Hogs and Pigs | D37: 1990 | E37: 1991 | F37: 1992 | G37: 1993 | H37: 1994 | I37: 1995 | J37: 1996 | K37: 1997 | L37: 1998 | M37: 1999 | N37: 2000 | O37: 2001 | P37: 2002 | Q37: 2003 | R37: 2004 | S37: 2005 | T37: 2006 | U37: 2007 | V37: 2008 | W37: 2009 | X37: 2010 | Y37: 2011 | Z37: 2012 | AA37: 2013 | AB37: 2014 | AC37: 2015 | AD37: 2016 | AE37: 2017 | AF37: 2018 | AG37: 2019 | AH37: 2020 | AI37: 2021 | AJ37: 2022 | AK37: 2023 | AL37: 2024 | AM37: 2025 | AN37: 2026 | AO37: 2027 | AP37: 2028 | AQ37: 2029 | AR37: 2030 | AS37: 2031 | AT37: 2032 | AU37: 2033 | AV37: 2034
C38: Units
B40: Dec 1, Preceding Year | C40: 1000 head | D40: 0 | E40: 265 | F40: 290 | G40: 290 | H40: 320 | I40: 245 | J40: 280 | K40: 200 | L40: 200 | M40: 205 | N40: 190 | O40: 185 | P40: 154 | Q40: 144 | R40: 150 | S40: 164 | T40: 157 | U40: 169 | V40: 182 | W40: 151 | X40: 155 | Y40: 143 | Z40: 149 | AA40: 135 | AB40: 135 | AC40: 140 | AD40: 137 | AE40: 146 | AF40: 147 | AG40: 145 | AH40: 142 | AI40: 143 | AJ40: 148 | AK40: 155 | AL40: 150 | AM40: 159.73559 | AN40: 151.06704 | AO40: 143.78931 | AP40: 137.80644 | AQ40: 133.08598 | AR40: 129.65917 | AS40: 127.47452 | AT40: 125.45303 | AU40: 123.52891 | AV40: 121.64965
B41: Breeding | C41: 1000 head | D41: 0 | E41: 34 | F41: 37 | G41: 35 | H41: 40 | I41: 25 | J41: 30 | K41: 20 | L41: 24 | M41: 30 | N41: 25 | O41: 27 | P41: 28 | Q41: 24 | R41: 30 | S41: 29 | T41: 31 | U41: 33 | V41: 37 | W41: 39 | X41: 38 | Y41: 37 | Z41: 40 | AA41: 35 | AB41: 35 | AC41: 34 | AD41: 31 | AE41: 34 | AF41: 35 | AG41: 35 | AH41: 35 | AI41: 36 | AJ41: 35 | AK41: 42 | AL41: 43 | AM41: 43.457393 | AN41: 43.662185 | AO41: 43.781613 | AP41: 43.979741 | AQ41: 44.044601 | AR41: 43.908463 | AS41: 43.607517 | AT41: 43.177508 | AU41: 42.64001 | AV41: 42.012399
B42: Total Market | C42: 1000 head | D42: 0 | E42: 231 | F42: 253 | G42: 255 | H42: 280 | I42: 220 | J42: 250 | K42: 180 | L42: 176 | M42: 175 | N42: 165 | O42: 158 | P42: 126 | Q42: 120 | R42: 120 | S42: 135 | T42: 126 | U42: 136 | V42: 145 | W42: 112 | X42: 117 | Y42: 106 | Z42: 109 | AA42: 100 | AB42: 100 | AC42: 106 | AD42: 106 | AE42: 112 | AF42: 112 | AG42: 110 | AH42: 107 | AI42: 107 | AJ42: 113 | AK42: 113 | AL42: 107 | AM42: 116.27819 | AN42: 107.40485 | AO42: 100.0077 | AP42: 93.826696 | AQ42: 89.041376 | AR42: 85.750708 | AS42: 83.867 | AT42: 82.275518 | AU42: 80.888896 | AV42: 79.637253
B44: Sows Farrowed | C44: 1000 head | D44: 0 | E44: 0 | F44: 0 | G44: 66 | H44: 49 | I44: 54 | J44: 42 | K44: 37 | L44: 52 | M44: 59 | N44: 60 | O44: 57 | P44: 52.5 | Q44: 45 | R44: 46 | S44: 48 | T44: 54.5 | U44: 62 | V44: 67.5 | W44: 74.5 | X44: 73 | Y44: 75 | Z44: 73.5 | AA44: 72 | AB44: 71.5 | AC44: 68 | AD44: 70.5 | AE44: 73.5 | AF44: 73.5 | AG44: 73 | AH44: 72 | AI44: 74 | AJ44: 86.5 | AK44: 86.5 | AL44: 81.720794 | AM44: 83.752336 | AN44: 84.68155 | AO44: 85.097593 | AP44: 85.340215 | AQ44: 85.742722 | AR44: 85.874487 | AS44: 85.597917 | AT44: 84.986532 | AU44: 84.112951 | AV44: 83.021001
B45: Pigs Per Litter | C45: pigs per litter | D45: 0 | E45: 0 | F45: 0 | G45: 7.7424242 | H45: 8.2040816 | I45: 8.4259259 | J45: 8.3333333 | K45: 8.4864865 | L45: 8.5576923 | M45: 8.7627119 | N45: 8.55 | O45: 8.3508772 | P45: 8.4571429 | Q45: 9.1555556 | R45: 9.5 | S45: 9.4791667 | T45: 9.5963303 | U45: 9.8548387 | V45: 9.8666667 | W45: 10.241611 | X45: 10.356164 | Y45: 10.826667 | Z45: 10.734694 | AA45: 10.652778 | AB45: 10.769231 | AC45: 10.823529 | AD45: 10.780142 | AE45: 11.129252 | AF45: 11.115646 | AG45: 10.986301 | AH45: 11.180556 | AI45: 11.148649 | AJ45: 11.514451 | AK45: 11.445087 | AL45: 11.988379 | AM45: 12.04787 | AN45: 12.107362 | AO45: 12.166853 | AP45: 12.226345 | AQ45: 12.285837 | AR45: 12.345328 | AS45: 12.40482 | AT45: 12.464311 | AU45: 12.523803 | AV45: 12.583295
B46: Pig Crop | C46: 1000 head | D46: 0 | E46: 0 | F46: 0 | G46: 511 | H46: 402 | I46: 455 | J46: 350 | K46: 314 | L46: 445 | M46: 517 | N46: 513 | O46: 476 | P46: 444 | Q46: 412 | R46: 437 | S46: 455 | T46: 523 | U46: 611 | V46: 666 | W46: 763 | X46: 756 | Y46: 812 | Z46: 789 | AA46: 767 | AB46: 770 | AC46: 736 | AD46: 760 | AE46: 818 | AF46: 817 | AG46: 802 | AH46: 805 | AI46: 825 | AJ46: 996 | AK46: 990 | AL46: 979.69982 | AM46: 1009.0373 | AN46: 1025.2702 | AO46: 1035.3699 | AP46: 1043.3989 | AQ46: 1053.4211 | AR46: 1060.1487 | AS46: 1061.8267 | AT46: 1059.2986 | AU46: 1053.414 | AV46: 1044.6777
B48: Inshipments | C48: 1000 head | D48: 19 | E48: 26 | F48: 29 | G48: 28 | H48: 32 | I48: 30 | J48: 25 | K48: 40 | L48: 55 | M48: 38 | N48: 35 | O48: 28 | P48: 20 | Q48: 31 | R48: 94 | S48: 91 | T48: 57 | U48: 50 | V48: 55 | W48: 50 | X48: 35 | Y48: 36 | Z48: 45 | AA48: 50 | AB48: 124 | AC48: 130 | AD48: 133 | AE48: 142 | AF48: 143.1 | AG48: 143.4 | AH48: 147.2 | AI48: 402 | AJ48: 40 | AK48: 327 | AL48: 334.14066 | AM48: 341.28132 | AN48: 348.42198 | AO48: 355.56264 | AP48: 362.7033 | AQ48: 369.84396 | AR48: 376.98462 | AS48: 384.12527 | AT48: 391.26593 | AU48: 398.40659 | AV48: 405.54725
B49: Marketings | C49: 1000 head | D49: 429 | E49: 425 | F49: 507 | G49: 483 | H49: 485 | I49: 432 | J49: 438 | K49: 340 | L49: 482 | M49: 548 | N49: 537 | O49: 520 | P49: 463 | Q49: 428 | R49: 505.6 | S49: 541 | T49: 555.4 | U49: 634.1 | V49: 737.9 | W49: 797.2 | X49: 792.4 | Y49: 831.5 | Z49: 838.1 | AA49: 807.7 | AB49: 878.9 | AC49: 860.6 | AD49: 875 | AE49: 947.5 | AF49: 951.8 | AG49: 937.6 | AH49: 938.9 | AI49: 1209.2 | AJ49: 1013.3 | AK49: 1305.5 | AL49: 1288.0109 | AM49: 1342.2973 | AN49: 1363.9512 | AO49: 1379.6924 | AP49: 1393.4351 | AQ49: 1409.1025 | AR49: 1421.5969 | AS49: 1430.2248 | AT49: 1434.7991 | AU49: 1436.1388 | AV49: 1434.7302
B50: Farm Slaughter | C50: 1000 head | D50: 2 | E50: 4 | F50: 9 | G50: 2 | H50: 2 | I50: 2 | J50: 2 | K50: 2 | L50: 2 | M50: 2 | N50: 2 | O50: 2 | P50: 2 | Q50: 2 | R50: 2 | S50: 2 | T50: 2 | U50: 2 | V50: 2 | W50: 2 | X50: 2 | Y50: 2 | Z50: 2 | AA50: 1 | AB50: 0.5 | AC50: 0.4 | AD50: 0.5 | AE50: 0.5 | AF50: 0.2 | AG50: 0.3 | AH50: 0.3 | AI50: 0.3 | AJ50: 0.3 | AK50: 0.5 | AL50: 0.5 | AM50: 0.5 | AN50: 0.5 | AO50: 0.5 | AP50: 0.5 | AQ50: 0.5 | AR50: 0.5 | AS50: 0.5 | AT50: 0.5 | AU50: 0.5 | AV50: 0.5
B51: Death Loss | C51: 1000 head | D51: 20 | E51: 37 | F51: 27 | G51: 24 | H51: 22 | I51: 16 | J51: 15 | K51: 12 | L51: 11 | M51: 20 | N51: 14 | O51: 13 | P51: 9 | Q51: 7 | R51: 9.4 | S51: 10 | T51: 10.6 | U51: 11.9 | V51: 12.1 | W51: 9.8 | X51: 8.6 | Y51: 8.5 | Z51: 7.9 | AA51: 8.3 | AB51: 9.6 | AC51: 8 | AD51: 8.5 | AE51: 11 | AF51: 10.1 | AG51: 10.5 | AH51: 12 | AI51: 12.5 | AJ51: 15.4 | AK51: 16 | AL51: 15.593996 | AM51: 16.189893 | AN51: 16.518647 | AO51: 16.723031 | AP51: 16.887573 | AQ51: 17.089313 | AR51: 17.221144 | AS51: 17.248685 | AT51: 17.189522 | AU51: 17.061081 | AV51: 16.873802
B53: Average Slaughter Weight (liveweight basis) | C53: lbs per head | D53: 216 | E53: 224 | F53: 231 | G53: 229 | H53: 230 | I53: 230 | J53: 239 | K53: 242 | L53: 239 | M53: 240 | N53: 235 | O53: 233 | P53: 229 | Q53: 230 | R53: 238 | S53: 238 | T53: 246 | U53: 250 | V53: 257 | W53: 258 | X53: 259 | Y53: 257 | Z53: 296 | AA53: 288 | AB53: 290 | AC53: 287 | AD53: 296 | AE53: 298 | AF53: 292 | AG53: 302 | AH53: 295 | AI53: 292 | AJ53: 309 | AK53: 295 | AL53: 292 | AM53: 300.66667 | AN53: 301.66667 | AO53: 302.66667 | AP53: 303.66667 | AQ53: 304.66667 | AR53: 305.66667 | AS53: 306.66667 | AT53: 307.66667 | AU53: 308.66667 | AV53: 309.66667
B55: Marketings (liveweight basis) | C55: mil pounds | D55: 88.83 | E55: 85.735 | F55: 103.33 | G55: 104.38 | H55: 102.387 | I55: 106.137 | J55: 103.35 | K55: 75.311 | L55: 96.248 | M55: 100.63 | N55: 102.39 | O55: 97.84 | P55: 82.04 | Q55: 63.414 | R55: 69.688 | S55: 70.647 | T55: 65.893 | U55: 57.812 | V55: 61.019 | W55: 69.228 | X55: 64.344 | Y55: 67.63 | Z55: 62.29 | AA55: 57.543 | AB55: 68.312 | AC55: 72.805 | AD55: 57.455 | AE55: 62.395 | AF55: 101.525 | AG55: 99.723 | AH55: 99.857 | AI55: 93.699 | AJ55: 84.109 | AK55: 103.566 | AL55: 118.16125 | AM55: 130.31793 | AN55: 133.73548 | AO55: 136.65537 | AP55: 139.41597 | AQ55: 142.35872 | AR55: 145.03895 | AS55: 147.61379 | AT55: 149.84771 | AU55: 151.81092 | AV55: 153.54478
B57: Hog Price, 51-52% lean, US | C57: $/CWT | D57: 57.750833 | E57: 51.785833 | F57: 44.869167 | G57: 48.165833 | H57: 42.0025 | I57: 44.624167 | J57: 56.535833 | K57: 54.3 | L57: 34.718333 | M57: 34 | N57: 44.693333 | O57: 45.8075 | P57: 34.913817 | Q57: 39.451867 | R57: 52.498683 | S57: 50.015367 | T57: 47.2564 | U57: 47.089283 | V57: 47.832983 | W57: 41.237733 | X57: 55.0597 | Y57: 66.114683 | Z57: 61.1277 | AA57: 64.046383 | AB57: 76.03315 | AC57: 50.230583 | AD57: 46.16 | AE57: 50.48 | AF57: 45.93 | AG57: 47.95 | AH57: 47.154675 | AI57: 67.529525 | AJ57: 72.088925 | AK57: 61.8488 | AL57: 63.405375 | AM57: 69.909775 | AN57: 68.285082 | AO57: 68.347228 | AP57: 67.51501 | AQ57: 67.306831 | AR57: 67.544393 | AS57: 67.85982 | AT57: 68.371825 | AU57: 68.945184 | AV57: 69.519353
B61: =+TOC!A90&" Poultry" -> North Dakota Poultry | D61: 1990 | E61: 1991 | F61: 1992 | G61: 1993 | H61: 1994 | I61: 1995 | J61: 1996 | K61: 1997 | L61: 1998 | M61: 1999 | N61: 2000 | O61: 2001 | P61: 2002 | Q61: 2003 | R61: 2004 | S61: 2005 | T61: 2006 | U61: 2007 | V61: 2008 | W61: 2009 | X61: 2010 | Y61: 2011 | Z61: 2012 | AA61: 2013 | AB61: 2014 | AC61: 2015 | AD61: 2016 | AE61: 2017 | AF61: 2018 | AG61: 2019 | AH61: 2020 | AI61: 2021 | AJ61: 2022 | AK61: 2023 | AL61: 2024 | AM61: 2025 | AN61: 2026 | AO61: 2027 | AP61: 2028 | AQ61: 2029 | AR61: 2030 | AS61: 2031 | AT61: 2032 | AU61: 2033 | AV61: 2034
C62: Units
B64: Turkey Production | C64: mil pounds | D64: 24288 | E64: 26169 | F64: 24625 | G64: 19550 | H64: 25300 | I64: 36750 | J64: 50600 | K64: 57980 | L64: 41580 | M64: 44100 | N64: 46360 | O64: 42080 | P64: 49590 | Q64: 34840 | R64: 26300 | S64: 32400 | T64: 48420 | U64: 52400
B65: Egg Production | C65: mil dozen | D65: 4.25 | E65: 4.9166667 | F65: 4.75 | G65: 5 | H65: 4.25 | I65: 3.9166667 | J65: 4.5833333 | K65: 4.0833333
B67: Implied Weighted Average Farm Prices
B68: Turkey Price | C68: cents/pound | D68: 35.000823 | E68: 36.000611 | F68: 35.001015 | G68: 35.002558 | H68: 36 | I68: 35.001361 | J68: 42 | K68: 38.999655 | L68: 35 | M68: 35 | N68: 36.000863 | O68: 35 | P68: 33.000605 | Q68: 34.001148 | R68: 40 | S68: 37 | T68: 36.999174 | U68: 44
B69: Egg Price | C69: cents/dozen | D69: 55.2 | E69: 36.610169 | F69: 29.494737 | G69: 55.68 | H69: 36 | I69: 38.4 | J69: 58.494545
AY72: =IFERROR((AM72-AL72)*AM72/AM72*AL72/AL72,"") | AZ72: =IFERROR((AN72-AM72)*AN72/AN72*AM72/AM72,"") | BB72: =IFERROR(AY72/AL72,"") | BC72: =IFERROR(AZ72/AM72,"")
AX73: =IFERROR((AL73-AK73)*AL73/AL73*AK73/AK73,"") | AY73: =IFERROR((AM73-AL73)*AM73/AM73*AL73/AL73,"") | BA73: =IFERROR(AX73/AK73,"") | BB73: =IFERROR(AY73/AL73,"")
B74: =+TOC!A90&" Dairy" -> North Dakota Dairy | D74: 1990 | E74: 1991 | F74: 1992 | G74: 1993 | H74: 1994 | I74: 1995 | J74: 1996 | K74: 1997 | L74: 1998 | M74: 1999 | N74: 2000 | O74: 2001 | P74: 2002 | Q74: 2003 | R74: 2004 | S74: 2005 | T74: 2006 | U74: 2007 | V74: 2008 | W74: 2009 | X74: 2010 | Y74: 2011 | Z74: 2012 | AA74: 2013 | AB74: 2014 | AC74: 2015 | AD74: 2016 | AE74: 2017 | AF74: 2018 | AG74: 2019 | AH74: 2020 | AI74: 2021 | AJ74: 2022 | AK74: 2023 | AL74: 2024 | AM74: 2025 | AN74: 2026 | AO74: 2027 | AP74: 2028 | AQ74: 2029 | AR74: 2030 | AS74: 2031 | AT74: 2032 | AU74: 2033 | AV74: 2034
C75: Units
B77: Milk Cows on Farms | C77: 1000 head | D77: 85 | E77: 82 | F77: 78 | G77: 71 | H77: 68 | I77: 64 | J77: 62 | K77: 56 | L77: 51 | M77: 49 | N77: 48 | O77: 46 | P77: 40 | Q77: 35 | R77: 34 | S77: 33 | T77: 32 | U77: 29 | V77: 26 | W77: 23 | X77: 21 | Y77: 19 | Z77: 18 | AA77: 18 | AB77: 16 | AC77: 16 | AD77: 16 | AE77: 16 | AF77: 15.375 | AG77: 14.75 | AH77: 14.75 | AI77: 15 | AJ77: 14.125 | AK77: 11.5 | AL77: 9.5 | AM77: 10.99772 | AN77: 11.371844 | AO77: 11.632378 | AP77: 11.721595 | AQ77: 11.745084 | AR77: 11.782743 | AS77: 11.836106 | AT77: 11.891858 | AU77: 11.947932 | AV77: 12.006076
B79: Production Per Cow | C79: pounds | D79: 12624 | E79: 12622 | F79: 12679 | G79: 12930 | H79: 12779 | I79: 13094 | J79: 12968 | K79: 12732 | L79: 13843 | M79: 14061 | N79: 14292 | O79: 14000 | P79: 14825 | Q79: 14285.714 | R79: 13676.471 | S79: 14181.818 | T79: 14687.5 | U79: 15310.345 | V79: 16076.923 | W79: 16826.087 | X79: 18285.714 | Y79: 18157.895 | Z79: 19277.778 | AA79: 18944.444 | AB79: 20250 | AC79: 20750 | AD79: 21500 | AE79: 21562.5 | AF79: 21723.577 | AG79: 22101.695 | AH79: 22237.288 | AI79: 22333.333 | AJ79: 22584.071 | AK79: 23478.261 | AL79: 24000 | AM79: 24020.898 | AN79: 24226.823 | AO79: 24352.253 | AP79: 24716.613 | AQ79: 25040.07 | AR79: 25373.584 | AS79: 25696.641 | AT79: 26017.082 | AU79: 26338.684 | AV79: 26662.274
B81: Milk Production | C81: mil pounds | D81: 1073.04 | E81: 1035.004 | F81: 988.962 | G81: 918.03 | H81: 868.972 | I81: 838.016 | J81: 804.016 | K81: 712.992 | L81: 705.993 | M81: 688.989 | N81: 686.016 | O81: 644 | P81: 593 | Q81: 500 | R81: 465 | S81: 468 | T81: 470 | U81: 444 | V81: 418 | W81: 387 | X81: 384 | Y81: 345 | Z81: 347 | AA81: 341 | AB81: 324 | AC81: 332 | AD81: 344 | AE81: 345 | AF81: 334 | AG81: 326 | AH81: 328 | AI81: 335 | AJ81: 319 | AK81: 270 | AL81: 228 | AM81: 264.17511 | AN81: 275.50367 | AO81: 283.27461 | AP81: 289.71812 | AQ81: 294.09774 | AR81: 298.97042 | AS81: 304.14818 | AT81: 309.39143 | AU81: 314.6928 | AV81: 320.10927
B83: All Milk Price | C83: $/CWT | D83: 12.5 | E83: 11.3 | F83: 12.3 | G83: 12 | H83: 12.2 | I83: 11.8 | J83: 13.7 | K83: 12.4 | L83: 14.3 | M83: 13.2 | N83: 11.3 | O83: 14.2 | P83: 11.8 | Q83: 12.2 | R83: 16.3 | S83: 15 | T83: 12.5 | U83: 18.5 | V83: 18.5 | W83: 13 | X83: 15.9 | Y83: 20 | Z83: 18.9 | AA83: 19.9 | AB83: 23.6 | AC83: 17.1 | AD83: 16.2 | AE83: 17.6 | AF83: 16.2 | AG83: 19.5 | AH83: 19.9 | AI83: 19.3 | AJ83: 25.6 | AK83: 19.4 | AL83: 23.2 | AM83: 23.060303 | AN83: 22.935576 | AO83: 21.971424 | AP83: 21.47355 | AQ83: 21.788704 | AR83: 22.297684 | AS83: 22.658026 | AT83: 23.061533 | AU83: 23.484878 | AV83: 23.861747
B85: Dairy Margin Coverage Program
B86: Feed Costs
B87: Corn | C87: $/CWT | AG87: 3.5506845 | AH87: 3.3132887 | AI87: 5.1067708 | AJ87: 6.3954911 | AK87: 5.6304613 | AL87: 4.0373065 | AM87: 3.942151 | AN87: 3.9028326 | AO87: 4.0875228 | AP87: 4.1948152 | AQ87: 4.156552 | AR87: 4.118878 | AS87: 4.0951334 | AT87: 4.1021631 | AU87: 4.1190715 | AV87: 4.1173377
B88: Blended Alfalfa Hay | C88: $/CWT | AG88: 3.1753333 | AH88: 3.2253333 | AI88: 3.672 | AJ88: 4.8573333 | AK88: 4.7866667 | AL88: 4.0213333 | AM88: 3.2693333 | AN88: 3.2594649 | AO88: 3.3304649 | AP88: 3.3326585 | AQ88: 3.4370437 | AR88: 3.5044806 | AS88: 3.5521676 | AT88: 3.5773817 | AU88: 3.5948076 | AV88: 3.5954365
B89: Soybean Meal | C89: $/CWT | AG89: 2.2935125 | AH89: 2.3958875 | AI89: 2.8998687 | AJ89: 3.4881563 | AK89: 3.3597938 | AL89: 2.6570812 | AM89: 2.129833 | AN89: 2.0643617 | AO89: 2.0803744 | AP89: 2.1453542 | AQ89: 2.1683149 | AR89: 2.1918007 | AS89: 2.2227679 | AT89: 2.2687763 | AU89: 2.3118013 | AV89: 2.3281612
B90: Total Feed Costs | C90: $/CWT | AG90: 9.0195304 | AH90: 8.9345095 | AI90: 11.67864 | AJ90: 14.740981 | AK90: 13.776922 | AL90: 10.715721 | AM90: 9.3413173 | AN90: 9.2266592 | AO90: 9.4983621 | AP90: 9.6728279 | AQ90: 9.7619106 | AR90: 9.8151594 | AS90: 9.870069 | AT90: 9.9483211 | AU90: 10.02568 | AV90: 10.040935
B92: Milk Margin Above Feed Costs | C92: $/CWT | AG92: 9.6083333 | AH92: 9.4516667 | AI92: 6.9166667 | AJ92: 10.730833 | AK92: 6.7008333 | AL92: 10.24 | AM92: 10.9903 | AN92: 11.111262 | AO92: 10.123369 | AP92: 9.6045286 | AQ92: 9.8069741 | AR92: 10.195386 | AS92: 10.455587 | AT92: 10.754809 | AU92: 11.077395 | AV92: 11.418456
B94: Established Production History | C94: mil pounds | AG94: 506.40852 | AH94: 501.2799 | AI94: 427.0961 | AJ94: 390.04507 | AK94: 302.24223 | AL94: 267.39664 | AM94: 269.45862 | AN94: 281.01374 | AO94: 288.9401 | AP94: 295.51248 | AQ94: 299.97969 | AR94: 304.94982 | AS94: 310.23114 | AT94: 315.57926 | AU94: 320.98666 | AV94: 326.51146
B95: Established Production Participating in DMC | C95: percent | AG95: 0.5532 | AH95: 0.5358 | AI95: 0.6307 | AJ95: 0.6961 | AK95: 0.7245 | AL95: 0.7245 | AM95: 0.7245 | AN95: 0.7245 | AO95: 0.7245 | AP95: 0.7245 | AQ95: 0.7245 | AR95: 0.7245 | AS95: 0.7245 | AT95: 0.7245 | AU95: 0.7245 | AV95: 0.7245
B96: Number of Dairy Farms Participating in DMC | C96: Number | AG96: 58 | AH96: 40 | AI96: 42 | AJ96: 50 | AK96: 34 | AL96: 25 | AM96: 25 | AN96: 25 | AO96: 25 | AP96: 25 | AQ96: 25 | AR96: 25 | AS96: 25 | AT96: 25 | AU96: 25 | AV96: 25
B98: Tier 1 Payments
B99: Gross payment | C99: $/CWT | AG99: 0.54166667 | AH99: 0.8125 | AI99: 2.5858333 | AJ99: 0.19166667 | AK99: 2.8058333 | AL99: 0.09 | AM99: 0 | AN99: 0 | AO99: 0 | AP99: 0 | AQ99: 0 | AR99: 0 | AS99: 0 | AT99: 0 | AU99: 0 | AV99: 0
B100: Less Budget Sequestration Adjustment | C100: percent | AG100: 0.062 | AH100: 0.059 | AI100: 0.057 | AJ100: 0.057 | AK100: 0.057 | AL100: 0.057 | AM100: 0.057 | AN100: 0.057 | AO100: 0.057 | AP100: 0.057 | AQ100: 0.057 | AR100: 0.057 | AS100: 0.057 | AT100: 0.057 | AU100: 0.057 | AV100: 0.057
B101: Less DMC Premium @ $9.50/cwt Coverage | C101: $/CWT | AG101: 0.15 | AH101: 0.15 | AI101: 0.15 | AJ101: 0.15 | AK101: 0.15 | AL101: 0.15 | AM101: 0.15 | AN101: 0.15 | AO101: 0.15 | AP101: 0.15 | AQ101: 0.15 | AR101: 0.15 | AS101: 0.15 | AT101: 0.15 | AU101: 0.15 | AV101: 0.15
B102: Net Tier 1 Payment | C102: $/CWT | AG102: 0.35808333 | AH102: 0.6145625 | AI102: 2.2884408 | AJ102: 0.030741667 | AK102: 2.4959008 | AL102: -0.06513 | AM102: 0 | AN102: 0 | AO102: 0 | AP102: 0 | AQ102: 0 | AR102: 0 | AS102: 0 | AT102: 0 | AU102: 0 | AV102: 0

Sheet Land
A1: TOC
B2: =+TOC!A90&" Land Use, Prices, and Rental Rates" -> North Dakota Land Use, Prices, and Rental Rates | D2: 1990 | E2: 1991 | F2: 1992 | G2: 1993 | H2: 1994 | I2: 1995 | J2: 1996 | K2: 1997 | L2: 1998 | M2: 1999 | N2: 2000 | O2: 2001 | P2: 2002 | Q2: 2003 | R2: 2004 | S2: 2005 | T2: 2006 | U2: 2007 | V2: 2008 | W2: 2009 | X2: 2010 | Y2: 2011 | Z2: 2012 | AA2: 2013 | AB2: 2014 | AC2: 2015 | AD2: 2016 | AE2: 2017 | AF2: 2018 | AG2: 2019 | AH2: 2020 | AI2: 2021 | AJ2: 2022 | AK2: 2023 | AL2: 2024 | AM2: 2025 | AN2: 2026 | AO2: 2027 | AP2: 2028 | AQ2: 2029 | AR2: 2030 | AS2: 2031 | AT2: 2032 | AU2: 2033 | AV2: 2034
C3: Units
B5: Total crop area
B6: Field crops | C6: 1000 acres | D6: 21363.2 | E6: 20636.9 | F6: 21172.7 | G6: 21338.9 | H6: 21081.5 | I6: 20169.2 | J6: 21985.3 | K6: 21962.5 | L6: 20602.6 | M6: 19262 | N6: 20882 | O6: 19912 | P6: 21478 | Q6: 21285 | R6: 20471 | S6: 20593 | T6: 20713 | U6: 21267 | V6: 22932 | W6: 20883 | X6: 20499 | Y6: 17745 | Z6: 22215 | AA6: 19854 | AB6: 22294 | AC6: 22931 | AD6: 23001 | AE6: 22835 | AF6: 23450 | AG6: 22345 | AH6: 19906 | AI6: 23211 | AJ6: 20826 | AK6: 23352 | AL6: 22361.9 | AM6: 23170 | AN6: 22791.229 | AO6: 22814.607 | AP6: 22830.262 | AQ6: 22835.449 | AR6: 22837.119 | AS6: 22839.035 | AT6: 22829.795 | AU6: 22817.349 | AV6: 22801.03
B7: Vegetables | C7: 1000 acres | D7: 720 | E7: 678 | F7: 586 | G7: 653 | H7: 703 | I7: 725 | J7: 714 | K7: 745 | L7: 876 | M7: 751 | N7: 734 | O7: 558 | P7: 908 | Q7: 657 | R7: 665 | S7: 712 | T7: 770 | U7: 787 | V7: 742 | W7: 693 | X7: 884 | Y7: 494 | Z7: 788 | AA7: 522 | AB7: 709 | AC7: 737 | AD7: 705 | AE7: 780 | AF7: 698.5 | AG7: 734 | AH7: 906.2 | AI7: 752.3 | AJ7: 658 | AK7: 627 | AL7: 803 | AM7: 674.54563 | AN7: 820.06518 | AO7: 809.32322 | AP7: 809.47886 | AQ7: 816.54712 | AR7: 821.59594 | AS7: 826.26961 | AT7: 830.7141 | AU7: 834.91897 | AV7: 839.35686
B8: Total crop area | C8: 1000 acres | D8: 22083.2 | E8: 21314.9 | F8: 21758.7 | G8: 21991.9 | H8: 21784.5 | I8: 20894.2 | J8: 22699.3 | K8: 22707.5 | L8: 21478.6 | M8: 20013 | N8: 21616 | O8: 20470 | P8: 22386 | Q8: 21942 | R8: 21136 | S8: 21305 | T8: 21483 | U8: 22054 | V8: 23674 | W8: 21576 | X8: 21383 | Y8: 18239 | Z8: 23003 | AA8: 20376 | AB8: 23003 | AC8: 23668 | AD8: 23706 | AE8: 23615 | AF8: 24148.5 | AG8: 23079 | AH8: 20812.2 | AI8: 23963.3 | AJ8: 21484 | AK8: 23979 | AL8: 23164.9 | AM8: 23844.546 | AN8: 23611.295 | AO8: 23623.931 | AP8: 23639.741 | AQ8: 23651.996 | AR8: 23658.715 | AS8: 23665.305 | AT8: 23660.509 | AU8: 23652.268 | AV8: 23640.387
B10: Conservation Reserve Program area | C10: 1000 acres | D10: 2865.7703 | E10: 2879.1175 | F10: 2897.8887 | G10: 2908.4289 | H10: 2908.4289 | I10: 2908.5887 | J10: 2836.5276 | K10: 2804.8722 | L10: 3290.5583 | M10: 3059.8922 | N10: 3164.191 | O10: 3320.775 | P10: 3322.932 | Q10: 3328.479 | R10: 3355.627 | S10: 3328.634 | T10: 3356.887 | U10: 3372.24 | V10: 2976.379 | W10: 2852.486 | X10: 2719.335 | Y10: 2647.964 | Z10: 2387.245 | AA10: 1780.545 | AB10: 1619.317 | AC10: 1523.711 | AD10: 1539.085 | AE10: 1528.686 | AF10: 1306.272 | AG10: 1295.115 | AH10: 1272.13 | AI10: 1235.24 | AJ10: 1244.348 | AK10: 1124.613 | AL10: 1145.42 | AM10: 1201.233 | AN10: 1213.5618 | AO10: 1211.7197 | AP10: 1213.831 | AQ10: 1208.2363 | AR10: 1203.812 | AS10: 1200.2007 | AT10: 1199.0843 | AU10: 1195.9098 | AV10: 1191.6951
B11: General Sign-Up | C11: 1000 acres | O11: 3208.653 | P11: 3198.771 | Q11: 3197.627 | R11: 3215.703 | S11: 3184.867 | T11: 3204.935 | U11: 3211.448 | V11: 2792.402 | W11: 2646.407 | X11: 2451.383 | Y11: 2342.105 | Z11: 2037.064 | AA11: 1350.333 | AB11: 1132.647 | AC11: 990.317 | AD11: 929.547 | AE11: 898.089 | AF11: 615.46 | AG11: 608.212 | AH11: 606.151 | AI11: 576.808 | AJ11: 526.48 | AK11: 286.398 | AL11: 261.367 | AM11: 260.229 | AN11: 263.79377 | AO11: 256.20161 | AP11: 258.88362 | AQ11: 248.04091 | AR11: 247.86854 | AS11: 240.48802 | AT11: 237.49035 | AU11: 230.88269 | AV11: 222.4523
B12: Continuous Sign-Up | C12: 1000 acres | O12: 112.122 | P12: 124.161 | Q12: 130.852 | R12: 139.924 | S12: 143.767 | T12: 151.952 | U12: 160.792 | V12: 183.977 | W12: 206.079 | X12: 267.952 | Y12: 305.859 | Z12: 350.181 | AA12: 430.212 | AB12: 486.67 | AC12: 533.394 | AD12: 609.538 | AE12: 619.759 | AF12: 668.531 | AG12: 661.466 | AH12: 640.542 | AI12: 605.813 | AJ12: 644.261 | AK12: 733.592 | AL12: 740.416 | AM12: 748.971 | AN12: 749.61748 | AO12: 750.26175 | AP12: 750.90408 | AQ12: 751.54449 | AR12: 746.78194 | AS12: 747.43472 | AT12: 748.08553 | AU12: 748.7344 | AV12: 749.38131
B13: Grasslands Sign-Up | C13: 1000 acres | AE13: 10.838 | AF13: 22.281 | AG13: 25.437 | AH13: 25.437 | AI13: 52.619 | AJ13: 73.607 | AK13: 104.623 | AL13: 143.637 | AM13: 192.033 | AN13: 200.15057 | AO13: 205.25637 | AP13: 204.04327 | AQ13: 208.65087 | AR13: 209.16153 | AS13: 212.27801 | AT13: 213.50845 | AU13: 216.29267 | AV13: 219.86151
B15: Total land use | C15: 1000 acres | D15: 24948.97 | E15: 24194.017 | F15: 24656.589 | G15: 24900.329 | H15: 24692.929 | I15: 23802.789 | J15: 25535.828 | K15: 25512.372 | L15: 24769.158 | M15: 23072.892 | N15: 24780.191 | O15: 23790.775 | P15: 25708.932 | Q15: 25270.479 | R15: 24491.627 | S15: 24633.634 | T15: 24839.887 | U15: 25426.24 | V15: 26650.379 | W15: 24428.486 | X15: 24102.335 | Y15: 20886.964 | Z15: 25390.245 | AA15: 22156.545 | AB15: 24622.317 | AC15: 25191.711 | AD15: 25245.085 | AE15: 25143.686 | AF15: 25454.772 | AG15: 24374.115 | AH15: 22084.33 | AI15: 25198.54 | AJ15: 22728.348 | AK15: 25103.613 | AL15: 24310.32 | AM15: 25045.779 | AN15: 24824.856 | AO15: 24835.65 | AP15: 24853.572 | AQ15: 24860.233 | AR15: 24862.527 | AS15: 24865.505 | AT15: 24859.594 | AU15: 24848.178 | AV15: 24832.082
B17: Land value
B18: All land including buildings | C18: $/acre | D18: 321 | E18: 337 | F18: 318 | G18: 335 | H18: 353 | I18: 373 | J18: 383 | K18: 390 | L18: 401 | M18: 400 | N18: 405 | O18: 410 | P18: 415 | Q18: 425 | R18: 460 | S18: 510 | T18: 580 | U18: 650 | V18: 770 | W18: 767 | X18: 821 | Y18: 930 | Z18: 1160 | AA18: 1550 | AB18: 1790 | AC18: 1870 | AD18: 1750 | AE18: 1740 | AF18: 1710 | AG18: 1710 | AH18: 1660 | AI18: 1730 | AJ18: 1920 | AK18: 2140 | AL18: 2260 | AM18: 2360 | AN18: 2346.6157 | AO18: 2332.9158 | AP18: 2347.4342 | AQ18: 2353.1088 | AR18: 2360.4406 | AS18: 2368.3695 | AT18: 2373.8402 | AU18: 2378.4672 | AV18: 2382.4466
B19: Cropland | C19: $/acre | K19: 427 | L19: 440 | M19: 440 | N19: 440 | O19: 445 | P19: 450 | Q19: 460 | R19: 490 | S19: 550 | T19: 610 | U19: 670 | V19: 810 | W19: 787 | X19: 840 | Y19: 987 | Z19: 1260 | AA19: 1750 | AB19: 2020 | AC19: 2080 | AD19: 1910 | AE19: 1890 | AF19: 1870 | AG19: 1890 | AH19: 1860 | AI19: 1960 | AJ19: 2200 | AK19: 2450 | AL19: 2600 | AM19: 2710 | AN19: 2693.2831 | AO19: 2677.6249 | AP19: 2694.2186 | AQ19: 2700.7043 | AR19: 2709.0842 | AS19: 2718.1465 | AT19: 2724.3992 | AU19: 2729.6875 | AV19: 2734.2357
B20: Pasture land | C20: $/acre | K20: 141 | L20: 144 | M20: 150 | N20: 155 | O20: 160 | P20: 165 | Q20: 170 | R20: 190 | S20: 220 | T20: 260 | U20: 300 | V20: 350 | W20: 344 | X20: 357 | Y20: 389 | Z20: 458 | AA20: 578 | AB20: 738 | AC20: 828 | AD20: 794 | AE20: 804 | AF20: 776 | AG20: 806 | AH20: 762 | AI20: 798 | AJ20: 871 | AK20: 987 | AL20: 1050 | AM20: 1140 | AN20: 1153.7047 | AO20: 1155.1807 | AP20: 1159.9656 | AQ20: 1163.5056 | AR20: 1167.0309 | AS20: 1170.7231 | AT20: 1173.7705 | AU20: 1176.3181 | AV20: 1178.48
B22: Rental rates
B23: Cropland | C23: $/acre | H23: 32.9 | I23: 33.1 | J23: 34 | K23: 35 | L23: 35 | M23: 35.5 | N23: 35.5 | O23: 36 | P23: 36.5 | Q23: 36.5 | R23: 37.5 | S23: 39 | T23: 39 | U23: 41 | V23: 42.5 | W23: 45.5 | X23: 46.5 | Y23: 51.5 | Z23: 58 | AA23: 65 | AB23: 68 | AC23: 69 | AD23: 68 | AE23: 65 | AF23: 65 | AG23: 70 | AH23: 70.5 | AI23: 73.5 | AJ23: 74 | AK23: 77 | AL23: 82.5 | AM23: 84 | AN23: 83.327093 | AO23: 82.850655 | AP23: 82.807162 | AQ23: 82.851585 | AR23: 82.952907 | AS23: 83.085735 | AT23: 83.204809 | AU23: 83.308484 | AV23: 83.398207
B24: Irrigated cropland | C24: $/acre | V24: 125 | W24: 122 | X24: 122 | Y24: 132 | Z24: 136 | AA24: 165 | AB24: 166 | AC24: 161 | AD24: 166 | AE24: 161 | AF24: 163 | AG24: 164 | AH24: 174 | AI24: 188 | AJ24: 188 | AK24: 189 | AL24: 192 | AM24: 191 | AN24: 195.22091 | AO24: 194.75007 | AP24: 194.60592 | AQ24: 194.67929 | AR24: 194.89416 | AS24: 195.18987 | AT24: 195.46714 | AU24: 195.71089 | AV24: 195.92229
B25: Non-irrigated cropland | C25: $/acre | V25: 42 | W25: 45 | X25: 46 | Y25: 51 | Z25: 57 | AA25: 64 | AB25: 67 | AC25: 68 | AD25: 67 | AE25: 64 | AF25: 64 | AG25: 69 | AH25: 69.5 | AI25: 72.5 | AJ25: 73 | AK25: 76 | AL25: 81.5 | AM25: 83 | AN25: 82.285006 | AO25: 81.822257 | AP25: 81.779177 | AQ25: 81.822567 | AR25: 81.921926 | AS25: 82.052296 | AT25: 82.169268 | AU25: 82.271131 | AV25: 82.35929
B26: Pasture land | C26: $/acre | H26: 8.3 | I26: 8 | J26: 8.5 | K26: 9 | L26: 9.2 | M26: 9.3 | N26: 9.5 | O26: 9.8 | P26: 9.7 | Q26: 9.8 | R26: 10.2 | S26: 10.6 | T26: 11.3 | U26: 12.5 | V26: 13.5 | W26: 14 | X26: 13 | Y26: 13.5 | Z26: 14 | AA26: 15 | AB26: 16 | AC26: 18 | AD26: 17 | AE26: 17 | AF26: 17 | AG26: 17.5 | AH26: 18 | AI26: 18.5 | AJ26: 19.5 | AK26: 20.5 | AL26: 21.5 | AM26: 23.5 | AN26: 23.892136 | AO26: 24.085104 | AP26: 24.199071 | AQ26: 24.273465 | AR26: 24.32934 | AS26: 24.377044 | AT26: 24.418356 | AU26: 24.45419 | AV26: 24.485252
B28: Conservation Reserve Program Rental Rates | C28: $/acre | D28: 38.41 | E28: 38.38 | F28: 38.35 | G28: 38.33 | H28: 38.33 | I28: 38.33 | J28: 38.25 | K28: 38.19 | L28: 34.76 | M28: 33.65 | N28: 32.93 | O28: 33.01 | P28: 33.05 | Q28: 33.08 | R28: 33.04 | S28: 33.1 | T28: 33.14 | U28: 33.24 | V28: 33.7 | W28: 34.04 | X28: 34.94 | Y28: 36.23 | Z28: 37.62 | AA28: 41.22 | AB28: 42.99 | AC28: 44.42 | AD28: 46.98 | AE28: 47.69 | AF28: 51.86 | AG28: 51.96 | AH28: 51.86 | AI28: 52.18 | AJ28: 54.01 | AK28: 61.47 | AL28: 61.96 | AM28: 59.316852 | AN28: 59.348451 | AO28: 59.628925 | AP28: 60.063969 | AQ28: 60.344586 | AR28: 60.585157 | AS28: 61.053928 | AT28: 61.544065 | AU28: 62.30252 | AV28: 62.717468
B29: General Sign-Up | C29: $/acre | O29: 32.74 | P29: 32.74 | Q29: NA | R29: 32.67 | S29: 32.71 | T29: 32.71 | U29: 32.77 | V29: 33.08 | W29: 33.1 | X29: 33.11 | Y29: 34.04 | Z29: 34.24 | AA29: 35.46 | AB29: 36.07 | AC29: 35.78 | AD29: 35.78 | AE29: 35.93 | AF29: 37.6 | AG29: 37.67 | AH29: 37.67 | AI29: 38.89 | AJ29: 40.68 | AK29: 47.15 | AL29: 47.87 | AM29: 45.357291 | AN29: 45.371364 | AO29: 45.162469 | AP29: 45.16322 | AQ29: 44.866401 | AR29: 44.759672 | AS29: 45.321259 | AT29: 46.084679 | AU29: 46.212712 | AV29: 46.198664
B30: Continuous Sign-Up | C30: $/acre | O30: 40.83 | P30: 40.71 | Q30: NA | R30: 40.61 | S30: 40.63 | T30: 40.87 | U30: 40.94 | V30: 43.22 | W30: 46.13 | X30: 51.7 | Y30: 53.06 | Z30: 57.28 | AA30: 59.3 | AB30: 59.1 | AC30: 60.46 | AD30: 64.05 | AE30: 65.25 | AF30: 66.15 | AG30: 66.46 | AH30: 66.68 | AI30: 67.99 | AJ30: 69.27 | AK30: 73.51 | AL30: 75.86 | AM30: 75.035246 | AN30: 75.483833 | AO30: 76.033839 | AP30: 76.609773 | AQ30: 77.077151 | AR30: 77.538655 | AS30: 77.996192 | AT30: 78.396593 | AU30: 79.438133 | AV30: 79.980977
B31: Grasslands Sign-Up | C31: $/acre | AE31: 17.84 | AF31: 17.02 | AG31: 16.83 | AH31: 16.83 | AI31: 15.89 | AJ31: 15.76 | AK31: 16.24 | AL31: 15.96 | AM31: 16.928621 | AN31: 17.338598 | AO31: 17.722069 | AP31: 18.078995 | AQ31: 18.475391 | AR31: 18.809189 | AS31: 19.223324 | AT31: 19.692433 | AU31: 20.159787 | AV31: 20.589561

Sheet Receipts
A1: TOC
B2: =+TOC!A90&" Cash Receipts from Farming" -> North Dakota Cash Receipts from Farming | D2: 1990 | E2: 1991 | F2: 1992 | G2: 1993 | H2: 1994 | I2: 1995 | J2: 1996 | K2: 1997 | L2: 1998 | M2: 1999 | N2: 2000 | O2: 2001 | P2: 2002 | Q2: 2003 | R2: 2004 | S2: 2005 | T2: 2006 | U2: 2007 | V2: 2008 | W2: 2009 | X2: 2010 | Y2: 2011 | Z2: 2012 | AA2: 2013 | AB2: 2014 | AC2: 2015 | AD2: 2016 | AE2: 2017 | AF2: 2018 | AG2: 2019 | AH2: 2020 | AI2: 2021 | AJ2: 2022 | AK2: 2023 | AL2: 2024 | AM2: 2025 | AN2: 2026 | AO2: 2027 | AP2: 2028 | AQ2: 2029 | AR2: 2030 | AS2: 2031 | AT2: 2032 | AU2: 2033 | AV2: 2034
B4: million dollars
B5: All commodities | D5: 2376.515 | E5: 2505.689 | F5: 2889.641 | G5: 2947.285 | H5: 3014.948 | I5: 3109.408 | J5: 3441.744 | K5: 3321.046 | L5: 2937.362 | M5: 2733.24 | N5: 2770.609 | O5: 2980.98 | P5: 3337.975 | Q5: 3842.948 | R5: 3871.372 | S5: 3882.981 | T5: 4111.738 | U5: 5850.302 | V5: 6909.594 | W5: 6625.803 | X5: 6787.997 | Y5: 7393.256 | Z5: 9188.953 | AA5: 8850.913 | AB5: 8685.168 | AC5: 7103.186 | AD5: 8128.899 | AE5: 7841.596 | AF5: 7708.64 | AG5: 7498.81 | AH5: 7375.737 | AI5: 9078.601 | AJ5: 11345.702 | AK5: 11830.96 | AL5: 11120.303 | AM5: 11287.107 | AN5: 11409.768 | AO5: 11541.485 | AP5: 11666.779 | AQ5: 11686.285 | AR5: 11710.073 | AS5: 11765.997 | AT5: 11871.504 | AU5: 11943.939 | AV5: 11965.951
B7: Crops | D7: 1732.712 | E7: 1879.842 | F7: 2239.635 | G7: 2349.334 | H7: 2395.061 | I7: 2536.297 | J7: 2898.185 | K7: 2722.804 | L7: 2349.233 | M7: 2061.138 | N7: 2109.355 | O7: 2193.074 | P7: 2540.455 | Q7: 2983.579 | R7: 2943.642 | S7: 2899.731 | T7: 3222.982 | U7: 4878.026 | V7: 6000.9 | W7: 5829.346 | X7: 5829.361 | Y7: 6266.853 | Z7: 8084.494 | AA7: 7570.982 | AB7: 7024.438 | AC7: 5790.581 | AD7: 7035.167 | AE7: 6598.928 | AF7: 6440.163 | AG7: 6309.75 | AH7: 6259.594 | AI7: 7693.782 | AJ7: 9782.253 | AK7: 10097.231 | AL7: 9428.393 | AM7: 9006.3113 | AN7: 9113.9819 | AO7: 9250.3125 | AP7: 9486.7558 | AQ7: 9556.0935 | AR7: 9587.4754 | AS7: 9656.9811 | AT7: 9772.7772 | AU7: 9905.7255 | AV7: 10001.969
B8: Feed crops | D8: 342.208 | E8: 336.775 | F8: 380.004 | G8: 315.356 | H8: 358.552 | I8: 391.257 | J8: 498.249 | K8: 441.97 | L8: 350.742 | M8: 314.027 | N8: 327.776 | O8: 344.16 | P8: 389.654 | Q8: 517.385 | R8: 568.617 | S8: 415.558 | T8: 488.678 | U8: 840.832 | V8: 1416.676 | W8: 1255.503 | X8: 997.986 | Y8: 1352.67 | Z8: 2005.453 | AA8: 2218.722 | AB8: 1658.138 | AC8: 1252.728 | AD8: 1483.748 | AE8: 1495.963 | AF8: 1552.578 | AG8: 1520.942 | AH8: 1325.373 | AI8: 1725.784 | AJ8: 2485.373 | AK8: 2311.265 | AL8: 2464.062 | AM8: 2320.7028 | AN8: 2404.3971 | AO8: 2410.1237 | AP8: 2514.7227 | AQ8: 2524.546 | AR8: 2528.5568 | AS8: 2543.3981 | AT8: 2575.0093 | AU8: 2616.6383 | AV8: 2645.0234
B9: Barley | D9: 225.057 | E9: 200.642 | F9: 237.281 | G9: 174.885 | H9: 215.103 | I9: 230.057 | J9: 293.159 | K9: 218.818 | L9: 148.453 | M9: 128.575 | N9: 115.719 | O9: 147.014 | P9: 129.405 | Q9: 228.427 | R9: 214.857 | S9: 152.076 | T9: 110.782 | U9: 245.221 | V9: 328.203 | W9: 341.572 | X9: 229.304 | Y9: 150.054 | Z9: 256.018 | AA9: 289.741 | AB9: 215.501 | AC9: 264.691 | AD9: 229.474 | AE9: 163.25 | AF9: 123.414 | AG9: 120.742 | AH9: 133.357 | AI9: 139.612 | AJ9: 237.103 | AK9: 255.783 | AL9: 220.083 | AM9: 127.88043 | AN9: 125.9112 | AO9: 130.72655 | AP9: 138.93267 | AQ9: 140.42012 | AR9: 140.34569 | AS9: 141.19163 | AT9: 143.419 | AU9: 145.80792 | AV9: 147.92027
B10: Corn | D10: 68.656 | E10: 82.352 | F10: 78.988 | G10: 49.809 | H10: 59.999 | I10: 103.409 | J10: 133.003 | K10: 122.811 | L10: 124.501 | M10: 123.357 | N10: 145.943 | O10: 125.802 | P10: 192.249 | Q10: 216.467 | R10: 256.372 | S10: 192.328 | T10: 309.489 | U10: 508.934 | V10: 993.1 | W10: 830.692 | X10: 708.352 | Y10: 1122.104 | Z10: 1638.057 | AA10: 1765.753 | AB10: 1298.479 | AC10: 876.972 | AD10: 1176.96 | AE10: 1256.444 | AF10: 1343.113 | AG10: 1294.311 | AH10: 1088.075 | AI10: 1471.804 | AJ10: 2077.006 | AK10: 1894.374 | AL10: 2115.124 | AM10: 2055.0153 | AN10: 2152.72 | AO10: 2157.0898 | AP10: 2247.4878 | AQ10: 2249.9032 | AR10: 2249.556 | AS10: 2260.5854 | AT10: 2288.128 | AU10: 2326.6716 | AV10: 2353.7549
B11: Hay | D11: 33.056 | E11: 36.535 | F11: 43.545 | G11: 69.189 | H11: 62.511 | I11: 40.213 | J11: 58.682 | K11: 90.669 | L11: 68.449 | M11: 55.486 | N11: 60.667 | O11: 63.861 | P11: 59.18 | Q11: 62.859 | R11: 88.396 | S11: 64.232 | T11: 60.261 | U11: 73.153 | V11: 74.994 | W11: 75.875 | X11: 51.44 | Y11: 74.984 | Z11: 103.948 | AA11: 151.374 | AB11: 129.988 | AC11: 95.356 | AD11: 70.54 | AE11: 65.294 | AF11: 78.998 | AG11: 90.532 | AH11: 89.66 | AI11: 100.727 | AJ11: 118.8 | AK11: 127.149 | AL11: 93.292 | AM11: 100.10365 | AN11: 100.94884 | AO11: 101.51876 | AP11: 107.56446 | AQ11: 113.52615 | AR11: 118.04429 | AS11: 121.11774 | AT11: 123.10519 | AU11: 123.96569 | AV11: 123.28133
B12: Oats | D12: 15.439 | E12: 17.246 | F12: 20.19 | G12: 21.473 | H12: 20.939 | I12: 17.578 | J12: 13.405 | K12: 9.673 | L12: 9.339 | M12: 6.609 | N12: 5.447 | O12: 7.483 | P12: 8.821 | Q12: 9.632 | R12: 8.993 | S12: 6.922 | T12: 8.147 | U12: 13.523 | V12: 20.38 | W12: 7.364 | X12: 8.89 | Y12: 5.528 | Z12: 7.43 | AA12: 11.855 | AB12: 14.17 | AC12: 15.71 | AD12: 6.774 | AE12: 10.976 | AF12: 7.054 | AG12: 15.357 | AH12: 14.28 | AI12: 13.64 | AJ12: 52.464 | AK12: 33.959 | AL12: 35.564 | AM12: 37.703424 | AN12: 24.817064 | AO12: 20.788575 | AP12: 20.737745 | AQ12: 20.696509 | AR12: 20.610797 | AS12: 20.503321 | AT12: 20.357138 | AU12: 20.1931 | AV12: 20.066862
B13: Other feed grains | D13: 0 | E13: 0 | F13: 0 | G13: 0 | H13: 0 | I13: 0 | J13: 0 | K13: -0.001 | L13: 0 | M13: 0 | N13: 0 | O13: 0 | P13: -0.001 | Q13: 0 | R13: -0.001 | S13: 0 | T13: -0.001 | U13: 0.001 | V13: -0.001 | W13: 0 | X13: 0 | Y13: 0 | Z13: 0 | AA13: -0.001 | AB13: 0 | AC13: -0.001 | AD13: 0 | AE13: -0.001 | AF13: -0.001 | AG13: 0 | AH13: 0.001 | AI13: 0.001 | AJ13: 0 | AK13: 0 | AL13: -0.001 | AM13: 0 | AN13: 0 | AO13: 0 | AP13: 0 | AQ13: 0 | AR13: 0 | AS13: 0 | AT13: 0 | AU13: 0 | AV13: 0
B14: Food grains | D14: 791.509 | E14: 921.529 | F14: 1181.819 | G14: 1464.87 | H14: 1263.511 | I14: 1400.048 | J14: 1509.079 | K14: 1304.877 | L14: 933.104 | M14: 712.705 | N14: 785.417 | O14: 776.056 | P14: 857.283 | Q14: 930.338 | R14: 1010.771 | S14: 1052.921 | T14: 1045.56 | U14: 1844.414 | V14: 2043.403 | W14: 1948.236 | X14: 2018.371 | Y14: 2047.96 | Z14: 2316.78 | AA14: 1737.804 | AB14: 2002.66 | AC14: 1641.374 | AD14: 1579.386 | AE14: 1531.235 | AF14: 1625.225 | AG14: 1608.48 | AH14: 1468.775 | AI14: 1785.815 | AJ14: 2183.291 | AK14: 2477.636 | AL14: 2017.353 | AM14: 1917.5088 | AN14: 1822.526 | AO14: 1845.6158 | AP14: 1846.0859 | AQ14: 1845.4158 | AR14: 1840.8776 | AS14: 1835.7595 | AT14: 1830.7827 | AU14: 1827.9743 | AV14: 1821.9839
B15: Wheat | D15: 790.405 | E15: 920.24 | F15: 1180.02 | G15: 1463.202 | H15: 1262.345 | I15: 1398.872 | J15: 1508.073 | K15: 1303.833 | L15: 928.502 | M15: 708.481 | N15: 783.796 | O15: 775.487 | P15: 856.994 | Q15: 929.653 | R15: 1009.507 | S15: 1051.676 | T15: 1044.422 | U15: 1842.863 | V15: 2040.995 | W15: 1945.66 | X15: 2016.446 | Y15: 2045.972 | Z15: 2315.169 | AA15: 1735.785 | AB15: 1999.16 | AC15: 1636.645 | AD15: 1573.988 | AE15: 1524.096 | AF15: 1615.265 | AG15: 1597.109 | AH15: 1458.406 | AI15: 1777.867 | AJ15: 2170.342 | AK15: 2460.107 | AL15: 2001.689 | AM15: 1901.2295 | AN15: 1805.6637 | AO15: 1827.1514 | AP15: 1826.2295 | AQ15: 1824.1804 | AR15: 1818.3091 | AS15: 1811.8696 | AT15: 1805.5744 | AU15: 1801.4226 | AV15: 1794.1382
B16: Other food grains | D16: 1.104 | E16: 1.289 | F16: 1.799 | G16: 1.668 | H16: 1.166 | I16: 1.176 | J16: 1.006 | K16: 1.044 | L16: 4.602 | M16: 4.224 | N16: 1.621 | O16: 0.569 | P16: 0.289 | Q16: 0.685 | R16: 1.264 | S16: 1.245 | T16: 1.138 | U16: 1.551 | V16: 2.408 | W16: 2.576 | X16: 1.925 | Y16: 1.988 | Z16: 1.611 | AA16: 2.019 | AB16: 3.5 | AC16: 4.729 | AD16: 5.398 | AE16: 7.139 | AF16: 9.96 | AG16: 11.371 | AH16: 10.369 | AI16: 7.948 | AJ16: 12.949 | AK16: 17.529 | AL16: 15.664 | AM16: 16.279231 | AN16: 16.862317 | AO16: 18.464347 | AP16: 19.856396 | AQ16: 21.235482 | AR16: 22.5685 | AS16: 23.889939 | AT16: 25.208302 | AU16: 26.551702 | AV16: 27.845701
B17: Oilseeds | D17: 244.21 | E17: 268.048 | F17: 288.735 | G17: 219.896 | H17: 330.239 | I17: 342.741 | J17: 380.721 | K17: 559.822 | L17: 564.204 | M17: 542.039 | N17: 555.931 | O17: 604.8 | P17: 788.182 | Q17: 1001.159 | R17: 819.873 | S17: 843.379 | T17: 1035.765 | U17: 1356.21 | V17: 1651.308 | W17: 1782.21 | X17: 1928.066 | Y17: 2028.012 | Z17: 2790.748 | AA17: 2565.999 | AB17: 2552.353 | AC17: 2012.402 | AD17: 2971.229 | AE17: 2629.743 | AF17: 2403.745 | AG17: 2447.786 | AH17: 2573.638 | AI17: 3142.493 | AJ17: 3941.823 | AK17: 3896.954 | AL17: 3369.232 | AM17: 3251.9346 | AN17: 3356.9431 | AO17: 3480.9124 | AP17: 3581.5058 | AQ17: 3617.7703 | AR17: 3628.151 | AS17: 3664.3146 | AT17: 3725.7227 | AU17: 3791.347 | AV17: 3837.8887
... B42: Other livestock | D42: 19.057 | E42: 22.942 | F42: 27.754 | G42: 26.54 | H42: 34.32 | I42: 43.78 | J42: 45.195 | K42: 42.01 | L42: 43.904 | M42: 36.167 | N42: 44.404 | O42: 41.4 | P42: 57.557 | Q42: 57.308 | R42: 51.47 | S42: 48.011 | T42: 45.049 | U42: 46.752 | V42: 77.571 | W42: 82.942 | X42: 100.952 | Y42: 85.039 | Z42: 94.221 | AA42: 96.849 | AB42: 112.634 | AC42: 93.197 | AD42: 97.985 | AE42: 92.516 | AF42: 102.061 | AG42: 76.741 | AH42: 89.738 | AI42: 92.353 | AJ42: 111.602 | AK42: 101.979 | AL42: 101.188 | AM42: 101.82954 | AN42: 150.42863 | AO42: 148.28269 | AP42: 148.7574 | AQ42: 138.66964 | AR42: 135.01644 | AS42: 134.44022 | AT42: 133.12152 | AU42: 132.12704 | AV42: 126.64062
B44: * Collection of data on cash receipts for hogs & pigs was discontinued by USDA in early 2024.

Sheet GovtPaymentsPrograms
A1: TOC
B2: =+TOC!A90&" Direct Government Payments and Programs" -> North Dakota Direct Government Payments and Programs | D2: 1990 | E2: 1991 | F2: 1992 | G2: 1993 | H2: 1994 | I2: 1995 | J2: 1996 | K2: 1997 | L2: 1998 | M2: 1999 | N2: 2000 | O2: 2001 | P2: 2002 | Q2: 2003 | R2: 2004 | S2: 2005 | T2: 2006 | U2: 2007 | V2: 2008 | W2: 2009 | X2: 2010 | Y2: 2011 | Z2: 2012 | AA2: 2013 | AB2: 2014 | AC2: 2015 | AD2: 2016 | AE2: 2017 | AF2: 2018 | AG2: 2019 | AH2: 2020 | AI2: 2021 | AJ2: 2022 | AK2: 2023 | AL2: 2024 | AM2: 2025 | AN2: 2026 | AO2: 2027 | AP2: 2028 | AQ2: 2029 | AR2: 2030 | AS2: 2031 | AT2: 2032 | AU2: 2033 | AV2: 2034
B5: =+TOC!A90&" Direct Government Payments" -> North Dakota Direct Government Payments | D5: 1990 | E5: 1991 | F5: 1992 | G5: 1993 | H5: 1994 | I5: 1995 | J5: 1996 | K5: 1997 | L5: 1998 | M5: 1999 | N5: 2000 | O5: 2001 | P5: 2002 | Q5: 2003 | R5: 2004 | S5: 2005 | T5: 2006 | U5: 2007 | V5: 2008 | W5: 2009 | X5: 2010 | Y5: 2011 | Z5: 2012 | AA5: 2013 | AB5: 2014 | AC5: 2015 | AD5: 2016 | AE5: 2017 | AF5: 2018 | AG5: 2019 | AH5: 2020 | AI5: 2021 | AJ5: 2022 | AK5: 2023 | AL5: 2024 | AM5: 2025 | AN5: 2026 | AO5: 2027 | AP5: 2028 | AQ5: 2029 | AR5: 2030 | AS5: 2031 | AT5: 2032 | AU5: 2033 | AV5: 2034
B7: million dollars
B8: Total direct government payments | D8: 545.378 | E8: 533.853 | F8: 443.156 | G8: 564.531 | H8: 457.317 | I8: 296.215 | J8: 353.417 | K8: 361.478 | L8: 608.766 | M8: 975.583 | N8: 1178.036 | O8: 944.71 | P8: 383.528 | Q8: 652.152 | R8: 466.955 | S8: 832.506 | T8: 453.14 | U8: 392.683 | V8: 510.546 | W8: 441.789 | X8: 844.788 | Y8: 460.805 | Z8: 409.094 | AA8: 600.757 | AB8: 217.242 | AC8: 363.039 | AD8: 622.047 | AE8: 588.382 | AF8: 738.975 | AG8: 1056.132 | AH8: 1760.313 | AI8: 1450.228 | AJ8: 1458.55 | AK8: 313.078 | AL8: 293.984 | AM8: 1718.2763 | AN8: 1011.5185 | AO8: 949.42642 | AP8: 839.77737 | AQ8: 779.25961 | AR8: 771.79189 | AS8: 780.89874 | AT8: 799.32842 | AU8: 814.18491 | AV8: 827.89326
B10: Price loss coverage (PLC) | D10: 0 | E10: 0 | F10: 0 | G10: 0 | H10: 0 | I10: 0 | J10: 0 | K10: 0 | L10: 0 | M10: 0 | N10: 0 | O10: 0 | P10: 0 | Q10: 0 | R10: 0 | S10: 0 | T10: 0 | U10: 0 | V10: 0 | W10: 0 | X10: 0 | Y10: 0 | Z10: 0 | AA10: 0 | AB10: 0 | AC10: 50.257 | AD10: 120.157 | AE10: 178.982 | AF10: 131.953 | AG10: 124.113 | AH10: 387.682 | AI10: 184.049 | AJ10: 0.342 | AK10: 0.026 | AL10: 0.01 | AM10: 0.012436218 | AN10: 108.92009 | AO10: 380.88177 | AP10: 250.08548 | AQ10: 271.05272 | AR10: 297.76439 | AS10: 307.3172 | AT10: 335.7413 | AU10: 350.35669 | AV10: 362.80942
B11: Agriculture risk coverage (ARC) | D11: 0 | E11: 0 | F11: 0 | G11: 0 | H11: 0 | I11: 0 | J11: 0 | K11: 0 | L11: 0 | M11: 0 | N11: 0 | O11: 0 | P11: 0 | Q11: 0 | R11: 0 | S11: 0 | T11: 0 | U11: 0 | V11: 0 | W11: 0 | X11: 0 | Y11: 0 | Z11: 0 | AA11: 0 | AB11: 0 | AC11: 137.813 | AD11: 340.71 | AE11: 189.542 | AF11: 153.069 | AG11: 28.972 | AH11: 82.697 | AI11: 13.696 | AJ11: 40.151 | AK11: 0.824 | AL11: 0.999 | AM11: 54.431279 | AN11: 256.31855 | AO11: 232.57274 | AP11: 252.37786 | AQ11: 167.81341 | AR11: 130.5671 | AS11: 127.78326 | AT11: 116.36072 | AU11: 114.96059 | AV11: 113.73332
B12: Loan deficiency payments | D12: 0 | E12: 0 | F12: 0 | G12: 0 | H12: 0 | I12: 0.007 | J12: -0.003 | K12: 0 | L12: 91.329 | M12: 236.305 | N12: 411.894 | O12: 199.618 | P12: 9.219 | Q12: 14.462 | R12: 102.869 | S12: 132.494 | T12: 56.2 | U12: 1.833 | V12: 0.072 | W12: 83.415 | X12: 78.841 | Y12: 2.846 | Z12: -0.36 | AA12: -0.057 | AB12: 0 | AC12: 0 | AD12: 0.637 | AE12: 0.011 | AF12: 0 | AG12: 1.041 | AH12: 0.107 | AI12: 0.129 | AJ12: 0.126 | AK12: 0.141 | AL12: 0.119 | AM12: 0.17953175 | AN12: 14.310664 | AO12: 11.619482 | AP12: 10.524006 | AQ12: 11.849625 | AR12: 13.175303 | AS12: 13.48182 | AT12: 12.732631 | AU12: 12.03328 | AV12: 12.683229
B13: Dairy margin coverage program | D13: 0 | E13: 0 | F13: 0 | G13: 0 | H13: 0 | I13: 0 | J13: 0 | K13: 0 | L13: 0 | M13: 0 | N13: 0 | O13: 0 | P13: 0 | Q13: 0 | R13: 0 | S13: 0 | T13: 0 | U13: 0 | V13: 0 | W13: 0 | X13: 0 | Y13: 0 | Z13: 0 | AA13: 0 | AB13: 0 | AC13: 0 | AD13: 0.023 | AE13: 0 | AF13: 0.629 | AG13: 0.617 | AH13: 0.601 | AI13: 2.545 | AJ13: 0.296 | AK13: 2.343 | AL13: 0.115 | AM13: 0 | AN13: 0 | AO13: 0 | AP13: 0 | AQ13: 0 | AR13: 0 | AS13: 0 | AT13: 0 | AU13: 0 | AV13: 0
B14: Conservation | D14: 121.07 | E14: 116.56 | F14: 109.955 | G14: 110.839 | H14: 114.761 | I14: 113.72 | J14: 106.213 | K14: 103.331 | L14: 125.203 | M14: 113.064 | N14: 108.428 | O14: 115.967 | P14: 114.019 | Q14: 114.331 | R14: 116.86 | S14: 128.749 | T14: 134.733 | U14: 136.205 | V14: 128.685 | W14: 121.494 | X14: 161.36 | Y14: 175.105 | Z14: 168.8 | AA14: 155.175 | AB14: 157.098 | AC14: 167.143 | AD14: 158.905 | AE14: 162.549 | AF14: 161.485 | AG14: 146.395 | AH14: 138.489 | AI14: 124.644 | AJ14: 119.338 | AK14: 119.915 | AL14: 124.77 | AM14: 127.32698 | AN14: 129.95134 | AO14: 132.00055 | AP14: 134.43856 | AQ14: 136.19226 | AR14: 137.93345 | AS14: 139.96488 | AT14: 142.14217 | AU14: 144.48273 | AV14: 146.3157
B15: Supplemental and ad hoc disaster assistance | D15: 0 | E15: 0 | F15: 0 | G15: 0 | H15: 0 | I15: 0 | J15: 0 | K15: 0 | L15: 123.01 | M15: 351.081 | N15: 401.939 | O15: 427.741 | P15: 79.76 | Q15: 232.796 | R15: 12.172 | S15: 302.57 | T15: 1.724 | U15: 32.594 | V15: 158.821 | W15: 25.743 | X15: 363.73 | Y15: 72.7 | Z15: 30.289 | AA15: 253.126 | AB15: 16.875 | AC15: 7.545 | AD15: 1.744 | AE15: 57.457 | AF15: 25.782 | AG15: 36.477 | AH15: 992.812 | AI15: 1124.85 | AJ15: 1298.294 | AK15: 189.826 | AL15: 167.965 | AM15: 1536.3221 | AN15: 502.0135 | AO15: 192.3471 | AP15: 192.3471 | AQ15: 192.3471 | AR15: 192.3471 | AS15: 192.3471 | AT15: 192.3471 | AU15: 192.3471 | AV15: 192.3471
B16: Market facilitation program | D16: 0 | E16: 0 | F16: 0 | G16: 0 | H16: 0 | I16: 0 | J16: 0 | K16: 0 | L16: 0 | M16: 0 | N16: 0 | O16: 0 | P16: 0 | Q16: 0 | R16: 0 | S16: 0 | T16: 0 | U16: 0 | V16: 0 | W16: 0 | X16: 0 | Y16: 0 | Z16: 0 | AA16: 0 | AB16: 0 | AC16: 0 | AD16: 0 | AE16: 0 | AF16: 266.074 | AG16: 718.477 | AH16: 157.918 | AI16: 0.315 | AJ16: 0 | AK16: 0 | AL16: 0 | AM16: 0 | AN16: 0 | AO16: 0 | AP16: 0 | AQ16: 0 | AR16: 0 | AS16: 0 | AT16: 0 | AU16: 0 | AV16: 0
B17: Other direct government payments | D17: 424.308 | E17: 417.293 | F17: 333.201 | G17: 453.692 | H17: 342.556 | I17: 182.488 | J17: 247.207 | K17: 258.147 | L17: 269.224 | M17: 275.133 | N17: 255.775 | O17: 201.384 | P17: 180.53 | Q17: 290.563 | R17: 235.054 | S17: 268.693 | T17: 260.483 | U17: 222.051 | V17: 222.968 | W17: 211.137 | X17: 240.857 | Y17: 210.154 | Z17: 210.365 | AA17: 192.513 | AB17: 43.269 | AC17: 0.281 | AD17: -0.129 | AE17: -0.159 | AF17: -0.017 | AG17: 0.04 | AH17: 0.007 | AI17: 2.8194114e-13 | AJ17: 0.003 | AK17: 0.003 | AL17: 0.006 | AM17: 0.004 | AN17: 0.0043333333 | AO17: 0.0047777778 | AP17: 0.0043703704 | AQ17: 0.0044938272 | AR17: 0.0045473251 | AS17: 0.0044705075 | AT17: 0.0045038866 | AU17: 0.0045072397 | AV17: 0.004493878
B21: =+TOC!A90&" Government Programs" -> North Dakota Government Programs | D21: 1990 | E21: 1991 | F21: 1992 | G21: 1993 | H21: 1994 | I21: 1995 | J21: 1996 | K21: 1997 | L21: 1998 | M21: 1999 | N21: 2000 | O21: 2001 | P21: 2002 | Q21: 2003 | R21: 2004 | S21: 2005 | T21: 2006 | U21: 2007 | V21: 2008 | W21: 2009 | X21: 2010 | Y21: 2011 | Z21: 2012 | AA21: 2013 | AB21: 2014 | AC21: 2015 | AD21: 2016 | AE21: 2017 | AF21: 2018 | AG21: 2019 | AH21: 2020 | AI21: 2021 | AJ21: 2022 | AK21: 2023 | AL21: 2024 | AM21: 2025 | AN21: 2026 | AO21: 2027 | AP21: 2028 | AQ21: 2029 | AR21: 2030 | AS21: 2031 | AT21: 2032 | AU21: 2033 | AV21: 2034
C22: Units
B24: Barley
B25: Total base acres | C25: 1000 acres | AG25: 1216.1353 | AH25: 1216.1353 | AI25: 1223.4736 | AJ25: 1223.4736 | AK25: 1223.4736 | AL25: 1223.4489 | AM25: 1223.2234 | AN25: 1310.7411 | AO25: 1308.7641 | AP25: 1308.6632 | AQ25: 1309.0472 | AR25: 1309.0887 | AS25: 1309.348 | AT25: 1309.45 | AU25: 1309.6799 | AV25: 1309.9747
B26: Enrolled base acres | C26: 1000 acres | AB26: 907.08897 | AC26: 1029.9139 | AD26: 1041.6544 | AE26: 992.88577 | AF26: 1065.4158 | AG26: 1172.987 | AH26: 1175.9234 | AI26: 1183.4532 | AJ26: 1183.4235 | AK26: 1178.321 | AL26: 1199.5961 | AM26: 1188.8443 | AN26: 1287.1658 | AO26: 1285.2244 | AP26: 1285.1253 | AQ26: 1285.5024 | AR26: 1285.5431 | AS26: 1285.7978 | AT26: 1285.8979 | AU26: 1286.1238 | AV26: 1286.4132
B27: PLC share of enrolled base acres | C27: percent | AB27: 0.80630734 | AC27: 0.80630734 | AD27: 0.80630734 | AE27: 0.80630734 | AF27: 0.81173021 | AG27: 0.93236939 | AH27: 0.93215329 | AI27: 0.8555776 | AJ27: 0.55369104 | AK27: 0.48548706 | AL27: 0.52471566 | AM27: 0.24333644 | AN27: 0.38935756 | AO27: 0.30339753 | AP27: 0.23241008 | AQ27: 0.34073638 | AR27: 0.46271494 | AS27: 0.49633231 | AT27: 0.51013767 | AU27: 0.5341217 | AV27: 0.58700167
B28: PLC program payment rate | C28: $/base acre | AB28: 0 | AC28: 0 | AD28: 0 | AE28: 18.118636 | AF28: 12.527813 | AG28: 10.988435 | AH28: 8.7268937 | AI28: 0 | AJ28: 0 | AK28: 0 | AL28: 0.00040939516 | AM28: 5.1352271 | AN28: 9.3160521 | AO28: 6.2910269 | AP28: 5.0403839 | AQ28: 6.2926622 | AR28: 8.974909 | AS28: 10.159817 | AT28: 10.761047 | AU28: 11.713444 | AV28: 13.557665
B29: ARC-CO share of enrolled base acres | C29: percent | AB29: 0.19369266 | AC29: 0.19369266 | AD29: 0.19369266 | AE29: 0.19369266 | AF29: 0.18826979 | AG29: 0.063713854 | AH29: 0.063936318 | AI29: 0.13743649 | AJ29: 0.4239155 | AK29: 0.50438589 | AL29: 0.47027092 | AM29: 0.75073754 | AN29: 0.60471642 | AO29: 0.69067645 | AP29: 0.7616639 | AQ29: 0.6533376 | AR29: 0.53135905 | AS29: 0.49774167 | AT29: 0.48393631 | AU29: 0.45995228 | AV29: 0.40707231
B30: ARC-CO program payment rate | C30: $/base acre | AB30: 1.0231061 | AC30: 0.25649794 | AD30: 1.7973099 | AE30: 4.5889822 | AF30: 1.2367106 | AG30: 0.95718603 | AH30: 0.73469835 | AI30: 2.7561884 | AJ30: 0.00079303649 | AK30: 0.0033205634 | AL30: 0.29230105 | AM30: 9.6233854 | AN30: 10.596426 | AO30: 10.774986 | AP30: 12.885806 | AQ30: 7.3968806 | AR30: 5.3487213 | AS30: 5.2071593 | AT30: 5.2190022 | AU30: 5.0508145 | AV30: 4.4625943
B32: Canola
B33: Total base acres | C33: 1000 acres | AG33: 1345.07 | AH33: 1345.07 | AI33: 1346.2235 | AJ33: 1346.2235 | AK33: 1346.2235 | AL33: 1345.0784 | AM33: 1345.0784 | AN33: 1519.4509 | AO33: 1518.3057 | AP33: 1518.3057 | AQ33: 1518.3057 | AR33: 1518.3057 | AS33: 1518.3057 | AT33: 1518.3057 | AU33: 1518.3057 | AV33: 1518.3057
B34: Enrolled base acres | C34: 1000 acres | AB34: 1326.7807 | AC34: 1328.6803 | AD34: 1323.8738 | AE34: 1326.4449 | AF34: 1326.3224 | AG34: 1337.4774 | AH34: 1335.9628 | AI34: 1336.3781 | AJ34: 1332.2544 | AK34: 1316.6486 | AL34: 1328.4108 | AM34: 1319.6509 | AN34: 1506.4178 | AO34: 1505.2825 | AP34: 1505.2825 | AQ34: 1505.2825 | AR34: 1505.2825 | AS34: 1505.2825 | AT34: 1505.2825 | AU34: 1505.2825 | AV34: 1505.2825
B35: PLC share of enrolled base acres | C35: percent | AB35: 0.98526247 | AC35: 0.98526247 | AD35: 0.98526247 | AE35: 0.98526247 | AF35: 0.98614684 | AG35: 0.99491177 | AH35: 0.99477834 | AI35: 0.92774939 | AJ35: 0.76350601 | AK35: 0.72377737 | AL35: 0.59986892 | AM35: 0.29892432 | AN35: 0.941637 | AO35: 0.94001847 | AP35: 0.97948032 | AQ35: 0.98100683 | AR35: 0.98307 | AS35: 0.9875705 | AT35: 0.99060483 | AU35: 0.99334473 | AV35: 0.99550908
B36: PLC program payment rate | C36: $/base acre | AB36: 41.689185 | AC36: 58.537293 | AD36: 45.671954 | AE36: 34.093149 | AF36: 56.001067 | AG36: 69.280081 | AH36: 24.963446 | AI36: 0 | AJ36: 0 | AK36: 0 | AL36: 2.4083683 | AM36: 11.318937 | AN36: 36.989859 | AO36: 34.861088 | AP36: 35.63489 | AQ36: 38.972994 | AR36: 41.523504 | AS36: 44.361357 | AT36: 48.327664 | AU36: 52.294761 | AV36: 57.705054
B37: ARC-CO share of enrolled base acres | C37: percent | AB37: 0.014737532 | AC37: 0.014737532 | AD37: 0.014737532 | AE37: 0.014737532 | AF37: 0.013853165 | AG37: 0.0048668785 | AH37: 0.0049993157 | AI37: 0.071712202 | AJ37: 0.23527433 | AK37: 0.27254248 | AL37: 0.39878898 | AM37: 0.6996267 | AN37: 0.056914012 | AO37: 0.058532548 | AP37: 0.019070696 | AQ37: 0.017544186 | AR37: 0.015481013 | AS37: 0.010980515 | AT37: 0.0079461871 | AU37: 0.0052062872 | AV37: 0.0030419426
B38: ARC-CO program payment rate | C38: $/base acre | AB38: 0.32511834 | AC38: 0.39937432 | AD38: 0.32951602 | AE38: 0.30087495 | AF38: 0.16416303 | AG38: 0.13053912 | AH38: 0.031506833 | AI38: 0.20002269 | AJ38: 0.043636493 | AK38: 0.28491787 | AL38: 5.9840736 | AM38: 10.957416 | AN38: 1.3156681 | AO38: 1.3223082 | AP38: 0.32782486 | AQ38: 0.32789954 | AR38: 0.32216702 | AS38: 0.24884639 | AT38: 0.20066492 | AU38: 0.14932091 | AV38: 0.10573136
B40: Corn
B41: Total base acres | C41: 1000 acres | AG41: 3106.7434 | AH41: 3106.7434 | AI41: 3108.3631 | AJ41: 3108.3631 | AK41: 3108.3631 | AL41: 3101.9591 | AM41: 3101.7568 | AN41: 3529.3445 | AO41: 3521.2119 | AP41: 3521.1129 | AQ41: 3521.4898 | AR41: 3521.5304 | AS41: 3521.7849 | AT41: 3521.885 | AU41: 3522.1107 | AV41: 3522.4
B42: Enrolled base acres | C42: 1000 acres | AB42: 2924.4339 | AC42: 2931.0863 | AD42: 2924.5866 | AE42: 2926.7022 | AF42: 2920.2534 | AG42: 3056.6822 | AH42: 3052.7286 | AI42: 3044.6955 | AJ42: 3028.9307 | AK42: 2951.8699 | AL42: 2984.7184 | AM42: 3016.1061 | AN42: 3384.7402 | AO42: 3376.9408 | AP42: 3376.8458 | AQ42: 3377.2073 | AR42: 3377.2463 | AS42: 3377.4904 | AT42: 3377.5864 | AU42: 3377.8028 | AV42: 3378.0802
B43: PLC share of enrolled base acres | C43: percent | AB43: 0.018090431 | AC43: 0.018090431 | AD43: 0.018090431 | AE43: 0.018090431 | AF43: 0.024722077 | AG43: 0.61474179 | AH43: 0.61479553 | AI43: 0.33349212 | AJ43: 0.25302655 | AK43: 0.2412518 | AL43: 0.10859645 | AM43: 0.072306193 | AN43: 0.46382675 | AO43: 0.33935374 | AP43: 0.34777353 | AQ43: 0.38698266 | AR43: 0.42004258 | AS43: 0.46937227 | AT43: 0.47616973 | AU43: 0.48845977 | AV43: 0.52571143
B44: PLC program payment rate | C44: $/base acre | AB44: 2.3243e-05 | AC44: 0.14127003 | AD44: 0.53368678 | AE44: 0.53368678 | AF44: 0.19316448 | AG44: 8.1070686 | AH44: 0 | AI44: 0 | AJ44: 0 | AK44: 1.9651336e-235 | AL44: 0.18538538 | AM44: 3.7687377 | AN44: 21.090062 | AO44: 11.308229 | AP44: 8.0716864 | AQ44: 9.6338805 | AR44: 11.088925 | AS44: 12.894977 | AT44: 13.090561 | AU44: 13.847558 | AV44: 15.724611
B45: ARC-CO share of enrolled base acres | C45: percent | AB45: 0.98190957 | AC45: 0.98190957 | AD45: 0.98190957 | AE45: 0.98190957 | AF45: 0.97527792 | AG45: 0.32633771 | AH45: 0.32676601 | AI45: 0.64764767 | AJ45: 0.72739503 | AK45: 0.72655969 | AL45: 0.87226155 | AM45: 0.91019379 | AN45: 0.51867324 | AO45: 0.64314624 | AP45: 0.63472645 | AQ45: 0.59551732 | AR45: 0.5624574 | AS45: 0.51312771 | AT45: 0.50633026 | AU45: 0.49404021 | AV45: 0.45678855
B46: ARC-CO program payment rate | C46: $/base acre | AB46: 34.600582 | AC46: 37.76738 | AD46: 8.1739697 | AE46: 7.4566294 | AF46: 0.80963473 | AG46: 3.2652673 | AH46: 0.34473572 | AI46: 1.4846105 | AJ46: 0.01466003 | AK46: 0.68217773 | AL46: 7.4209091 | AM46: 23.17273 | AN46: 18.875849 | AO46: 20.22215 | AP46: 13.13294 | AQ46: 12.308067 | AR46: 11.697176 | AS46: 10.393546 | AT46: 10.251581 | AU46: 10.080143 | AV46: 9.2866285
B48: Sorghum
B49: Total base acres | C49: 1000 acres | AG49: 2.89278 | AH49: 2.89278 | AI49: 2.90274 | AJ49: 2.90274 | AK49: 2.90274 | AL49: 2.8810055 | AM49: 2.8805869 | AN49: 3.4550219 | AO49: 3.4297346 | AP49: 3.4295208 | AQ49: 3.430334 | AR49: 3.4304218 | AS49: 3.4309709 | AT49: 3.4311869 | AU49: 3.4316738 | AV49: 3.4322979
B50: Enrolled base acres | C50: 1000 acres | AB50: 2.5190775 | AC50: 2.5493276 | AD50: 2.5652288 | AE50: 2.5445446 | AF50: 2.6414347 | AG50: 2.47181 | AH50: 2.51135 | AI50: 2.49447 | AJ50: 2.55909 | AK50: 2.54843 | AL50: 2.53754 | AM50: 2.5486 | AN50: 3.218117 | AO50: 3.1945636 | AP50: 3.1943645 | AQ50: 3.1951219 | AR50: 3.1952037 | AS50: 3.1957151 | AT50: 3.1959163 | AU50: 3.1963698 | AV50: 3.1969512
B51: PLC share of enrolled base acres | C51: percent | AB51: 0.36564512 | AC51: 0.36564512 | AD51: 0.36564512 | AE51: 0.36564512 | AF51: 0.38077153 | AG51: 0.84976376 | AH51: 0.84407672 | AI51: 0.63620352 | AJ51: 0.37732256 | AK51: 0.17578666 | AL51: 0.12699701 | AM51: 0.062555913 | AN51: 0.75807123 | AO51: 0.72877753 | AP51: 0.72201367 | AQ51: 0.72302929 | AR51: 0.72238972 | AS51: 0.72313429 | AT51: 0.72292033 | AU51: 0.72322441 | AV51: 0.7256959
B52: PLC program payment rate | C52: $/base acre | AB52: 0 | AC52: 6.8497027 | AD52: 12.418028 | AE52: 7.8080621 | AF52: 7.6926304 | AG52: 15.309128 | AH52: 0 | AI52: 0 | AJ52: 0 | AK52: 1.8947934e-270 | AL52: 0.30695965 | AM52: 1.5071026 | AN52: 17.440733 | AO52: 10.118384 | AP52: 10.297013 | AQ52: 10.313579 | AR52: 10.133661 | AS52: 10.211487 | AT52: 10.085277 | AU52: 10.293986 | AV52: 10.807397
B54: Soybeans
B55: Total base acres | C55: 1000 acres | AG55: 4110.866 | AH55: 4110.866 | AI55: 4111.5701 | AJ55: 4111.5701 | AK55: 4111.5701 | AL55: 4106.8847 | AM55: 4106.4269 | AN55: 4699.0401 | AO55: 4690.4307 | AP55: 4690.2114 | AQ55: 4691.0456 | AR55: 4691.1356 | AS55: 4691.6988 | AT55: 4691.9204 | AU55: 4692.4199 | AV55: 4693.06
B56: Enrolled base acres | C56: 1000 acres | AB56: 3952.6321 | AC56: 3958.9717 | AD56: 3943.0556 | AE56: 3951.5531 | AF56: 3934.5768 | AG56: 4070.9226 | AH56: 4063.7599 | AI56: 4057.345 | AJ56: 4040.838 | AK56: 3944.5092 | AL56: 3979.9389 | AM56: 4008.1835 | AN56: 4557.393 | AO56: 4549.0431 | AP56: 4548.8304 | AQ56: 4549.6394 | AR56: 4549.7268 | AS56: 4550.273 | AT56: 4550.4879 | AU56: 4550.9723 | AV56: 4551.5932
B57: PLC share of enrolled base acres | C57: percent | AB57: 0.0079851141 | AC57: 0.0079851141 | AD57: 0.0079851141 | AE57: 0.0079851141 | AF57: 0.013364877 | AG57: 0.071335234 | AH57: 0.071654345 | AI57: 0.08465611 | AJ57: 0.20526535 | AK57: 0.21740008 | AL57: 0.081252328 | AM57: 0.033010832 | AN57: 0.1488552 | AO57: 0.10589674 | AP57: 0.11189976 | AQ57: 0.14691686 | AR57: 0.15011925 | AS57: 0.14679925 | AT57: 0.14773827 | AU57: 0.14840259 | AV57: 0.15400326
B58: ARC-CO share of enrolled base acres | C58: percent | AB58: 0.99201489 | AC58: 0.99201489 | AD58: 0.99201489 | AE58: 0.99201489 | AF58: 0.98663512 | AG58: 0.86634597 | AH58: 0.86652451 | AI58: 0.90158704 | AJ58: 0.78151323 | AK58: 0.75831447 | AL58: 0.90812878 | AM58: 0.9575551 | AN58: 0.84171074 | AO58: 0.88466919 | AP58: 0.87866617 | AQ58: 0.84364907 | AR58: 0.84044669 | AS58: 0.84376668 | AT58: 0.84282766 | AU58: 0.84216334 | AV58: 0.83656267
B59: ARC-CO program payment rate | C59: $/base acre | AB59: 7.9244302 | AC59: 26.406923 | AD59: 1.8793753 | AE59: 9.793386 | AF59: 6.6305505 | AG59: 14.735586 | AH59: 0.85155253 | AI59: 2.4794451 | AJ59: 0.006270748 | AK59: 0.048322276 | AL59: 2.8955526 | AM59: 12.712781 | AN59: 16.216569 | AO59: 15.789188 | AP59: 9.9258758 | AQ59: 7.7551701 | AR59: 8.2323363 | AS59: 8.867264 | AT59: 8.6241062 | AU59: 8.4080291 | AV59: 8.4278817
B61: Sunflowerseed
B62: Total base acres | C62: 1000 acres | AG62: 822.75726 | AH62: 822.75726 | AI62: 822.77922 | AJ62: 822.77922 | AK62: 822.77922 | AL62: 823.65272 | AM62: 823.46405 | AN62: 906.74589 | AO62: 905.98391 | AP62: 905.90043 | AQ62: 906.21805 | AR62: 906.25234 | AS62: 906.46679 | AT62: 906.55115 | AU62: 906.74133 | AV62: 906.98509
B63: Enrolled base acres | C63: 1000 acres | AB63: 804.70779 | AC63: 805.57415 | AD63: 804.93112 | AE63: 805.07102 | AF63: 806.56344 | AG63: 812.61451 | AH63: 812.1536 | AI63: 812.1136 | AJ63: 811.18771 | AK63: 801.55458 | AL63: 807.54345 | AM63: 801.74926 | AN63: 893.99376 | AO63: 893.24249 | AP63: 893.16019 | AQ63: 893.47334 | AR63: 893.50715 | AS63: 893.71857 | AT63: 893.80175 | AU63: 893.98926 | AV63: 894.22959
B64: PLC share of enrolled base acres | C64: percent | AB64: 0.5354838 | AC64: 0.5354838 | AD64: 0.5354838 | AE64: 0.5354838 | AF64: 0.54106886 | AG64: 0.92617919 | AH64: 0.92544326 | AI64: 0.77691362 | AJ64: 0.46225221 | AK64: 0.38580976 | AL64: 0.39466903 | AM64: 0.14832489 | AN64: 0.71468413 | AO64: 0.73928632 | AP64: 0.75887862 | AQ64: 0.79320071 | AR64: 0.81364957 | AS64: 0.82265056 | AT64: 0.82578533 | AU64: 0.83321198 | AV64: 0.84848684
B65: PLC program payment rate | C65: $/base acre | AB65: 0 | AC65: 3.5828201 | AD65: 17.9141 | AE65: 19.216944 | AF65: 18.100943 | AG65: 7.3358868 | AH65: 0 | AI65: 0 | AJ65: 0 | AK65: 1.2971949e-25 | AL65: 0.0030168254 | AM65: 3.7542405 | AN65: 27.584072 | AO65: 20.247492 | AP65: 22.89169 | AQ65: 24.758295 | AR65: 25.93248 | AS65: 27.240103 | AT65: 28.249732 | AU65: 30.157885 | AV65: 33.212735
B66: ARC-CO share of enrolled base acres | C66: percent | AB66: 0.4645162 | AC66: 0.4645162 | AD66: 0.4645162 | AE66: 0.4645162 | AF66: 0.45893114 | AG66: 0.059735921 | AH66: 0.060607987 | AI66: 0.2165537 | AJ66: 0.53079346 | AK66: 0.60303487 | AL66: 0.60217442 | AM66: 0.84577519 | AN66: 0.27941595 | AO66: 0.25481376 | AP66: 0.23522145 | AQ66: 0.20089937 | AR66: 0.18045051 | AS66: 0.17144951 | AT66: 0.16831474 | AU66: 0.1608881 | AV66: 0.14561324
B67: ARC-CO program payment rate | C67: $/base acre | AB67: 5.755344 | AC67: 2.8104816 | AD67: 2.5309568 | AE67: 3.4574546 | AF67: 1.4513869 | AG67: 0.53586276 | AH67: 0.017197133 | AI67: 0.0022488789 | AJ67: 0.0016288215 | AK67: 0.099372334 | AL67: 2.1043862 | AM67: 8.6474863 | AN67: 5.9971727 | AO67: 4.1052415 | AP67: 3.4133512 | AQ67: 2.8652634 | AR67: 2.5036656 | AS67: 2.5030279 | AT67: 2.5968014 | AU67: 2.6580411 | AV67: 2.613905
B69: Wheat
B70: Total base acres | C70: 1000 acres | AG70: 9693.8806 | AH70: 9693.8806 | AI70: 9709.0962 | AJ70: 9709.0962 | AK70: 9709.0962 | AL70: 9691.2581 | AM70: 9689.8636 | AN70: 10558.253 | AO70: 10528.417 | AP70: 10527.766 | AQ70: 10530.241 | AR70: 10530.509 | AS70: 10532.18 | AT70: 10532.838 | AU70: 10534.32 | AV70: 10536.22
B71: Enrolled base acres | C71: 1000 acres | AB71: 8605.9205 | AC71: 8842.2159 | AD71: 8883.6446 | AE71: 8777.2603 | AF71: 9016.2278 | AG71: 9445.1203 | AH71: 9455.0443 | AI71: 9468.4357 | AJ71: 9443.9935 | AK71: 9305.8567 | AL71: 9415.446 | AM71: 9386.5506 | AN71: 10303.514 | AO71: 10274.397 | AP71: 10273.762 | AQ71: 10276.178 | AR71: 10276.439 | AS71: 10278.07 | AT71: 10278.712 | AU71: 10280.158 | AV71: 10282.012
B72: PLC share of enrolled base acres | C72: percent | AB72: 0.23055727 | AC72: 0.23055727 | AD72: 0.23055727 | AE72: 0.23055727 | AF72: 0.24504737 | AG72: 0.94742537 | AH72: 0.94622085 | AI72: 0.78588375 | AJ72: 0.54311511 | AK72: 0.49895799 | AL72: 0.34417657 | AM72: 0.18575052 | AN72: 0.63499995 | AO72: 0.57600533 | AP72: 0.65301865 | AQ72: 0.70635109 | AR72: 0.71029776 | AS72: 0.7544073 | AT72: 0.76061005 | AU72: 0.76264013 | AV72: 0.76799334
B73: PLC program payment rate | C73: $/base acre | AB73: 0 | AC73: 4.5391764 | AD73: 11.980449 | AE73: 5.8041928 | AF73: 2.6901269 | AG73: 28.944985 | AH73: 15.263182 | AI73: 0 | AJ73: 0 | AK73: 8.0350964e-262 | AL73: 1.7306726 | AM73: 7.476654 | AN73: 19.614907 | AO73: 17.468806 | AP73: 19.167594 | AQ73: 21.110494 | AR73: 21.563829 | AS73: 23.796035 | AT73: 24.547631 | AU73: 25.008108 | AV73: 26.193428
B74: ARC-CO share of enrolled base acres | C74: percent | AB74: 0.76944273 | AC74: 0.76944273 | AD74: 0.76944273 | AE74: 0.76944273 | AF74: 0.75495263 | AG74: 0.042177545 | AH74: 0.043517313 | AI74: 0.20622631 | AJ74: 0.44101504 | AK74: 0.48951489 | AL74: 0.65018031 | AM74: 0.80809481 | AN74: 0.35884539 | AO74: 0.41784 | AP74: 0.34082668 | AQ74: 0.28749424 | AR74: 0.28354757 | AS74: 0.23943803 | AT74: 0.23323528 | AU74: 0.2312052 | AV74: 0.225852
B75: ARC-CO program payment rate | C75: $/base acre | AB75: 2.9298202 | AC75: 11.795094 | AD75: 19.233477 | AE75: 15.798995 | AF75: 2.8622319 | AG75: 0.49011901 | AH75: 0.26727629 | AI75: 1.4251323 | AJ75: 0.0011247059 | AK75: 0.080415904 | AL75: 1.1345782 | AM75: 10.875463 | AN75: 6.9443998 | AO75: 8.7177032 | AP75: 5.4411199 | AQ75: 3.8666388 | AR75: 3.8913257 | AS75: 3.0067589 | AT75: 3.0208241 | AU75: 3.0745814 | AV75: 3.1470102

Sheet CropInsurance
A1: TOC
B2: =+TOC!A90&" Crop Insurance Programs" -> North Dakota Crop Insurance Programs | D2: 1990 | E2: 1991 | F2: 1992 | G2: 1993 | H2: 1994 | I2: 1995 | J2: 1996 | K2: 1997 | L2: 1998 | M2: 1999 | N2: 2000 | O2: 2001 | P2: 2002 | Q2: 2003 | R2: 2004 | S2: 2005 | T2: 2006 | U2: 2007 | V2: 2008 | W2: 2009 | X2: 2010 | Y2: 2011 | Z2: 2012 | AA2: 2013 | AB2: 2014 | AC2: 2015 | AD2: 2016 | AE2: 2017 | AF2: 2018 | AG2: 2019 | AH2: 2020 | AI2: 2021 | AJ2: 2022 | AK2: 2023 | AL2: 2024 | AM2: 2025 | AN2: 2026 | AO2: 2027 | AP2: 2028 | AQ2: 2029 | AR2: 2030 | AS2: 2031 | AT2: 2032 | AU2: 2033 | AV2: 2034
C3: Units
B5: Corn
B6: Yield Protection Plan
B7: Acres Insured | C7: 1000 acres | AB7: 164.949 | AC7: 125.994 | AD7: 138.76 | AE7: 142.544 | AF7: 110.852 | AG7: 120.441 | AH7: 97.775 | AI7: 94.498 | AJ7: 78.751 | AK7: 66.637 | AL7: 68.355 | AM7: 125.62462 | AN7: 115.38327 | AO7: 116.3483 | AP7: 116.78717 | AQ7: 116.79706 | AR7: 117.0436 | AS7: 117.31875 | AT7: 117.77403 | AU7: 118.10924 | AV7: 118.25247
B8: Insured Acreage Share of Total Acres | C8: percent | AB8: 0.058910357 | AC8: 0.045816 | AD8: 0.04022029 | AE8: 0.041679532 | AF8: 0.035191111 | AG8: 0.034411714 | AH8: 0.050141026 | AI8: 0.023048293 | AJ8: 0.026695254 | AK8: 0.01645358 | AL8: 0.017305063 | AM8: 0.026728643 | AN8: 0.026728643 | AO8: 0.026728643 | AP8: 0.026728643 | AQ8: 0.026728643 | AR8: 0.026728643 | AS8: 0.026728643 | AT8: 0.026728643 | AU8: 0.026728643 | AV8: 0.026728643
B9: Total Insurance Premiums | C9: million $ | AB9: 6.49615 | AC9: 4.811478 | AD9: 5.306499 | AE9: 4.529859 | AF9: 3.158503 | AG9: 3.494578 | AH9: 3.011605 | AI9: 2.888705 | AJ9: 3.40511 | AK9: 2.99491 | AL9: 3.035987 | AM9: 5.519645 | AN9: 4.899179 | AO9: 5.1080329 | AP9: 5.1986239 | AQ9: 5.1772444 | AR9: 5.168194 | AS9: 5.1633382 | AT9: 5.1822022 | AU9: 5.2073848 | AV9: 5.2151474
B10: Insurance Premiums Subsidy | C10: million $ | AB10: 4.403348 | AC10: 3.386554 | AD10: 3.803012 | AE10: 3.265205 | AF10: 2.251378 | AG10: 2.513807 | AH10: 2.038704 | AI10: 2.057776 | AJ10: 2.273687 | AK10: 2.098552 | AL10: 2.120844 | AM10: 3.8155143 | AN10: 3.3866105 | AO10: 3.530983 | AP10: 3.593605 | AQ10: 3.5788262 | AR10: 3.57257 | AS10: 3.5692134 | AT10: 3.5822533 | AU10: 3.5996611 | AV10: 3.605027
B11: Insurance Indemnities | C11: million $ | AB11: 4.546108 | AC11: 1.51778 | AD11: 1.267529 | AE11: 5.295687 | AF11: 1.691584 | AG11: 2.506743 | AH11: 4.90211 | AI11: 9.271895 | AJ11: 5.180969 | AK11: 1.278367 | AL11: 2.149089 | AM11: 1.9905471 | AN11: 3.2006102 | AO11: 3.6346142 | AP11: 3.7162341 | AQ11: 3.805844 | AR11: 3.8861435 | AS11: 4.0807744 | AT11: 4.3076245 | AU11: 4.4800324 | AV11: 4.5936679
B12: Revenue Protection Plan
B13: Acres Insured | C13: 1000 acres | AB13: 2878.294 | AC13: 2625.28 | AD13: 3152.884 | AE13: 3209.158 | AF13: 2950.377 | AG13: 3686.343 | AH13: 3527.993 | AI13: 3861.692 | AJ13: 3860.016 | AK13: 4204.806 | AL13: 4152.777 | AM13: 5780.1944 | AN13: 5308.9732 | AO13: 5353.3757 | AP13: 5373.5689 | AQ13: 5374.0236 | AR13: 5385.3677 | AS13: 5398.0276 | AT13: 5418.9757 | AU13: 5434.3994 | AV13: 5440.9893
B14: Insured Acreage Share of Total Acres | C14: percent | AB14: 1.0279621 | AC14: 0.95464727 | AD14: 0.91387942 | AE14: 0.93835029 | AF14: 0.93662762 | AG14: 1.0532409 | AH14: 1.8092272 | AI14: 0.9418761 | AJ14: 1.30848 | AK14: 1.0382237 | AL14: 1.0513359 | AM14: 1.2298286 | AN14: 1.2298286 | AO14: 1.2298286 | AP14: 1.2298286 | AQ14: 1.2298286 | AR14: 1.2298286 | AS14: 1.2298286 | AT14: 1.2298286 | AU14: 1.2298286 | AV14: 1.2298286
B15: Total Insurance Premiums | C15: million $ | AB15: 226.64848 | AC15: 201.35418 | AD15: 226.74262 | AE15: 210.03175 | AF15: 175.83057 | AG15: 227.03869 | AH15: 215.15721 | AI15: 270.53437 | AJ15: 354.67381 | AK15: 382.18664 | AL15: 314.55589 | AM15: 431.49679 | AN15: 378.32699 | AO15: 399.20876 | AP15: 408.24191 | AQ15: 405.97368 | AR15: 404.7221 | AS15: 403.87883 | AT15: 405.32232 | AU15: 407.57703 | AV15: 408.22408
B16: Insurance Premiums Subsidy | C16: million $ | AB16: 158.76536 | AC16: 145.46112 | AD16: 167.37345 | AE16: 156.14208 | AF16: 130.89641 | AG16: 168.82469 | AH16: 154.2667 | AI16: 199.14441 | AJ16: 257.53115 | AK16: 279.48341 | AL16: 229.72419 | AM16: 314.19911 | AN16: 275.48295 | AO16: 290.68824 | AP16: 297.26582 | AQ16: 295.61418 | AR16: 294.70283 | AS16: 294.0888 | AT16: 295.13989 | AU16: 296.78168 | AV16: 297.25284
B17: Insurance Indemnities | C17: million $ | AB17: 164.8864 | AC17: 73.350751 | AD17: 15.567118 | AE17: 94.39221 | AF17: 47.775567 | AG17: 233.11815 | AH17: 517.10115 | AI17: 387.13283 | AJ17: 497.44531 | AK17: 220.6273 | AL17: 175.16276 | AM17: 299.92522 | AN17: 247.36571 | AO17: 274.57231 | AP17: 286.88172 | AQ17: 273.15183 | AR17: 284.53867 | AS17: 303.88925 | AT17: 323.64288 | AU17: 340.0555 | AV17: 352.3874
B18: Revenue Protection Harvest Price Exclusion
B19: Acres Insured | C19: 1000 acres | AB19: 3.028 | AC19: 2.935 | AD19: 0.569 | AE19: 0.473 | AF19: 0.177 | AG19: 2.622 | AH19: 2.155 | AI19: 2.791 | AJ19: 3.486 | AK19: 2.188 | AL19: 0.616 | AM19: 3.443926 | AN19: 3.1631654 | AO19: 3.1896211 | AP19: 3.2016525 | AQ19: 3.2019234 | AR19: 3.2086824 | AS19: 3.2162254 | AT19: 3.2287066 | AU19: 3.2378963 | AV19: 3.2418226
B20: Insured Acreage Share of Total Acres | C20: percent | AB20: 0.0010814286 | AC20: 0.0010672727 | AD20: 0.00016492754 | AE20: 0.00013830409 | AF20: 5.6190476e-05 | AG20: 0.00074914286 | AH20: 0.0011051282 | AI20: 0.00068073171 | AJ20: 0.0011816949 | AK20: 0.00054024691 | AL20: 0.00015594937 | AM20: 0.00073275022 | AN20: 0.00073275022 | AO20: 0.00073275022 | AP20: 0.00073275022 | AQ20: 0.00073275022 | AR20: 0.00073275022 | AS20: 0.00073275022 | AT20: 0.00073275022 | AU20: 0.00073275022 | AV20: 0.00073275022
B21: Total Insurance Premiums | C21: million $ | AB21: 0.169227 | AC21: 0.154808 | AD21: 0.025759 | AE21: 0.021095 | AF21: 0.010876 | AG21: 0.155331 | AH21: 0.135739 | AI21: 0.212094 | AJ21: 0.324179 | AK21: 0.229444 | AL21: 0.032638 | AM21: 0.23336404 | AN21: 0.19523852 | AO21: 0.21568024 | AP21: 0.22448472 | AQ21: 0.22205911 | AR21: 0.22028943 | AS21: 0.21890207 | AT21: 0.21962009 | AU21: 0.22141406 | AV21: 0.22184478
B22: Insurance Premiums Subsidy | C22: million $ | AB22: 0.115317 | AC22: 0.117882 | AD22: 0.019387 | AE22: 0.012091 | AF22: 0.006098 | AG22: 0.117204 | AH22: 0.097337 | AI22: 0.146632 | AJ22: 0.199234 | AK22: 0.135153 | AL22: 0.024247 | AM22: 0.15658616 | AN22: 0.13100412 | AO22: 0.14472041 | AP22: 0.15062818 | AQ22: 0.14900061 | AR22: 0.14781316 | AS22: 0.14688225 | AT22: 0.14736404 | AU22: 0.14856778 | AV22: 0.14885679
B23: Insurance Indemnities | C23: million $ | AB23: 0.078879 | AC23: 0.051884 | AD23: 0 | AE23: 0.009905 | AF23: 0 | AG23: 0.177087 | AH23: 0.065214 | AI23: 0.405314 | AJ23: 0.049472 | AK23: 0.461416 | AL23: 0 | AM23: 0.19366983 | AN23: 0.21043924 | AO23: 0.22214257 | AP23: 0.22495992 | AQ23: 0.22730985 | AR23: 0.22996388 | AS23: 0.23485411 | AT23: 0.24090523 | AU23: 0.24568738 | AV23: 0.24907611
B25: Soybeans
B26: Yield Protection Plan
B27: Acres Insured | C27: 1000 acres | AB27: 142.879 | AC27: 126.994 | AD27: 146.628 | AE27: 172.494 | AF27: 150.675 | AG27: 118.955 | AH27: 123.891 | AI27: 108.521 | AJ27: 67.178 | AK27: 60.076 | AL27: 93.571 | AM27: 93.817607 | AN27: 94.067316 | AO27: 94.473028 | AP27: 94.640792 | AQ27: 94.743236 | AR27: 94.714072 | AS27: 94.824416 | AT27: 95.140194 | AU27: 95.541367 | AV27: 95.905862
B28: Insured Acreage Share of Total Acres | C28: percent | AB28: 0.02421678 | AC28: 0.022085913 | AD28: 0.024236033 | AE28: 0.02429493 | AF28: 0.021836957 | AG28: 0.021241964 | AH28: 0.021546261 | AI28: 0.014968414 | AJ28: 0.011785614 | AK28: 0.0096896774 | AL28: 0.014177424 | AM28: 0.014433478 | AN28: 0.014433478 | AO28: 0.014433478 | AP28: 0.014433478 | AQ28: 0.014433478 | AR28: 0.014433478 | AS28: 0.014433478 | AT28: 0.014433478 | AU28: 0.014433478 | AV28: 0.014433478
B29: Total Insurance Premiums | C29: million $ | AB29: 3.010215 | AC29: 2.455821 | AD29: 2.76819 | AE29: 3.632447 | AF29: 2.841182 | AG29: 1.976644 | AH29: 2.008511 | AI29: 2.230164 | AJ29: 1.565716 | AK29: 1.331979 | AL29: 2.385156 | AM29: 1.8206896 | AN29: 1.8255356 | AO29: 1.8702806 | AP29: 1.8942778 | AQ29: 1.902407 | AR29: 1.8904778 | AS29: 1.8829804 | AT29: 1.89152 | AU29: 1.9087082 | AV29: 1.9235494
B30: Insurance Premiums Subsidy | C30: million $ | AB30: 1.967703 | AC30: 1.586424 | AD30: 1.814752 | AE30: 2.426949 | AF30: 1.883376 | AG30: 1.30163 | AH30: 1.328541 | AI30: 1.477334 | AJ30: 1.042422 | AK30: 0.869558 | AL30: 1.626761 | AM30: 1.2105894 | AN30: 1.2138115 | AO30: 1.2435628 | AP30: 1.2595187 | AQ30: 1.2649239 | AR30: 1.256992 | AS30: 1.252007 | AT30: 1.2576851 | AU30: 1.2691136 | AV30: 1.2789816
B31: Insurance Indemnities | C31: million $ | AB31: 1.34483 | AC31: 0.739746 | AD31: 0.553954 | AE31: 1.77472 | AF31: 1.807042 | AG31: 1.321757 | AH31: 2.32767 | AI31: 5.85965 | AJ31: 1.234216 | AK31: 0.694749 | AL31: 1.285416 | AM31: 1.1506229 | AN31: 1.484121 | AO31: 1.5484411 | AP31: 1.5642809 | AQ31: 1.5302012 | AR31: 1.4944324 | AS31: 1.5056397 | AT31: 1.527159 | AU31: 1.5529851 | AV31: 1.5518102
B32: Revenue Protection Plan
B33: Acres Insured | C33: 1000 acres | AB33: 5790.462 | AC33: 5564.371 | AD33: 5709.26 | AE33: 6865.473 | AF33: 6651.746 | AG33: 5668.959 | AH33: 6309.662 | AI33: 7053.626 | AJ33: 6082.315 | AK33: 6244.711 | AL33: 6587.693 | AM33: 6685.4658 | AN33: 6703.2601 | AO33: 6732.1712 | AP33: 6744.1261 | AQ33: 6751.4263 | AR33: 6749.3481 | AS33: 6757.2112 | AT33: 6779.7137 | AU33: 6808.3014 | AV33: 6834.2754
B34: Insured Acreage Share of Total Acres | C34: percent | AB34: 0.98143424 | AC34: 0.9677167 | AD34: 0.94367934 | AE34: 0.96696803 | AF34: 0.96402116 | AG34: 1.0123141 | AH34: 1.0973325 | AI34: 0.97291393 | AJ34: 1.0670728 | AK34: 1.0072115 | AL34: 0.9981353 | AM34: 1.0285332 | AN34: 1.0285332 | AO34: 1.0285332 | AP34: 1.0285332 | AQ34: 1.0285332 | AR34: 1.0285332 | AS34: 1.0285332 | AT34: 1.0285332 | AU34: 1.0285332 | AV34: 1.0285332
B35: Total Insurance Premiums | C35: million $ | AB35: 224.57491 | AC35: 203.87484 | AD35: 191.15854 | AE35: 283.67473 | AF35: 229.16866 | AG35: 172.72956 | AH35: 187.82438 | AI35: 285.12211 | AJ35: 292.82106 | AK35: 266.53916 | AL35: 257.23119 | AM35: 246.24152 | AN35: 246.89692 | AO35: 254.60888 | AP35: 258.78843 | AQ35: 260.1644 | AR35: 258.03933 | AS35: 256.59129 | AT35: 257.85483 | AU35: 260.60288 | AV35: 262.95988
B36: Insurance Premiums Subsidy | C36: million $ | AB36: 145.82413 | AC36: 135.65937 | AD36: 129.06915 | AE36: 194.95942 | AF36: 157.13309 | AG36: 118.51224 | AH36: 127.37537 | AI36: 194.09435 | AJ36: 198.99899 | AK36: 181.54329 | AL36: 174.56415 | AM36: 167.35737 | AN36: 167.80281 | AO36: 173.04423 | AP36: 175.88484 | AQ36: 176.82002 | AR36: 175.37572 | AS36: 174.39156 | AT36: 175.25033 | AU36: 177.11803 | AV36: 178.71996
B37: Insurance Indemnities | C37: million $ | AB37: 103.95361 | AC37: 81.031087 | AD37: 33.399063 | AE37: 99.009958 | AF37: 145.6458 | AG37: 161.98855 | AH37: 230.39471 | AI37: 439.78215 | AJ37: 207.8104 | AK37: 148.42074 | AL37: 124.98486 | AM37: 157.21647 | AN37: 220.54459 | AO37: 227.62976 | AP37: 230.1648 | AQ37: 228.03035 | AR37: 225.73656 | AS37: 227.5841 | AT37: 230.95856 | AU37: 234.60119 | AV37: 235.7209
B39: Wheat
B40: Yield Protection Plan
B41: Acres Insured | C41: 1000 acres | AB41: 577.412 | AC41: 523.872 | AD41: 504.381 | AE41: 459.616 | AF41: 367.847 | AG41: 328.942 | AH41: 275.978 | AI41: 214.256 | AJ41: 139.192 | AK41: 126.529 | AL41: 110.307 | AM41: 171.04184 | AN41: 170.44613 | AO41: 167.67259 | AP41: 165.26489 | AQ41: 164.12547 | AR41: 162.89348 | AS41: 161.48016 | AT41: 159.6223 | AU41: 157.81135 | AV41: 156.23542
B42: Insured Acreage Share of Total Acres | C42: percent | AB42: 0.072539196 | AC42: 0.065565957 | AD42: 0.06645336 | AE42: 0.06880479 | AF42: 0.047556173 | AG42: 0.043829714 | AH42: 0.041500451 | AI42: 0.033115301 | AJ42: 0.022468442 | AK42: 0.019142057 | AL42: 0.01677673 | AM42: 0.026600596 | AN42: 0.026600596 | AO42: 0.026600596 | AP42: 0.026600596 | AQ42: 0.026600596 | AR42: 0.026600596 | AS42: 0.026600596 | AT42: 0.026600596 | AU42: 0.026600596 | AV42: 0.026600596
B43: Total Insurance Premiums | C43: million $ | AB43: 12.707906 | AC43: 10.399508 | AD43: 9.688919 | AE43: 9.861907 | AF43: 8.114168 | AG43: 6.634884 | AH43: 5.55824 | AI43: 4.502508 | AJ43: 4.014398 | AK43: 3.557497 | AL43: 2.200643 | AM43: 3.7256634 | AN43: 3.6228449 | AO43: 3.784249 | AP43: 3.7390158 | AQ43: 3.7291753 | AR43: 3.6924747 | AS43: 3.6528896 | AT43: 3.6050493 | AU43: 3.5655745 | AV43: 3.534676
B44: Insurance Premiums Subsidy | C44: million $ | AB44: 8.14776 | AC44: 6.706831 | AD44: 6.222501 | AE44: 6.496278 | AF44: 5.337153 | AG44: 4.395068 | AH44: 3.660408 | AI44: 2.988002 | AJ44: 2.634413 | AK44: 2.379849 | AL44: 1.474719 | AM44: 2.4719964 | AN44: 2.4037758 | AO44: 2.5108683 | AP44: 2.4808558 | AQ44: 2.4743265 | AR44: 2.4499755 | AS44: 2.4237106 | AT44: 2.3919683 | AU44: 2.3657766 | AV44: 2.3452753
B45: Insurance Indemnities | C45: million $ | AB45: 10.223469 | AC45: 2.320231 | AD45: 5.601285 | AE45: 9.907167 | AF45: 1.099334 | AG45: 7.415853 | AH45: 2.203233 | AI45: 8.875781 | AJ45: 3.305731 | AK45: 2.192471 | AL45: 0.69687 | AM45: 0.23815254 | AN45: 2.9277606 | AO45: 3.0856129 | AP45: 3.2728986 | AQ45: 3.3603029 | AR45: 3.4430897 | AS45: 3.5375569 | AT45: 3.6603914 | AU45: 3.8065886 | AV45: 3.8834199
B46: Revenue Protection Plan
B47: Acres Insured | C47: 1000 acres | AB47: 7373.45 | AC47: 7210.715 | AD47: 6792.268 | AE47: 6037.163 | AF47: 7106.428 | AG47: 6976.038 | AH47: 6474.18 | AI47: 6029.69 | AJ47: 6452.748 | AK47: 6471.933 | AL47: 6337.224 | AM47: 6288.6189 | AN47: 6266.7168 | AO47: 6164.7434 | AP47: 6076.2207 | AQ47: 6034.3282 | AR47: 5989.032 | AS47: 5937.069 | AT47: 5868.7619 | AU47: 5802.1797 | AV47: 5744.2381
B48: Insured Acreage Share of Total Acres | C48: percent | AB48: 0.92631281 | AC48: 0.90246746 | AD48: 0.89489697 | AE48: 0.90376692 | AF48: 0.91873665 | AG48: 0.92951872 | AH48: 0.9735609 | AI48: 0.9319459 | AJ48: 1.0416058 | AK48: 0.97911241 | AL48: 0.96383635 | AM48: 0.97801227 | AN48: 0.97801227 | AO48: 0.97801227 | AP48: 0.97801227 | AQ48: 0.97801227 | AR48: 0.97801227 | AS48: 0.97801227 | AT48: 0.97801227 | AU48: 0.97801227 | AV48: 0.97801227
B49: Total Insurance Premiums | C49: million $ | AB49: 247.48869 | AC49: 230.58062 | AD49: 204.84564 | AE49: 202.46694 | AF49: 250.04653 | AG49: 228.50201 | AH49: 212.97833 | AI49: 225.70051 | AJ49: 354.93345 | AK49: 331.47218 | AL49: 227.08015 | AM49: 229.31573 | AN49: 220.27978 | AO49: 236.89883 | AP49: 234.33203 | AQ49: 234.17773 | AR49: 231.62152 | AS49: 228.91985 | AT49: 225.75311 | AU49: 223.32256 | AV49: 221.52408
B50: Insurance Premiums Subsidy | C50: million $ | AB50: 160.43433 | AC50: 151.16526 | AD50: 136.24504 | AE50: 135.34987 | AF50: 168.29406 | AG50: 155.54964 | AH50: 144.11499 | AI50: 153.57157 | AJ50: 244.74642 | AK50: 229.44973 | AL50: 155.24164 | AM50: 156.96659 | AN50: 150.78148 | AO50: 162.15722 | AP50: 160.40025 | AQ50: 160.29463 | AR50: 158.5449 | AS50: 156.69561 | AT50: 154.52797 | AU50: 152.86426 | AV50: 151.6332
B51: Insurance Indemnities | C51: million $ | AB51: 145.99426 | AC51: 55.539438 | AD51: 100.14066 | AE51: 208.87024 | AF51: 43.264922 | AG51: 284.95796 | AH51: 118.46829 | AI51: 482.27525 | AJ51: 177.25369 | AK51: 173.23944 | AL51: 77.573202 | AM51: 78.653925 | AN51: 198.63134 | AO51: 205.0216 | AP51: 212.87029 | AQ51: 216.92137 | AR51: 220.76755 | AS51: 224.945 | AT51: 230.10451 | AU51: 236.20996 | AV51: 239.49688

Sheet Expenses
A1: TOC
B2: =+TOC!A90&" Farm Production Expenses" -> North Dakota Farm Production Expenses | D2: 1990 | E2: 1991 | F2: 1992 | G2: 1993 | H2: 1994 | I2: 1995 | J2: 1996 | K2: 1997 | L2: 1998 | M2: 1999 | N2: 2000 | O2: 2001 | P2: 2002 | Q2: 2003 | R2: 2004 | S2: 2005 | T2: 2006 | U2: 2007 | V2: 2008 | W2: 2009 | X2: 2010 | Y2: 2011 | Z2: 2012 | AA2: 2013 | AB2: 2014 | AC2: 2015 | AD2: 2016 | AE2: 2017 | AF2: 2018 | AG2: 2019 | AH2: 2020 | AI2: 2021 | AJ2: 2022 | AK2: 2023 | AL2: 2024 | AM2: 2025 | AN2: 2026 | AO2: 2027 | AP2: 2028 | AQ2: 2029 | AR2: 2030 | AS2: 2031 | AT2: 2032 | AU2: 2033 | AV2: 2034
B4: million dollars
B5: Intermediate product expenses | D5: 1286.411 | E5: 1327.757 | F5: 1331.156 | G5: 1415.466 | H5: 1495.701 | I5: 1576.643 | J5: 1691.501 | K5: 1752.541 | L5: 1782.179 | M5: 1727.752 | N5: 1928.769 | O5: 2028.85 | P5: 2004.596 | Q5: 2018.31 | R5: 2353.906 | S5: 2506.847 | T5: 2694.558 | U5: 3685.137 | V5: 4558.754 | W5: 3870.344 | X5: 3862.012 | Y5: 4441.405 | Z5: 5712.747 | AA5: 5995.575 | AB5: 6091.898 | AC5: 5852.342 | AD5: 5572.742 | AE5: 5096.035 | AF5: 5089.379 | AG5: 4801.658 | AH5: 4978.79 | AI5: 5416.619 | AJ5: 6652.966 | AK5: 7131.718 | AL5: 7236.156 | AM5: 7637.5539 | AN5: 7547.8176 | AO5: 7693.9269 | AP5: 7804.9649 | AQ5: 7838.9803 | AR5: 7858.6195 | AS5: 7893.0419 | AT5: 7959.768 | AU5: 8050.0583 | AV5: 8150.6875
B6: Farm-origin inputs | D6: 237.57 | E6: 230.134 | F6: 237.73 | G6: 248.237 | H6: 237.516 | I6: 231.463 | J6: 253.106 | K6: 255.328 | L6: 294.066 | M6: 298.002 | N6: 325.8 | O6: 363.786 | P6: 385.521 | Q6: 375.542 | R6: 443.981 | S6: 500.221 | T6: 584.279 | U6: 674.46 | V6: 800.967 | W6: 761.726 | X6: 789.414 | Y6: 874.474 | Z6: 1234.298 | AA6: 1285.524 | AB6: 1408.154 | AC6: 1308.076 | AD6: 1313.446 | AE6: 1322.049 | AF6: 1280.922 | AG6: 1196.039 | AH6: 1359.209 | AI6: 1380.058 | AJ6: 1531.478 | AK6: 1630.061 | AL6: 1664.073 | AM6: 1781.6985 | AN6: 1745.2564 | AO6: 1756.7006 | AP6: 1759.9407 | AQ6: 1770.3309 | AR6: 1782.3369 | AS6: 1795.3631 | AT6: 1810.9046 | AU6: 1824.9416 | AV6: 1837.5323
B7: Feed | D7: 75.618 | E7: 70.367 | F7: 73.858 | G7: 83.372 | H7: 76.347 | I7: 77.794 | J7: 80.252 | K7: 80.729 | L7: 94.853 | M7: 85.559 | N7: 74.004 | O7: 78.982 | P7: 84.712 | Q7: 73.676 | R7: 90.883 | S7: 81.255 | T7: 115.485 | U7: 132.984 | V7: 127.665 | W7: 147.422 | X7: 124.625 | Y7: 120.826 | Z7: 165.805 | AA7: 186.418 | AB7: 195.648 | AC7: 160.427 | AD7: 167.597 | AE7: 183.428 | AF7: 161.591 | AG7: 178.187 | AH7: 205.264 | AI7: 199.15 | AJ7: 317.817 | AK7: 192.152 | AL7: 178.27 | AM7: 174.63498 | AN7: 168.23708 | AO7: 173.52611 | AP7: 180.10304 | AQ7: 187.29437 | AR7: 194.70099 | AS7: 200.11049 | AT7: 204.56461 | AU7: 204.86686 | AV7: 201.64082
B8: Purchased livestock | D8: 51.331 | E8: 45.122 | F8: 57.423 | G8: 54.385 | H8: 43.362 | I8: 35.751 | J8: 33.692 | K8: 37.513 | L8: 37.607 | M8: 38.849 | N8: 51.829 | O8: 64.008 | P8: 58.743 | Q8: 48.369 | R8: 59.795 | S8: 89.202 | T8: 115.314 | U8: 98.397 | V8: 71.648 | W8: 63.953 | X8: 86.455 | Y8: 100.691 | Z8: 127.71 | AA8: 114.222 | AB8: 164.722 | AC8: 152.966 | AD8: 97.267 | AE8: 125.621 | AF8: 126.001 | AG8: 152.376 | AH8: 170.449 | AI8: 177.742 | AJ8: 163.037 | AK8: 177.161 | AL8: 230.18 | AM8: 289.13829 | AN8: 294.78722 | AO8: 285.9998 | AP8: 267.11794 | AQ8: 254.43113 | AR8: 244.46605 | AS8: 236.98199 | AT8: 230.68189 | AU8: 224.7709 | AV8: 220.10207
B9: Seed | D9: 110.621 | E9: 114.645 | F9: 106.449 | G9: 110.48 | H9: 117.807 | I9: 117.918 | J9: 139.162 | K9: 137.086 | L9: 161.606 | M9: 173.594 | N9: 199.967 | O9: 220.796 | P9: 242.066 | Q9: 253.497 | R9: 293.303 | S9: 329.764 | T9: 353.48 | U9: 443.079 | V9: 601.654 | W9: 550.35 | X9: 578.334 | Y9: 652.958 | Z9: 940.784 | AA9: 984.883 | AB9: 1047.785 | AC9: 994.683 | AD9: 1048.582 | AE9: 1013.001 | AF9: 993.331 | AG9: 865.476 | AH9: 983.496 | AI9: 1003.166 | AJ9: 1050.624 | AK9: 1260.748 | AL9: 1255.623 | AM9: 1317.9252 | AN9: 1282.2321 | AO9: 1297.1746 | AP9: 1312.7197 | AQ9: 1328.6054 | AR9: 1343.1699 | AS9: 1358.2706 | AT9: 1375.6581 | AU9: 1395.3038 | AV9: 1415.7894
B11: Manufactured inputs | D11: 540.469 | E11: 575.194 | F11: 549.741 | G11: 561.589 | H11: 614.194 | I11: 676.116 | J11: 747.289 | K11: 799.652 | L11: 744.75 | M11: 708.85 | N11: 820.595 | O11: 864.67 | P11: 850.411 | Q11: 886.75 | R11: 1032.765 | S11: 1168.223 | T11: 1181.467 | U11: 1705.504 | V11: 2228.431 | W11: 1801.812 | X11: 1801.888 | Y11: 2122.912 | Z11: 2656.867 | AA11: 2827.757 | AB11: 2942.603 | AC11: 2688.177 | AD11: 2536.281 | AE11: 2141.738 | AF11: 2245.744 | AG11: 2018.21 | AH11: 2101.148 | AI11: 2418.188 | AJ11: 3058.153 | AK11: 3441.028 | AL11: 3364.621 | AM11: 3514.4874 | AN11: 3548.2737 | AO11: 3626.7205 | AP11: 3689.7731 | AQ11: 3691.6392 | AR11: 3684.8134 | AS11: 3691.3002 | AT11: 3722.6404 | AU11: 3775.7943 | AV11: 3842.203
B12: Electricity | D12: 36.606 | E12: 36.603 | F12: 35.837 | G12: 35.575 | H12: 39.53 | I12: 34.944 | J12: 38.703 | K12: 40.335 | L12: 41.501 | M12: 35.707 | N12: 38.601 | O12: 47.979 | P12: 55.83 | Q12: 49.513 | R12: 44.149 | S12: 50.554 | T12: 53.847 | U12: 60.31 | V12: 53.546 | W12: 60.155 | X12: 61.934 | Y12: 58.608 | Z12: 76.02 | AA12: 101.38 | AB12: 94.075 | AC12: 85.101 | AD12: 83.341 | AE12: 85.487 | AF12: 84.56 | AG12: 71.213 | AH12: 85.165 | AI12: 81.87 | AJ12: 77.691 | AK12: 100.031 | AL12: 101.445 | AM12: 103.65225 | AN12: 105.3069 | AO12: 106.18357 | AP12: 108.33346 | AQ12: 110.97714 | AR12: 113.55038 | AS12: 115.6667 | AT12: 117.73393 | AU12: 118.87772 | AV12: 118.41838
B13: Fertilizer, lime, and soil conditioners | D13: 186.569 | E13: 215.111 | F13: 188.363 | G13: 209.512 | H13: 244.489 | I13: 289.728 | J13: 316.844 | K13: 347.705 | L13: 291.841 | M13: 265.932 | N13: 294.182 | O13: 313.983 | P13: 281.791 | Q13: 284.921 | R13: 358.333 | S13: 433.251 | T13: 465.486 | U13: 738.491 | V13: 1003.624 | W13: 790.184 | X13: 803.808 | Y13: 994.542 | Z13: 1315.052 | AA13: 1276.374 | AB13: 1375.851 | AC13: 1257.035 | AD13: 1199.018 | AE13: 931.54 | AF13: 1041.133 | AG13: 926.974 | AH13: 926.974 | AI13: 1191.823 | AJ13: 1488.918 | AK13: 1778.57 | AL13: 1656.611 | AM13: 1778.2319 | AN13: 1839.0787 | AO13: 1869.4143 | AP13: 1870.4092 | AQ13: 1833.5672 | AR13: 1785.8756 | AS13: 1748.0247 | AT13: 1737.5605 | AU13: 1756.6127 | AV13: 1795.4198
B14: Pesticides | D14: 142.824 | E14: 160.806 | F14: 171.565 | G14: 169.936 | H14: 185.204 | I14: 202.717 | J14: 222.495 | K14: 237.271 | L14: 258.001 | M14: 263.263 | N14: 288.819 | O14: 312.815 | P14: 340.62 | Q14: 355.834 | R14: 390.46 | S14: 376.374 | T14: 345.639 | U14: 491.099 | V14: 634.566 | W14: 551.797 | X14: 502.135 | Y14: 540.761 | Z14: 703.909 | AA14: 725.906 | AB14: 842.931 | AC14: 857.889 | AD14: 830.392 | AE14: 741.842 | AF14: 701.47 | AG14: 656.051 | AH14: 701.47 | AI14: 751.935 | AJ14: 936.068 | AK14: 1025.973 | AL14: 1084.146 | AM14: 1114.4963 | AN14: 1127.098 | AO14: 1145.8 | AP14: 1170.9679 | AQ14: 1189.2961 | AR14: 1206.9476 | AS14: 1225.1145 | AT14: 1243.7803 | AU14: 1262.8175 | AV14: 1280.9442
B15: Fuel and oils | D15: 174.47 | E15: 162.674 | F15: 153.976 | G15: 146.566 | H15: 144.971 | I15: 148.727 | J15: 169.247 | K15: 174.341 | L15: 153.407 | M15: 143.948 | N15: 198.993 | O15: 189.893 | P15: 172.17 | Q15: 196.482 | R15: 239.823 | S15: 308.044 | T15: 316.495 | U15: 415.604 | V15: 536.695 | W15: 399.676 | X15: 434.012 | Y15: 529.002 | Z15: 561.885 | AA15: 724.097 | AB15: 629.746 | AC15: 488.151 | AD15: 423.53 | AE15: 382.868 | AF15: 418.581 | AG15: 363.972 | AH15: 387.539 | AI15: 392.56 | AJ15: 555.477 | AK15: 536.453 | AL15: 522.418 | AM15: 518.10689 | AN15: 476.79014 | AO15: 505.32263 | AP15: 540.06247 | AQ15: 557.79874 | AR15: 578.43981 | AS15: 602.49426 | AT15: 623.56567 | AU15: 637.48631 | AV15: 647.42058
B17: Other intermediate | D17: 508.372 | E17: 522.429 | F17: 543.685 | G17: 605.64 | H17: 643.991 | I17: 669.064 | J17: 691.106 | K17: 697.561 | L17: 743.363 | M17: 720.9 | N17: 782.374 | O17: 800.394 | P17: 768.664 | Q17: 756.018 | R17: 877.16 | S17: 838.403 | T17: 928.812 | U17: 1305.173 | V17: 1529.356 | W17: 1306.806 | X17: 1270.71 | Y17: 1444.019 | Z17: 1821.582 | AA17: 1882.294 | AB17: 1741.14 | AC17: 1856.089 | AD17: 1723.014 | AE17: 1632.248 | AF17: 1562.712 | AG17: 1587.409 | AH17: 1518.434 | AI17: 1618.373 | AJ17: 2063.335 | AK17: 2060.63 | AL17: 2207.463 | AM17: 2341.3681 | AN17: 2254.2875 | AO17: 2310.5058 | AP17: 2355.2512 | AQ17: 2377.0102 | AR17: 2391.4692 | AS17: 2406.3787 | AT17: 2426.223 | AU17: 2449.3224 | AV17: 2470.9522
B18: Repair and maintenance | D18: 221.981 | E18: 218.956 | F18: 226.856 | G18: 259.078 | H18: 247.677 | I18: 250.87 | J18: 274.176 | K18: 284.195 | L18: 276.974 | M18: 268.176 | N18: 291.12 | O18: 299.385 | P18: 270.166 | Q18: 226.555 | R18: 267.499 | S18: 228.276 | T18: 252.24 | U18: 312.814 | V18: 379.169 | W18: 395.438 | X18: 423.985 | Y18: 423.843 | Z18: 603.435 | AA18: 608.727 | AB18: 587.881 | AC18: 611.094 | AD18: 547.581 | AE18: 521.238 | AF18: 482.421 | AG18: 536.508 | AH18: 490.782 | AI18: 577.552 | AJ18: 612.513 | AK18: 663.292 | AL18: 798.265 | AM18: 826.16842 | AN18: 816.34675 | AO18: 831.71041 | AP18: 847.25468 | AQ18: 860.19039 | AR18: 872.11107 | AS18: 884.41271 | AT18: 897.30315 | AU18: 910.30356 | AV18: 923.42211
... B21: Miscellaneous | D21: 206.85 | E21: 217.364 | F21: 221.777 | G21: 235.759 | H21: 271.92 | I21: 282.672 | J21: 293.421 | K21: 288.411 | L21: 332.266 | M21: 306.813 | N21: 350.523 | O21: 351.536 | P21: 361.41 | Q21: 393.329 | R21: 450.249 | S21: 462.606 | T21: 502.191 | U21: 704.177 | V21: 900.448 | W21: 644.467 | X21: 612.655 | Y21: 790.327 | Z21: 838.561 | AA21: 944.377 | AB21: 813.663 | AC21: 827.874 | AD21: 784.314 | AE21: 790.747 | AF21: 734.884 | AG21: 741.404 | AH21: 764.433 | AI21: 808.249 | AJ21: 1050.407 | AK21: 1103.675 | AL21: 1009.287 | AM21: 1074.5361 | AN21: 1010.0365 | AO21: 1044.1136 | AP21: 1067.2658 | AQ21: 1073.7054 | AR21: 1073.5499 | AS21: 1073.1626 | AT21: 1076.795 | AU21: 1083.5396 | AV21: 1088.8321
B23: Labor
B24: Cash labor | D24: 84.102 | E24: 73.759 | F24: 76.918 | G24: 82.804 | H24: 92.909 | I24: 93.39 | J24: 94.24 | K24: 105.409 | L24: 121.78 | M24: 114.716 | N24: 126.246 | O24: 140.547 | P24: 138.234 | Q24: 107.658 | R24: 151.599 | S24: 160.916 | T24: 161.996 | U24: 251.614 | V24: 288.909 | W24: 212.633 | X24: 190.124 | Y24: 223.272 | Z24: 355.664 | AA24: 340.009 | AB24: 449.403 | AC24: 222.743 | AD24: 242.796 | AE24: 253.912 | AF24: 239.601 | AG24: 301.231 | AH24: 319.019 | AI24: 273.106 | AJ24: 368.475 | AK24: 363.835 | AL24: 425.545 | AM24: 443.18611 | AN24: 454.1623 | AO24: 463.564 | AP24: 472.48035 | AQ24: 480.33192 | AR24: 487.53659 | AS24: 494.82031 | AT24: 501.86657 | AU24: 508.18472 | AV24: 513.68851
B25: Contract labor | D25: 5.814 | E25: 5.198 | F25: 4.253 | G25: 5.472 | H25: 3.342 | I25: 6.636 | J25: 4.189 | K25: 8.229 | L25: 6.14 | M25: 8.777 | N25: 9.735 | O25: 7.348 | P25: 6.738 | Q25: 10.39 | R25: 8.8 | S25: 11.476 | T25: 10.562 | U25: 21.693 | V25: 14.54 | W25: 18.028 | X25: 13.257 | Y25: 24.527 | Z25: 14.919 | AA25: 23.325 | AB25: 23.416 | AC25: 30.285 | AD25: 29.416 | AE25: 15.596 | AF25: 15.678 | AG25: 22.001 | AH25: 19.716 | AI25: 25.068 | AJ25: 20.142 | AK25: 18.356 | AL25: 22.588 | AM25: 21.803923 | AN25: 22.483437 | AO25: 23.260774 | AP25: 24.098094 | AQ25: 24.976107 | AR25: 25.872358 | AS25: 26.696706 | AT25: 27.400474 | AU25: 27.958595 | AV25: 28.368465
B26: Hired labor | D26: 78.288 | E26: 68.561 | F26: 72.665 | G26: 77.332 | H26: 89.567 | I26: 86.754 | J26: 90.051 | K26: 97.18 | L26: 115.64 | M26: 105.939 | N26: 116.511 | O26: 133.199 | P26: 131.496 | Q26: 97.268 | R26: 142.799 | S26: 149.44 | T26: 151.434 | U26: 229.921 | V26: 274.369 | W26: 194.605 | X26: 176.868 | Y26: 198.745 | Z26: 340.745 | AA26: 316.684 | AB26: 425.988 | AC26: 192.458 | AD26: 213.38 | AE26: 238.316 | AF26: 223.923 | AG26: 279.23 | AH26: 299.303 | AI26: 248.038 | AJ26: 348.333 | AK26: 345.48 | AL26: 402.957 | AM26: 421.38218 | AN26: 431.67887 | AO26: 440.30323 | AP26: 448.38226 | AQ26: 455.35582 | AR26: 461.66423 | AS26: 468.12361 | AT26: 474.4661 | AU26: 480.22613 | AV26: 485.32005
B27: Non-cash employee compensation | D27: 3.825 | E27: 3.92 | F27: 4.554 | G27: 4.692 | H27: 5.433 | I27: 6.805 | J27: 12.274 | K27: 10.388 | L27: 10.759 | M27: 10.656 | N27: 11.618 | O27: 13.654 | P27: 7.444 | Q27: 4.029 | R27: 7.419 | S27: 4.237 | T27: 8.18 | U27: 5.174 | V27: 3.965 | W27: 7.606 | X27: 7.648 | Y27: 26.838 | Z27: 9.938 | AA27: 3.713 | AB27: 13.919 | AC27: 4.633 | AD27: 14.25 | AE27: 15.87 | AF27: 3.731 | AG27: 8.379 | AH27: 1.595 | AI27: 28.423 | AJ27: 10.369 | AK27: 2.693 | AL27: 7.582 | AM27: 8.4502171 | AN27: 9.2342133 | AO27: 9.8814141 | AP27: 10.415414 | AQ27: 10.806024 | AR27: 11.08412 | AS27: 11.309033 | AT27: 11.499849 | AU27: 11.65867 | AV27: 11.791445
B29: Interest | D29: 319.277 | E29: 290.967 | F29: 276.43 | G29: 254.531 | H29: 279.414 | I29: 312.912 | J29: 320.909 | K29: 318.104 | L29: 324.588 | M29: 321.593 | N29: 324.965 | O29: 292.136 | P29: 276.786 | Q29: 239.861 | R29: 233.797 | S29: 277.355 | T29: 316.868 | U29: 336.235 | V29: 364.91 | W29: 382.779 | X29: 363.397 | Y29: 339.325 | Z29: 498.808 | AA29: 435.924 | AB29: 461.092 | AC29: 483.923 | AD29: 507.075 | AE29: 582.324 | AF29: 647.285 | AG29: 644.257 | AH29: 596.583 | AI29: 590.193 | AJ29: 723.846 | AK29: 862.721 | AL29: 950.46 | AM29: 935.98242 | AN29: 902.50775 | AO29: 878.31534 | AP29: 876.84679 | AQ29: 883.34631 | AR29: 885.50505 | AS29: 887.07668 | AT29: 888.49287 | AU29: 889.88524 | AV29: 891.20971
B30: Nonreal estate interest | D30: 172.681 | E30: 161.14 | F30: 145.173 | G30: 142.264 | H30: 162.723 | I30: 194.411 | J30: 196.747 | K30: 195.628 | L30: 201.06 | M30: 197.093 | N30: 192.959 | O30: 169.904 | P30: 155.389 | Q30: 129.747 | R30: 124.483 | S30: 153.711 | T30: 174.61 | U30: 189.095 | V30: 195.547 | W30: 202.162 | X30: 184.53 | Y30: 158.147 | Z30: 279.93 | AA30: 233.382 | AB30: 247.026 | AC30: 265.011 | AD30: 269.48 | AE30: 287.86 | AF30: 322.371 | AG30: 314.459 | AH30: 279.61 | AI30: 257.428 | AJ30: 310.432 | AK30: 406.813 | AL30: 440.473 | AM30: 423.1023 | AN30: 408.94593 | AO30: 403.30622 | AP30: 404.69831 | AQ30: 407.18131 | AR30: 407.91692 | AS30: 408.67966 | AT30: 409.58099 | AU30: 410.58023 | AV30: 411.579
B31: Real estate interest | D31: 146.596 | E31: 129.827 | F31: 131.257 | G31: 112.267 | H31: 116.691 | I31: 118.501 | J31: 124.162 | K31: 122.476 | L31: 123.528 | M31: 124.5 | N31: 132.006 | O31: 122.232 | P31: 121.397 | Q31: 110.114 | R31: 109.314 | S31: 123.644 | T31: 142.258 | U31: 147.14 | V31: 169.363 | W31: 180.617 | X31: 178.867 | Y31: 181.178 | Z31: 218.878 | AA31: 202.542 | AB31: 214.066 | AC31: 218.912 | AD31: 237.594 | AE31: 294.464 | AF31: 324.914 | AG31: 329.798 | AH31: 316.973 | AI31: 332.765 | AJ31: 413.414 | AK31: 455.908 | AL31: 509.987 | AM31: 512.88012 | AN31: 493.56182 | AO31: 475.00912 | AP31: 472.14848 | AQ31: 476.165 | AR31: 477.58813 | AS31: 478.39702 | AT31: 478.91188 | AU31: 479.30501 | AV31: 479.63071
B33: Other overhead | D33: 1086.162 | E33: 1077.553 | F33: 1084.722 | G33: 1127.033 | H33: 1106.629 | I33: 1115.047 | J33: 1142.665 | K33: 1150.649 | L33: 1169.21 | M33: 1164.283 | N33: 1296.726 | O33: 1162.916 | P33: 1156.921 | Q33: 1152.347 | R33: 1160.468 | S33: 1297.556 | T33: 1245.942 | U33: 1305.479 | V33: 1502.217 | W33: 1478.628 | X33: 1593.617 | Y33: 1631.191 | Z33: 2343.193 | AA33: 2611.772 | AB33: 2851.036 | AC33: 2800.988 | AD33: 2862.519 | AE33: 2487.966 | AF33: 2242.137 | AG33: 2147.442 | AH33: 2129.914 | AI33: 2222.649 | AJ33: 2311.214 | AK33: 2520.242 | AL33: 2231.169 | AM33: 2199.423 | AN33: 2170.9215 | AO33: 2147.5698 | AP33: 2149.4523 | AQ33: 2151.0785 | AR33: 2156.6632 | AS33: 2163.4553 | AT33: 2169.2523 | AU33: 2174.7849 | AV33: 2179.8286
B34: Net rent to landlords | D34: 447.108 | E34: 452.201 | F34: 435.401 | G34: 512.303 | H34: 482.656 | I34: 473.501 | J34: 502.074 | K34: 489.155 | L34: 515.2 | M34: 521.323 | N34: 654.181 | O34: 514.586 | P34: 504.538 | Q34: 461.702 | R34: 433.48 | S34: 523.195 | T34: 430.002 | U34: 453.579 | V34: 758.463 | W34: 733.249 | X34: 848.965 | Y34: 835.92 | Z34: 874.85 | AA34: 1019.759 | AB34: 983.175 | AC34: 1128.672 | AD34: 1141.055 | AE34: 989.952 | AF34: 945.953 | AG34: 938.393 | AH34: 883.861 | AI34: 1081.691 | AJ34: 789.9 | AK34: 990.435 | AL34: 830.619 | AM34: 847.95012 | AN34: 844.23057 | AO34: 842.79034 | AP34: 845.1566 | AQ34: 847.784 | AR34: 850.37313 | AS34: 852.72461 | AT34: 854.50988 | AU34: 855.82395 | AV34: 856.76929
B35: Net rent to operator landlords | D35: 0 | E35: 0 | F35: 0 | G35: 0 | H35: 0 | I35: 0 | J35: 0 | K35: 0 | L35: 0 | M35: 0 | N35: 0 | O35: 0 | P35: 0 | Q35: 0 | R35: 0 | S35: 0 | T35: 0 | U35: 0 | V35: 176.406 | W35: 170.542 | X35: 197.455 | Y35: 194.421 | Z35: 203.476 | AA35: 237.18 | AB35: 364.49 | AC35: 418.43 | AD35: 423.021 | AE35: 367.003 | AF35: 350.691 | AG35: 347.888 | AH35: 327.672 | AI35: 401.013 | AJ35: 292.838 | AK35: 367.182 | AL35: 307.934 | AM35: 315.16986 | AN35: 314.46832 | AO35: 314.48822 | AP35: 315.79445 | AQ35: 317.09112 | AR35: 318.28845 | AS35: 319.33101 | AT35: 320.11384 | AU35: 320.68606 | AV35: 321.096
B36: Net rent to non-operator landlords | D36: 402.474 | E36: 400.883 | F36: 378.241 | G36: 437.986 | H36: 405.728 | I36: 390.805 | J36: 406.497 | K36: 389.023 | L36: 408.135 | M36: 384.17 | N36: 504.105 | O36: 417.532 | P36: 385.748 | Q36: 337.579 | R36: 339.142 | S36: 397.312 | T36: 320.183 | U36: 336.828 | V36: 582.057 | W36: 562.707 | X36: 651.509 | Y36: 641.499 | Z36: 671.374 | AA36: 782.58 | AB36: 618.685 | AC36: 710.242 | AD36: 718.034 | AE36: 622.949 | AF36: 595.262 | AG36: 590.505 | AH36: 556.189 | AI36: 680.678 | AJ36: 497.062 | AK36: 623.253 | AL36: 522.686 | AM36: 532.78026 | AN36: 529.76226 | AO36: 528.30212 | AP36: 529.36215 | AQ36: 530.69288 | AR36: 532.08468 | AS36: 533.3936 | AT36: 534.39604 | AU36: 535.13789 | AV36: 535.67329
B37: Property taxes and fees | D37: 148.372 | E37: 145.679 | F37: 175.883 | G37: 156.9 | H37: 164.122 | I37: 171.407 | J37: 173.625 | K37: 181.04 | L37: 177.764 | M37: 173.576 | N37: 175.894 | O37: 177.25 | P37: 177.195 | Q37: 209.464 | R37: 214.361 | S37: 229.133 | T37: 250.405 | U37: 270.947 | V37: 296.115 | W37: 294.737 | X37: 313.548 | Y37: 332.633 | Z37: 367.596 | AA37: 412.489 | AB37: 343.874 | AC37: 286.314 | AD37: 275.861 | AE37: 312.876 | AF37: 266.394 | AG37: 263.715 | AH37: 265.342 | AI37: 277.423 | AJ37: 337.501 | AK37: 366.013 | AL37: 430.053 | AM37: 453.94384 | AN37: 459.56567 | AO37: 460.53585 | AP37: 461.05881 | AQ37: 462.39476 | AR37: 466.40364 | AS37: 470.30949 | AT37: 473.28523 | AU37: 476.71988 | AV37: 480.33604
... B47: Cash expenses | D47: 2261.25 | E47: 2257.395 | F47: 2263.204 | G47: 2374.431 | H47: 2459.77 | I47: 2569.591 | J47: 2705.641 | K47: 2763.59 | L47: 2835.435 | M47: 2761.299 | N47: 3089.193 | O47: 3088.633 | P47: 3005.5 | Q47: 2931.853 | R47: 3305.423 | S47: 3584.732 | T47: 3759.596 | U47: 4895.864 | V47: 6146.387 | W47: 5405.569 | X47: 5499.88 | Y47: 6083.262 | Z47: 7714.839 | AA47: 8140.268 | AB47: 8280.253 | AC47: 7903.523 | AD47: 7670.81 | AE47: 7166.209 | AF47: 7119.105 | AG47: 6834.135 | AH47: 6988.636 | AI47: 7575.228 | AJ47: 8800.805 | AK47: 9627.99 | AL47: 9801.949 | AM47: 10243.351 | AN47: 10128.78 | AO47: 10255.705 | AP47: 10374.843 | AQ47: 10424.853 | AR47: 10458.049 | AS47: 10505.019 | AT47: 10582.174 | AU47: 10681.892 | AV47: 10790.716

Sheet FarmIncome
A1: TOC
B2: =+TOC!A90&" Farm Income Statistics" -> North Dakota Farm Income Statistics | D2: 1990 | E2: 1991 | F2: 1992 | G2: 1993 | H2: 1994 | I2: 1995 | J2: 1996 | K2: 1997 | L2: 1998 | M2: 1999 | N2: 2000 | O2: 2001 | P2: 2002 | Q2: 2003 | R2: 2004 | S2: 2005 | T2: 2006 | U2: 2007 | V2: 2008 | W2: 2009 | X2: 2010 | Y2: 2011 | Z2: 2012 | AA2: 2013 | AB2: 2014 | AC2: 2015 | AD2: 2016 | AE2: 2017 | AF2: 2018 | AG2: 2019 | AH2: 2020 | AI2: 2021 | AJ2: 2022 | AK2: 2023 | AL2: 2024 | AM2: 2025 | AN2: 2026 | AO2: 2027 | AP2: 2028 | AQ2: 2029 | AR2: 2030 | AS2: 2031 | AT2: 2032 | AU2: 2033 | AV2: 2034
B4: million dollars
B5: Farm receipts | D5: 2521.831 | E5: 2617.14 | F5: 3013.983 | G5: 3103.922 | H5: 3165.517 | I5: 3291.452 | J5: 3654.764 | K5: 3525.021 | L5: 3184.544 | M5: 3006.096 | N5: 3066.869 | O5: 3259.01 | P5: 3626.523 | Q5: 4140.148 | R5: 4215.042 | S5: 4160.773 | T5: 4524.535 | U5: 6342.29 | V5: 7847.618 | W5: 7428.474 | X5: 7517.497 | Y5: 9374.823 | Z5: 10077.274 | AA5: 10422.637 | AB5: 10216.193 | AC5: 8313.397 | AD5: 9038.905 | AE5: 9221.941 | AF5: 8769.966 | AG5: 9064.485 | AH5: 9357.532 | AI5: 11263.84 | AJ5: 13541.239 | AK5: 13496.803 | AL5: 12658.047 | AM5: 12459.818 | AN5: 12769.458 | AO5: 12948.085 | AP5: 13100.772 | AQ5: 13105.425 | AR5: 13141.974 | AS5: 13226.489 | AT5: 13366.886 | AU5: 13462.764 | AV5: 13488.58
B6: Crops | D6: 1732.712 | E6: 1879.842 | F6: 2239.635 | G6: 2349.334 | H6: 2395.061 | I6: 2536.297 | J6: 2898.185 | K6: 2722.804 | L6: 2349.233 | M6: 2061.138 | N6: 2109.355 | O6: 2193.074 | P6: 2540.455 | Q6: 2983.579 | R6: 2943.642 | S6: 2899.731 | T6: 3222.982 | U6: 4878.026 | V6: 6000.9 | W6: 5829.346 | X6: 5829.361 | Y6: 6266.853 | Z6: 8084.494 | AA6: 7570.982 | AB6: 7024.438 | AC6: 5790.581 | AD6: 7035.167 | AE6: 6598.928 | AF6: 6440.163 | AG6: 6309.75 | AH6: 6259.594 | AI6: 7693.782 | AJ6: 9782.253 | AK6: 10097.231 | AL6: 9428.393 | AM6: 9006.3113 | AN6: 9113.9819 | AO6: 9250.3125 | AP6: 9486.7558 | AQ6: 9556.0935 | AR6: 9587.4754 | AS6: 9656.9811 | AT6: 9772.7772 | AU6: 9905.7255 | AV6: 10001.969
B7: Livestock | D7: 643.803 | E7: 625.847 | F7: 650.006 | G7: 597.951 | H7: 619.887 | I7: 573.111 | J7: 543.559 | K7: 598.242 | L7: 588.129 | M7: 672.102 | N7: 661.254 | O7: 787.906 | P7: 797.52 | Q7: 859.369 | R7: 927.73 | S7: 983.25 | T7: 888.756 | U7: 972.276 | V7: 908.694 | W7: 796.457 | X7: 958.637 | Y7: 1126.403 | Z7: 1104.459 | AA7: 1279.93 | AB7: 1660.73 | AC7: 1312.605 | AD7: 1093.732 | AE7: 1242.668 | AF7: 1268.476 | AG7: 1189.06 | AH7: 1116.142 | AI7: 1384.819 | AJ7: 1563.449 | AK7: 1733.73 | AL7: 1691.91 | AM7: 2280.7956 | AN7: 2295.7862 | AO7: 2291.1721 | AP7: 2180.0231 | AQ7: 2130.1917 | AR7: 2122.5973 | AS7: 2109.0164 | AT7: 2098.7272 | AU7: 2038.2135 | AV7: 1963.9823
B8: Farm-related | D8: 145.316 | E8: 111.451 | F8: 124.342 | G8: 156.637 | H8: 150.569 | I8: 182.044 | J8: 213.02 | K8: 203.975 | L8: 247.182 | M8: 272.856 | N8: 296.26 | O8: 278.03 | P8: 288.548 | Q8: 297.2 | R8: 343.67 | S8: 277.792 | T8: 412.797 | U8: 491.988 | V8: 938.024 | W8: 802.671 | X8: 729.5 | Y8: 1981.567 | Z8: 888.321 | AA8: 1571.724 | AB8: 1531.025 | AC8: 1210.211 | AD8: 910.006 | AE8: 1380.345 | AF8: 1061.326 | AG8: 1565.675 | AH8: 1981.795 | AI8: 2185.239 | AJ8: 2195.537 | AK8: 1665.843 | AL8: 1537.744 | AM8: 1172.7112 | AN8: 1359.69 | AO8: 1406.6002 | AP8: 1433.9932 | AQ8: 1419.1396 | AR8: 1431.9013 | AS8: 1460.4916 | AT8: 1495.3817 | AU8: 1518.8255 | AV8: 1522.6285
B10: Direct government payments | D10: 545.378 | E10: 533.853 | F10: 443.156 | G10: 564.531 | H10: 457.317 | I10: 296.215 | J10: 353.417 | K10: 361.478 | L10: 608.766 | M10: 975.583 | N10: 1178.036 | O10: 944.71 | P10: 383.528 | Q10: 652.152 | R10: 466.955 | S10: 832.506 | T10: 453.14 | U10: 392.683 | V10: 510.546 | W10: 441.789 | X10: 844.788 | Y10: 460.805 | Z10: 409.094 | AA10: 600.757 | AB10: 217.242 | AC10: 363.039 | AD10: 622.047 | AE10: 588.382 | AF10: 738.975 | AG10: 1056.132 | AH10: 1760.313 | AI10: 1450.228 | AJ10: 1458.55 | AK10: 313.078 | AL10: 293.984 | AM10: 1718.2763 | AN10: 1011.5185 | AO10: 949.42642 | AP10: 839.77737 | AQ10: 779.25961 | AR10: 771.79189 | AS10: 780.89874 | AT10: 799.32842 | AU10: 814.18491 | AV10: 827.89326
B12: Gross cash income | D12: 3067.209 | E12: 3150.993 | F12: 3457.139 | G12: 3668.453 | H12: 3622.834 | I12: 3587.667 | J12: 4008.181 | K12: 3886.499 | L12: 3793.31 | M12: 3981.679 | N12: 4244.905 | O12: 4203.72 | P12: 4010.051 | Q12: 4792.3 | R12: 4681.997 | S12: 4993.279 | T12: 4977.675 | U12: 6734.973 | V12: 8358.164 | W12: 7870.263 | X12: 8362.285 | Y12: 9835.628 | Z12: 10486.367 | AA12: 11023.393 | AB12: 10433.434 | AC12: 8676.436 | AD12: 9660.951 | AE12: 9810.323 | AF12: 9508.941 | AG12: 10120.617 | AH12: 11117.845 | AI12: 12714.069 | AJ12: 14999.789 | AK12: 13809.88 | AL12: 12952.031 | AM12: 14178.095 | AN12: 13780.977 | AO12: 13897.511 | AP12: 13940.549 | AQ12: 13884.684 | AR12: 13913.766 | AS12: 14007.388 | AT12: 14166.214 | AU12: 14276.949 | AV12: 14316.473
B14: Nonmoney income | V14: 230.299 | W14: 210.409 | X14: 258.959 | Y14: 284.384 | Z14: 328.753 | AA14: 328.118 | AB14: 216.994 | AC14: 309.331 | AD14: 372.625 | AE14: 249.235 | AF14: 351.59 | AG14: 321.414 | AH14: 332.407 | AI14: 348.523 | AJ14: 408.45 | AK14: 439.34 | AL14: 421.58 | AM14: 481.85933 | AN14: 531.58763 | AO14: 524.67078 | AP14: 517.56825 | AQ14: 524.56506 | AR14: 527.22091 | AS14: 530.76622 | AT14: 534.67845 | AU14: 537.31307 | AV14: 539.49349
B16: Value of inventory change | D16: 291.355 | E16: 30.414 | F16: 287.757 | G16: -229.864 | H16: 231.214 | I16: -129.836 | J16: 382.327 | K16: -421.445 | L16: 392.397 | M16: -128.486 | N16: 223.164 | O16: -3.654 | P16: -167.026 | Q16: 43.942 | R16: -78.6 | S16: 183.48 | T16: -110.57 | U16: 156.733 | V16: 647.756 | W16: -429.003 | X16: -220.354 | Y16: -1160.938 | Z16: 1615.054 | AA16: -44.316 | AB16: -466.641 | AC16: 553.117 | AD16: 54.39 | AE16: -441.28 | AF16: 192.013 | AG16: -932.567 | AH16: -428.851 | AI16: -604.376 | AJ16: 878.048 | AK16: 793.248 | AL16: -75.163 | AM16: 29.45185 | AN16: -314.25746 | AO16: 52.584579 | AP16: 84.105955 | AQ16: 88.579593 | AR16: 86.54102 | AS16: 70.529889 | AT16: 43.138278 | AU16: 45.441035 | AV16: 45.652934
B18: Gross farm income | D18: 3442.015 | E18: 3262.209 | F18: 3822.845 | G18: 3525.498 | H18: 3951.901 | I18: 3559.709 | J18: 4497.184 | K18: 3566.532 | L18: 4287.973 | M18: 3956.385 | N18: 4581.509 | O18: 4314.826 | P18: 3954.435 | Q18: 4949.074 | R18: 4731.234 | S18: 5314.545 | T18: 5024.229 | U18: 7070.723 | V18: 9236.219 | W18: 7651.668 | X18: 8400.891 | Y18: 8959.074 | Z18: 12430.174 | AA18: 11307.195 | AB18: 10183.787 | AC18: 9538.884 | AD18: 10087.967 | AE18: 9618.278 | AF18: 10052.545 | AG18: 9509.464 | AH18: 11021.401 | AI18: 12458.216 | AJ18: 16286.288 | AK18: 15042.468 | AL18: 13298.448 | AM18: 14689.406 | AN18: 13998.307 | AO18: 14474.767 | AP18: 14542.224 | AQ18: 14497.829 | AR18: 14527.528 | AS18: 14608.684 | AT18: 14744.031 | AU18: 14859.703 | AV18: 14901.62
B20: Cash expenses | D20: 2261.25 | E20: 2257.395 | F20: 2263.204 | G20: 2374.431 | H20: 2459.77 | I20: 2569.591 | J20: 2705.641 | K20: 2763.59 | L20: 2835.435 | M20: 2761.299 | N20: 3089.193 | O20: 3088.633 | P20: 3005.5 | Q20: 2931.853 | R20: 3305.423 | S20: 3584.732 | T20: 3759.596 | U20: 4895.864 | V20: 6146.387 | W20: 5405.569 | X20: 5499.88 | Y20: 6083.262 | Z20: 7714.839 | AA20: 8140.268 | AB20: 8280.253 | AC20: 7903.523 | AD20: 7670.81 | AE20: 7166.209 | AF20: 7119.105 | AG20: 6834.135 | AH20: 6988.636 | AI20: 7575.228 | AJ20: 8800.805 | AK20: 9627.99 | AL20: 9801.949 | AM20: 10243.351 | AN20: 10128.78 | AO20: 10255.705 | AP20: 10374.843 | AQ20: 10424.853 | AR20: 10458.049 | AS20: 10505.019 | AT20: 10582.174 | AU20: 10681.892 | AV20: 10790.716
B22: Total expenses | D22: 2735.143 | E22: 2722.638 | F22: 2716.62 | G22: 2810.209 | H22: 2903.158 | I22: 3022.101 | J22: 3166.012 | K22: 3236.959 | L22: 3301.451 | M22: 3201.847 | N22: 3538.248 | O22: 3541.049 | P22: 3465.191 | Q22: 3398.082 | R22: 3812.851 | S22: 4121.028 | T22: 4317.725 | U22: 5466.888 | V22: 6718.756 | W22: 5951.989 | X22: 6016.799 | Y22: 6662.031 | Z22: 8920.35 | AA22: 9386.992 | AB22: 9867.347 | AC22: 9364.629 | AD22: 9199.381 | AE22: 8436.106 | AF22: 8222.134 | AG22: 7902.967 | AH22: 8025.901 | AI22: 8530.99 | AJ22: 10066.869 | AK22: 10881.208 | AL22: 10850.912 | AM22: 11224.596 | AN22: 11084.643 | AO22: 11193.257 | AP22: 11314.16 | AQ22: 11364.543 | AR22: 11399.408 | AS22: 11449.703 | AT22: 11530.88 | AU22: 11634.572 | AV22: 11747.206
B24: Net cash income | D24: 805.959 | E24: 893.598 | F24: 1193.935 | G24: 1294.022 | H24: 1163.064 | I24: 1018.076 | J24: 1302.54 | K24: 1122.909 | L24: 957.875 | M24: 1220.38 | N24: 1155.712 | O24: 1115.087 | P24: 1004.551 | Q24: 1860.447 | R24: 1376.574 | S24: 1408.547 | T24: 1218.079 | U24: 1839.109 | V24: 2211.776 | W24: 2464.694 | X24: 2862.405 | Y24: 3752.367 | Z24: 2771.528 | AA24: 2883.125 | AB24: 2153.181 | AC24: 772.914 | AD24: 1990.142 | AE24: 2644.114 | AF24: 2389.835 | AG24: 3286.482 | AH24: 4129.209 | AI24: 5138.841 | AJ24: 6198.984 | AK24: 4181.891 | AL24: 3150.082 | AM24: 3934.7433 | AN24: 3652.197 | AO24: 3641.8064 | AP24: 3565.706 | AQ24: 3459.8311 | AR24: 3455.7164 | AS24: 3502.3691 | AT24: 3584.0401 | AU24: 3595.0573 | AV24: 3525.757
B26: Realized net farm income | V26: 1869.707 | W26: 2128.683 | X26: 2604.445 | Y26: 3457.981 | Z26: 1894.77 | AA26: 1964.519 | AB26: 783.081 | AC26: -378.862 | AD26: 834.195 | AE26: 1623.452 | AF26: 1638.397 | AG26: 2539.064 | AH26: 3424.351 | AI26: 4531.602 | AJ26: 5341.37 | AK26: 3368.012 | AL26: 2522.699 | AM26: 3435.3581 | AN26: 3227.9208 | AO26: 3228.9246 | AP26: 3143.9579 | AQ26: 3044.7064 | AR26: 3041.5784 | AS26: 3088.4507 | AT26: 3170.0133 | AU26: 3179.6906 | AV26: 3108.761
B28: Net farm income | D28: 706.872 | E28: 539.571 | F28: 1106.225 | G28: 715.289 | H28: 1048.743 | I28: 537.608 | J28: 1331.172 | K28: 329.573 | L28: 986.522 | M28: 754.538 | N28: 1043.261 | O28: 773.777 | P28: 489.244 | Q28: 1550.992 | R28: 918.383 | S28: 1193.517 | T28: 706.504 | U28: 1603.835 | V28: 2517.463 | W28: 1699.678 | X28: 2384.092 | Y28: 2297.043 | Z28: 3509.824 | AA28: 1920.203 | AB28: 316.44 | AC28: 174.254 | AD28: 888.585 | AE28: 1182.172 | AF28: 1830.411 | AG28: 1606.497 | AH28: 2995.499 | AI28: 3927.227 | AJ28: 6219.419 | AK28: 4161.26 | AL28: 2447.535 | AM28: 3464.81 | AN28: 2913.6633 | AO28: 3281.5092 | AP28: 3228.0638 | AQ28: 3133.286 | AR28: 3128.1194 | AS28: 3158.9806 | AT28: 3213.1516 | AU28: 3225.1316 | AV28: 3154.414

Sheet ValueAdded
A1: TOC
B2: =+"Value Added to the US Economy by the "&TOC!A90&" Ag Sector" -> Value Added to the US Economy by the North Dakota Ag Sector | D2: 1990 | E2: 1991 | F2: 1992 | G2: 1993 | H2: 1994 | I2: 1995 | J2: 1996 | K2: 1997 | L2: 1998 | M2: 1999 | N2: 2000 | O2: 2001 | P2: 2002 | Q2: 2003 | R2: 2004 | S2: 2005 | T2: 2006 | U2: 2007 | V2: 2008 | W2: 2009 | X2: 2010 | Y2: 2011 | Z2: 2012 | AA2: 2013 | AB2: 2014 | AC2: 2015 | AD2: 2016 | AE2: 2017 | AF2: 2018 | AG2: 2019 | AH2: 2020 | AI2: 2021 | AJ2: 2022 | AK2: 2023 | AL2: 2024 | AM2: 2025 | AN2: 2026 | AO2: 2027 | AP2: 2028 | AQ2: 2029 | AR2: 2030 | AS2: 2031 | AT2: 2032 | AU2: 2033 | AV2: 2034
B4: million dollars
B5: Value of crop production | D5: 1990.618 | E5: 1872.514 | F5: 2531.228 | G5: 2011.152 | H5: 2623.144 | I5: 2407.363 | J5: 3301.141 | K5: 2357.779 | L5: 2676.842 | M5: 1965.967 | N5: 2254.953 | O5: 2203.03 | P5: 2455.552 | Q5: 3145.538 | R5: 2904.759 | S5: 3073.919 | T5: 2963.312 | U5: 5078.216 | V5: 6704.581 | W5: 5440.897 | X5: 5635.765 | Y5: 5120.36 | Z5: 9558.052 | AA5: 7589.86 | AB5: 6761.803 | AC5: 6214.726 | AD5: 6931.465 | AE5: 6104.988 | AF5: 6676.385 | AG5: 5315.476 | AH5: 5742.292 | AI5: 7225.99 | AJ5: 10844.633 | AK5: 11046.535 | AL5: 9322.786 | AM5: 9229.3546 | AN5: 8845.8277 | AO5: 9322.6165 | AP5: 9557.5768 | AQ5: 9617.0877 | AR5: 9654.0404 | AS5: 9718.1413 | AT5: 9835.8702 | AU5: 9968.56 | AV5: 10065.521
B6: Crop cash receipts | D6: 1732.712 | E6: 1879.842 | F6: 2239.635 | G6: 2349.334 | H6: 2395.061 | I6: 2536.297 | J6: 2898.185 | K6: 2722.804 | L6: 2349.233 | M6: 2061.138 | N6: 2109.355 | O6: 2193.074 | P6: 2540.455 | Q6: 2983.579 | R6: 2943.642 | S6: 2899.731 | T6: 3222.982 | U6: 4878.026 | V6: 6000.9 | W6: 5829.346 | X6: 5829.361 | Y6: 6266.853 | Z6: 8084.494 | AA6: 7570.982 | AB6: 7024.438 | AC6: 5790.581 | AD6: 7035.167 | AE6: 6598.928 | AF6: 6440.163 | AG6: 6309.75 | AH6: 6259.594 | AI6: 7693.782 | AJ6: 9782.253 | AK6: 10097.231 | AL6: 9428.393 | AM6: 9006.3113 | AN6: 9113.9819 | AO6: 9250.3125 | AP6: 9486.7558 | AQ6: 9556.0935 | AR6: 9587.4754 | AS6: 9656.9811 | AT6: 9772.7772 | AU6: 9905.7255 | AV6: 10001.969
B7: Feed crops | D7: 342.208 | E7: 336.775 | F7: 380.004 | G7: 315.356 | H7: 358.552 | I7: 391.257 | J7: 498.249 | K7: 441.97 | L7: 350.742 | M7: 314.027 | N7: 327.776 | O7: 344.16 | P7: 389.654 | Q7: 517.385 | R7: 568.617 | S7: 415.558 | T7: 488.678 | U7: 840.832 | V7: 1416.676 | W7: 1255.503 | X7: 997.986 | Y7: 1352.67 | Z7: 2005.453 | AA7: 2218.722 | AB7: 1658.138 | AC7: 1252.728 | AD7: 1483.748 | AE7: 1495.963 | AF7: 1552.578 | AG7: 1520.942 | AH7: 1325.373 | AI7: 1725.784 | AJ7: 2485.373 | AK7: 2311.265 | AL7: 2464.062 | AM7: 2320.7028 | AN7: 2404.3971 | AO7: 2410.1237 | AP7: 2514.7227 | AQ7: 2524.546 | AR7: 2528.5568 | AS7: 2543.3981 | AT7: 2575.0093 | AU7: 2616.6383 | AV7: 2645.0234
B8: Food crops | D8: 791.509 | E8: 921.529 | F8: 1181.819 | G8: 1464.87 | H8: 1263.511 | I8: 1400.048 | J8: 1509.079 | K8: 1304.877 | L8: 933.104 | M8: 712.705 | N8: 785.417 | O8: 776.056 | P8: 857.283 | Q8: 930.338 | R8: 1010.771 | S8: 1052.921 | T8: 1045.56 | U8: 1844.414 | V8: 2043.403 | W8: 1948.236 | X8: 2018.371 | Y8: 2047.96 | Z8: 2316.78 | AA8: 1737.804 | AB8: 2002.66 | AC8: 1641.374 | AD8: 1579.386 | AE8: 1531.235 | AF8: 1625.225 | AG8: 1608.48 | AH8: 1468.775 | AI8: 1785.815 | AJ8: 2183.291 | AK8: 2477.636 | AL8: 2017.353 | AM8: 1917.5088 | AN8: 1822.526 | AO8: 1845.6158 | AP8: 1846.0859 | AQ8: 1845.4158 | AR8: 1840.8776 | AS8: 1835.7595 | AT8: 1830.7827 | AU8: 1827.9743 | AV8: 1821.9839
B9: Oil crops | D9: 244.21 | E9: 268.048 | F9: 288.735 | G9: 219.896 | H9: 330.239 | I9: 342.741 | J9: 380.721 | K9: 559.822 | L9: 564.204 | M9: 542.039 | N9: 555.931 | O9: 604.8 | P9: 788.182 | Q9: 1001.159 | R9: 819.873 | S9: 843.379 | T9: 1035.765 | U9: 1356.21 | V9: 1651.308 | W9: 1782.21 | X9: 1928.066 | Y9: 2028.012 | Z9: 2790.748 | AA9: 2565.999 | AB9: 2552.353 | AC9: 2012.402 | AD9: 2971.229 | AE9: 2629.743 | AF9: 2403.745 | AG9: 2447.786 | AH9: 2573.638 | AI9: 3142.493 | AJ9: 3941.823 | AK9: 3896.954 | AL9: 3369.232 | AM9: 3251.9346 | AN9: 3356.9431 | AO9: 3480.9124 | AP9: 3581.5058 | AQ9: 3617.7703 | AR9: 3628.151 | AS9: 3664.3146 | AT9: 3725.7227 | AU9: 3791.347 | AV9: 3837.8887
B10: Vegetables and melons | D10: 180.992 | E10: 178.206 | F10: 197.467 | G10: 183.012 | H10: 224.36 | I10: 206.603 | J10: 293.33 | K10: 235.188 | L10: 288.775 | M10: 280.406 | N10: 229.905 | O10: 251.724 | P10: 290.876 | Q10: 278.171 | R10: 338.155 | S10: 349.092 | T10: 330.843 | U10: 558.343 | V10: 605.366 | W10: 567.386 | X10: 565.857 | Y10: 457.088 | Z10: 623.762 | AA10: 656.011 | AB10: 534.025 | AC10: 602.501 | AD10: 702.301 | AE10: 652.397 | AF10: 567.163 | AG10: 508.463 | AH10: 656.783 | AI10: 698.499 | AJ10: 706.924 | AK10: 838.777 | AL10: 961.946 | AM10: 930.54462 | AN10: 949.04804 | AO10: 947.43574 | AP10: 972.94557 | AQ10: 997.26966 | AR10: 1019.175 | AS10: 1042.4691 | AT10: 1067.6564 | AU10: 1092.2896 | AV10: 1116.2795
B11: All other crops | D11: 173.653 | E11: 175.144 | F11: 191.51 | G11: 166.1 | H11: 218.299 | I11: 195.548 | J11: 216.616 | K11: 180.757 | L11: 212.218 | M11: 211.771 | N11: 210.141 | O11: 216.149 | P11: 214.275 | Q11: 256.232 | R11: 205.846 | S11: 238.314 | T11: 321.583 | U11: 277.58 | V11: 284.147 | W11: 276.011 | X11: 319.081 | Y11: 381.123 | Z11: 347.751 | AA11: 392.446 | AB11: 277.262 | AC11: 281.576 | AD11: 298.503 | AE11: 289.59 | AF11: 291.452 | AG11: 224.079 | AH11: 235.025 | AI11: 341.191 | AJ11: 464.842 | AK11: 572.599 | AL11: 615.8 | AM11: 585.62055 | AN11: 581.06764 | AO11: 566.22485 | AP11: 571.49582 | AQ11: 571.09167 | AR11: 570.71496 | AS11: 571.03972 | AT11: 573.60601 | AU11: 577.47634 | AV11: 580.79365
B12: Home consumption | D12: 2.338 | E12: 2.493 | F12: 2.649 | G12: 2.804 | H12: 2.96 | I12: 3.115 | J12: 3.271 | K12: 3.427 | L12: 3.582 | M12: 3.738 | N12: 3.893 | O12: 3.453 | P12: 3.899 | Q12: 2.656 | R12: 2.3 | S12: 0.857 | T12: 1.222 | U12: 0.545 | V12: 1.345 | W12: 1.581 | X12: 1.797 | Y12: 1.083 | Z12: 0.703 | AA12: 0.963 | AB12: 0.863 | AC12: 2.746 | AD12: 4.73 | AE12: 3.636 | AF12: 3.803 | AG12: 5.275 | AH12: 4.893 | AI12: 12.762 | AJ12: 13.822 | AK12: 19.437 | AL12: 11.601 | AM12: 10.847249 | AN12: 10.763466 | AO12: 10.7215 | AP12: 10.778362 | AQ12: 10.667635 | AR12: 10.544058 | AS12: 10.478322 | AT12: 10.465097 | AU12: 10.467895 | AV12: 10.437604
B13: Inventory adjustment | D13: 255.569 | E13: -9.821 | F13: 288.944 | G13: -340.986 | H13: 225.123 | I13: -132.05 | J13: 399.685 | K13: -368.451 | L13: 324.027 | M13: -98.909 | N13: 141.705 | O13: 6.504 | P13: -88.802 | Q13: 159.303 | R13: -41.183 | S13: 173.331 | T13: -260.892 | U13: 199.645 | V13: 702.337 | W13: -390.03 | X13: -195.393 | Y13: -1147.576 | Z13: 1472.855 | AA13: 17.915 | AB13: -263.498 | AC13: 421.399 | AD13: -108.432 | AE13: -497.576 | AF13: 232.418 | AG13: -999.549 | AH13: -522.195 | AI13: -480.554 | AJ13: 1048.557 | AK13: 929.867 | AL13: -117.207 | AM13: 212.19602 | AN13: -278.91766 | AO13: 61.582534 | AP13: 60.042599 | AQ13: 50.326552 | AR13: 56.020917 | AS13: 50.681906 | AT13: 52.627888 | AU13: 52.366576 | AV13: 53.114523
B15: Value of animals and product production | D15: 686.724 | E15: 672.642 | F15: 654.803 | G15: 714.481 | H15: 630.81 | I15: 579.582 | J15: 529.882 | K15: 548.353 | L15: 659.029 | M15: 644.479 | N15: 744.091 | O15: 779.045 | P15: 720.732 | Q15: 746.461 | R15: 894.55 | S15: 998.553 | T15: 1044.81 | U15: 934.128 | V15: 857.181 | W15: 760.047 | X15: 936.74 | Y15: 1116.071 | Z15: 1249.525 | AA15: 1220.106 | AB15: 1460.926 | AC15: 1447.212 | AD15: 1260.399 | AE15: 1303.164 | AF15: 1231.652 | AG15: 1258.707 | AH15: 1211.652 | AI15: 1263.994 | AJ15: 1395.612 | AK15: 1601.178 | AL15: 1737.687 | AM15: 2102.8175 | AN15: 2265.0246 | AO15: 2286.5696 | AP15: 2208.1724 | AQ15: 2172.3791 | AR15: 2156.9939 | AS15: 2132.6859 | AT15: 2093.0201 | AU15: 2034.967 | AV15: 1960.097
B16: Animals and products cash receipts | D16: 643.803 | E16: 625.847 | F16: 650.006 | G16: 597.951 | H16: 619.887 | I16: 573.111 | J16: 543.559 | K16: 598.242 | L16: 588.129 | M16: 672.102 | N16: 661.254 | O16: 787.906 | P16: 797.52 | Q16: 859.369 | R16: 927.73 | S16: 983.25 | T16: 888.756 | U16: 972.276 | V16: 908.694 | W16: 796.457 | X16: 958.637 | Y16: 1126.403 | Z16: 1104.459 | AA16: 1279.93 | AB16: 1660.73 | AC16: 1312.605 | AD16: 1093.732 | AE16: 1242.668 | AF16: 1268.476 | AG16: 1189.06 | AH16: 1116.142 | AI16: 1384.819 | AJ16: 1563.449 | AK16: 1733.73 | AL16: 1691.91 | AM16: 2280.7956 | AN16: 2295.7862 | AO16: 2291.1721 | AP16: 2180.0231 | AQ16: 2130.1917 | AR16: 2122.5973 | AS16: 2109.0164 | AT16: 2098.7272 | AU16: 2038.2135 | AV16: 1963.9823
B17: Dairy products and milk | D17: 130.625 | E17: 114.695 | F17: 118.08 | G17: 107.4 | H17: 102.48 | I17: 96.524 | J17: 107.545 | K17: 86.304 | L17: 98.67 | M17: 89.232 | N17: 76.275 | O17: 89.744 | P17: 68.676 | Q17: 59.658 | R17: 74.002 | S17: 68.55 | T17: 57.375 | U17: 80.105 | V17: 75.295 | W17: 49.01 | X17: 59.466 | Y17: 67.2 | Z17: 64.26 | AA17: 66.466 | AB17: 75.048 | AC17: 55.917 | AD17: 54.918 | AE17: 59.84 | AF17: 53.622 | AG17: 62.595 | AH17: 64.277 | AI17: 63.69 | AJ17: 80.384 | AK17: 51.604 | AL17: 51.968 | AM17: 59.991583 | AN17: 62.260354 | AO17: 61.311465 | AP17: 61.284765 | AQ17: 63.152086 | AR17: 65.735479 | AS17: 67.985974 | AT17: 70.422409 | AU17: 72.97722 | AV17: 75.455665
... B66: Net farm income | D66: 706.872 | E66: 539.571 | F66: 1106.225 | G66: 715.289 | H66: 1048.743 | I66: 537.608 | J66: 1331.172 | K66: 329.573 | L66: 986.522 | M66: 754.538 | N66: 1043.261 | O66: 773.777 | P66: 489.244 | Q66: 1550.992 | R66: 918.383 | S66: 1193.517 | T66: 706.504 | U66: 1603.835 | V66: 2517.463 | W66: 1699.678 | X66: 2384.092 | Y66: 2297.043 | Z66: 3509.824 | AA66: 1920.203 | AB66: 316.44 | AC66: 174.254 | AD66: 888.585 | AE66: 1182.172 | AF66: 1830.411 | AG66: 1606.497 | AH66: 2995.499 | AI66: 3927.227 | AJ66: 6219.419 | AK66: 4161.26 | AL66: 2447.535 | AM66: 3464.81 | AN66: 2913.6633 | AO66: 3281.5092 | AP66: 3228.0638 | AQ66: 3133.286 | AR66: 3128.1194 | AS66: 3158.9806 | AT66: 3213.1516 | AU66: 3225.1316 | AV66: 3154.414
